Workbook
Name AA_calculation: #REF!
Name Amortization_Period: #REF!
Name Andrew: #REF!
Name B_Incent_Percent: #REF!
Name BA_calculations: #REF!
Name Beg_Bal: #REF!
Name CostA_2014: #REF!
Name CostA_2015: #REF!
Name CostA_2016: #REF!
Name CostA_2017: #REF!
Name CostA_2018: #REF!
Name CostA_2019: #REF!
Name CostA_2020: #REF!
Name Cum_Int: #REF!
Name Data: #REF!
Name DataNums: #REF!
Name DBA_DPCR_Calc: #REF!
Name DBA_RLS_Calc: #REF!
Name DescQtr: #REF!
Name Discount_Rate: #REF!
Name Dual_Life_Split: #REF!
Name Effective_Interest_Rate: #REF!
Name End_Bal: #REF!
Name Extra_Pay: #REF!
Name FAMvsDSM: #REF!
Name Fuel_Cost_bfr_Interest: #REF!
Name Full_Print: #REF!
Name Header_Row: ROW(#REF!)
Name Int: #REF!
Name Interest_Rate: #REF!
Name Last_Row: IF(Values_Entered,Header_Row+Number_of_Payments,Header_Row)
Name LastQtrIndex: #REF!
Name Loan_Amount: #REF!
Name Loan_Start: #REF!
Name Loan_Years: #REF!
Name Num_Pmt_Per_Year: #REF!
Name Number_of_Payments: MATCH(0.01,End_Bal,-1)+1
Name Pay_Date: #REF!
Name Pay_Num: #REF!
Name Payment_Date: DATE(YEAR([0]!Loan_Start),MONTH([0]!Loan_Start)+Payment_Number,DAY([0]!Loan_Start))
Name Payment_Date: DATE(YEAR([0]!Loan_Start),MONTH([0]!Loan_Start)+Payment_Number,DAY([0]!Loan_Start))
Name Payment_Date: DATE(YEAR([0]!Loan_Start),MONTH([0]!Loan_Start)+Payment_Number,DAY([0]!Loan_Start))
Name Payment_Date: DATE(YEAR([0]!Loan_Start),MONTH([0]!Loan_Start)+Payment_Number,DAY([0]!Loan_Start))
Name Payment_Date: DATE(YEAR(Loan_Start),MONTH(Loan_Start)+Payment_Number,DAY(Loan_Start))
Name Princ: #REF!
Name Print_Area_Reset: OFFSET(Full_Print,0,0,Last_Row)
Name ReEngage: #REF!
Name RePartic: #REF!
Name Scenario_Incent_Percent: #REF!
Name Sched_Pay: #REF!
Name Scheduled_Extra_Payments: #REF!
Name Scheduled_Interest_Rate: #REF!
Name Scheduled_Monthly_Payment: #REF!
Name Table2a: #REF!
Name Table4: #REF!
Name Table5: #REF!
Name Table6: #REF!
Name Table7: #REF!
Name Table8: #REF!
Name Table9: #REF!

Sheet Table 1 (BA)(2027)
A1: COLUMN | B1: A | C1: B | D1: C | E1: D | F1: E | G1: F | H1: G | I1: H | J1: I | K1: J | L1: K | M1: L
A2: Line # | F2: Variance owed by/(to) customers | K2: Sales Forecast 2027 | L2: Charges and Payments
A3: -1 | C3: Table 4: 2027 BA1 -Allocation of 2025 program costs among rate classes | D3: 12 Months Actual collection in DSM rider Jan to Dec 2025 | E3: 12 Months E1 2025 Contract Jan to Dec 2025 | F3: Amount Before Interest (2025 Variance) | G3: Amount Before Interest (2026 Jan-Apr Variance) | H3: Interest | I3: Amount With Interest | J3: Total owed by/(to) customers for 2027 BA1 Rider | K3: GWh | L3: BA1 Riders (cents/kWh) | M3: Direct Monthly Payments
A4: =A3-1 -> -2 | C4: Residential | D4: ='Table 2 (BA)(2027)'!P88 -> 34766943 | E4: ='Table 2 (BA)(2027)'!P63 -> 34769274 | F4: =E4-D4 -> 2331.1176 | G4: =+'Table 3 (BA)(Jan-Apr 2026)'!P36 -> 359588.54 | H4: ='Table 2 (BA)(2027)'!P10 -> 0 | I4: =+F4+G4+H4 -> 361919.66 | J4: =+I4 -> 361919.66 | K4: 5367.9708 | L4: =IFERROR(ROUND(J4/K4/1000000*100,8)," ") -> 0.00674221
A5: =A4-1 -> -3 | C5: Small General | D5: ='Table 2 (BA)(2027)'!P89 -> 3112683.7 | E5: ='Table 2 (BA)(2027)'!P64 -> 2764569.6 | F5: =E5-D5 -> -348114.1 | G5: =+'Table 3 (BA)(Jan-Apr 2026)'!P37 -> -43582.533 | H5: ='Table 2 (BA)(2027)'!P11 -> 0 | I5: =+F5+G5+H5 -> -391696.63 | J5: =+I5 -> -391696.63 | K5: 441.99339 | L5: =IFERROR(ROUND(J5/K5/1000000*100,8)," ") -> -0.08862047
A6: =A5-1 -> -4 | C6: General Demand | D6: ='Table 2 (BA)(2027)'!P90 -> 14800706 | E6: ='Table 2 (BA)(2027)'!P65 -> 14754747 | F6: =E6-D6 -> -45959.534 | G6: =+'Table 3 (BA)(Jan-Apr 2026)'!P38 -> 926051.19 | H6: ='Table 2 (BA)(2027)'!P12 -> 0 | I6: =+F6+G6+H6 -> 880091.65 | J6: =+I6 -> 880091.65 | K6: 2422.07 | L6: =IFERROR(ROUND(J6/K6/1000000*100,8)," ") -> 0.03633634
A7: =A6-1 -> -5 | C7: Large General | D7: ='Table 2 (BA)(2027)'!P91 -> 2711380.8 | E7: ='Table 2 (BA)(2027)'!P66 -> 2784434.1 | F7: =E7-D7 -> 73053.291 | G7: =+'Table 3 (BA)(Jan-Apr 2026)'!P39 -> -396850.91 | H7: ='Table 2 (BA)(2027)'!P13 -> 0 | I7: =+F7+G7+H7 -> -323797.62 | J7: =+I7 -> -323797.62 | K7: 356.91703 | L7: =IFERROR(ROUND(J7/K7/1000000*100,8)," ") -> -0.0907207
A8: =A7-1 -> -6 | C8: Small Industrial | D8: ='Table 2 (BA)(2027)'!P92 -> 1857028.3 | E8: ='Table 2 (BA)(2027)'!P67 -> 1859520.9 | F8: =E8-D8 -> 2492.5778 | G8: =+'Table 3 (BA)(Jan-Apr 2026)'!P40 -> -183312.14 | H8: ='Table 2 (BA)(2027)'!P14 -> 0 | I8: =+F8+G8+H8 -> -180819.56 | J8: =+I8 -> -180819.56 | K8: 265.02803 | L8: =IFERROR(ROUND(J8/K8/1000000*100,8)," ") -> -0.06822658
A9: =A8-1 -> -7 | C9: Medium Industrial | D9: ='Table 2 (BA)(2027)'!P93 -> 1470698.6 | E9: ='Table 2 (BA)(2027)'!P68 -> 1490520.2 | F9: =E9-D9 -> 19821.605 | G9: =+'Table 3 (BA)(Jan-Apr 2026)'!P41 -> 271545.39 | H9: ='Table 2 (BA)(2027)'!P15 -> 0 | I9: =+F9+G9+H9 -> 291367 | J9: =+I9 -> 291367 | K9: 495.33704 | L9: =IFERROR(ROUND(J9/K9/1000000*100,8)," ") -> 0.05882197
A10: =A9-1 -> -8 | C10: Large Industrial | D10: ='Table 2 (BA)(2027)'!P94 -> 2574324.5 | E10: ='Table 2 (BA)(2027)'!P69 -> 2695589 | F10: =E10-D10 -> 121264.55 | G10: =+'Table 3 (BA)(Jan-Apr 2026)'!P42 -> 466567.56 | H10: ='Table 2 (BA)(2027)'!P16 -> 0 | I10: =+F10+G10+H10 -> 587832.11 | J10: =+I10 -> 587832.11 | K10: 631.16437 | L10: =IFERROR(ROUND(J10/K10/1000000*100,8)," ") -> 0.09313455
A11: =A10-1 -> -9 | C11: Unmetered | D11: ='Table 2 (BA)(2027)'!P95 -> 270971.89 | E11: ='Table 2 (BA)(2027)'!P70 -> 271627.12 | F11: =E11-D11 -> 655.22984 | G11: =+'Table 3 (BA)(Jan-Apr 2026)'!P43 -> -77279.981 | H11: ='Table 2 (BA)(2027)'!P17 -> 0 | I11: =+F11+G11+H11 -> -76624.751 | J11: =+I11 -> -76624.751 | K11: 75.434631 | L11: =IFERROR(ROUND(J11/K11/1000000*100,8)," ") -> -0.10157768
A12: =A11-1 -> -10 | C12: BUTU | D12: ='Table 2 (BA)(2027)'!P96 -> 134052.12 | E12: ='Table 2 (BA)(2027)'!P71 -> 134052.12 | F12: =E12-D12 -> 0 | G12: =+'Table 3 (BA)(Jan-Apr 2026)'!P44 -> 0 | H12: ='Table 2 (BA)(2027)'!P18 -> 0 | I12: =+F12+G12+H12 -> 0 | J12: =+I12 -> 0 | K12: 78.570102 | M12: =J12/12 -> 0
A13: =A12-1 -> -11 | C13: Municipal | D13: =SUM(D14:D15) -> 874541.91 | E13: =SUM(E14:E15) -> 875429.95 | F13: =SUM(F14:F15) -> 888.04519 | G13: =SUM(G14:G15) -> -66938.192 | H13: =SUM(H14:H15) -> 0 | I13: =SUM(I14:I15) -> -66050.147 | J13: =SUM(J14:J15) -> -66050.147 | K13: 42.528201 | L13: =SUM(L14:L15) -> -0.15530905 | M13: =SUM(M14:M15) -> 0
A14: =A13-1 -> -12 | C14: Municipal Bundle Service Subtotal | D14: ='Table 2 (BA)(2027)'!P98 -> 278465.91 | E14: ='Table 2 (BA)(2027)'!P73 -> 279353.95 | F14: =E14-D14 -> 888.04519 | G14: =+'Table 3 (BA)(Jan-Apr 2026)'!P46 -> -66938.192 | H14: ='Table 2 (BA)(2027)'!P20 -> 0 | I14: =+F14+G14+H14 -> -66050.147 | J14: =+I14 -> -66050.147 | K14: 42.528201 | L14: =IFERROR(ROUND(J14/K14/1000000*100,8)," ") -> -0.15530905
A15: =A14-1 -> -13 | C15: Municipal Unbundled Service Subtotal | D15: =SUM(D16:D19) -> 596076 | E15: =SUM(E16:E19) -> 596076 | F15: =SUM(F16:F19) -> 0 | G15: =+'Table 3 (BA)(Jan-Apr 2026)'!P47 -> 0 | H15: =SUM(H16:H19) -> 0 | I15: =SUM(I16:I19) -> 0 | J15: =SUM(J16:J19) -> 0 | K15: 147.67314 | L15: =IFERROR(ROUND(J15/K15/1000000*100,8)," ") -> 0 | M15: =SUM(M16:M19) -> 0
A16: =A15-1 -> -14 | C16: Antigonish | D16: ='Table 2 (BA)(2027)'!P100 -> 329424 | E16: ='Table 2 (BA)(2027)'!P75 -> 329424 | F16: =E16-D16 -> 0 | G16: =+'Table 3 (BA)(Jan-Apr 2026)'!P48 -> 0 | H16: ='Table 2 (BA)(2027)'!P22 -> 0 | I16: =+F16+G16+H16 -> 0 | J16: =+I16 -> 0 | K16: 90.158355 | L16: =IFERROR(ROUND(J16/K16/1000000*100,8)," ") -> 0 | M16: =J16/12 -> 0
A17: =A16-1 -> -15 | C17: Berwick | D17: ='Table 2 (BA)(2027)'!P101 -> 169824 | E17: ='Table 2 (BA)(2027)'!P76 -> 169824 | F17: =E17-D17 -> 0 | G17: =+'Table 3 (BA)(Jan-Apr 2026)'!P49 -> 0 | H17: ='Table 2 (BA)(2027)'!P23 -> 0 | I17: =+F17+G17+H17 -> 0 | J17: =+I17 -> 0 | K17: 34.17296 | L17: =IFERROR(ROUND(J17/K17/1000000*100,8)," ") -> 0 | M17: =J17/12 -> 0
A18: =A17-1 -> -16 | C18: Mahone Bay | D18: ='Table 2 (BA)(2027)'!P102 -> 61608 | E18: ='Table 2 (BA)(2027)'!P77 -> 61608 | F18: =E18-D18 -> 0 | G18: =+'Table 3 (BA)(Jan-Apr 2026)'!P50 -> 0 | H18: ='Table 2 (BA)(2027)'!P24 -> 0 | I18: =+F18+G18+H18 -> 0 | J18: =+I18 -> 0 | K18: 13.495507 | L18: =IFERROR(ROUND(J18/K18/1000000*100,8)," ") -> 0 | M18: =J18/12 -> 0
A19: =A18-1 -> -17 | C19: Riverport | D19: ='Table 2 (BA)(2027)'!P103 -> 35220 | E19: ='Table 2 (BA)(2027)'!P78 -> 35220 | F19: =E19-D19 -> 0 | G19: =+'Table 3 (BA)(Jan-Apr 2026)'!P51 -> 0 | H19: ='Table 2 (BA)(2027)'!P25 -> 0 | I19: =+F19+G19+H19 -> 0 | J19: =+I19 -> 0 | K19: 9.8463224 | L19: =IFERROR(ROUND(J19/K19/1000000*100,8)," ") -> 0 | M19: =J19/12 -> 0
A20: =A19-1 -> -18
A21: =A20-1 -> -19 | C21: Gen. Repl. / Load Following. | D21: ='Table 2 (BA)(2027)'!P106 -> 20126.642 | E21: ='Table 2 (BA)(2027)'!P81 -> 16507.388 | F21: =E21-D21 -> -3619.2541 | G21: =+'Table 3 (BA)(Jan-Apr 2026)'!P54 -> -1196.1088 | H21: ='Table 2 (BA)(2027)'!P28 -> 0 | I21: =+F21+G21+H21 -> -4815.3629 | J21: =+I21 -> -4815.3629 | K21: 19.491576 | L21: =IFERROR(ROUND(J21/K21/1000000*100,8)," ") -> -0.02470484
A22: =A21-1 -> -20 | C22: 1P-RTP | D22: ='Table 2 (BA)(2027)'!P107 -> 11606.049 | E22: ='Table 2 (BA)(2027)'!P82 -> 12408.535 | F22: =E22-D22 -> 802.48681 | G22: =+'Table 3 (BA)(Jan-Apr 2026)'!P55 -> -1374.5681 | H22: ='Table 2 (BA)(2027)'!P29 -> 0 | I22: =+F22+G22+H22 -> -572.08133 | J22: =+I22 -> -572.08133 | K22: 11.074486 | L22: =IFERROR(ROUND(J22/K22/1000000*100,8)," ") -> -0.00516576
A23: =A22-1 -> -21 | C23: Shore Power | D23: ='Table 2 (BA)(2027)'!P108 -> 1655.5278 | E23: ='Table 2 (BA)(2027)'!P83 -> 1229.3142 | F23: =E23-D23 -> -426.21353 | G23: =+'Table 3 (BA)(Jan-Apr 2026)'!P56 -> 0 | H23: ='Table 2 (BA)(2027)'!P30 -> 0 | I23: =+F23+G23+H23 -> -426.21353 | J23: =+I23 -> -426.21353 | K23: 1.6406512 | L23: =IFERROR(ROUND(J23/K23/1000000*100,8)," ") -> -0.02597832
A24: =A23-1 -> -22
A25: =A24-1 -> -23 | C25: Total | D25: =SUM(D4:D13,D21:D24) -> 62606719 | E25: =SUM(E4:E13,E21:E24) -> 62429909 | F25: =SUM(F4:F13,F21:F24) -> -176810.19 | G25: =SUM(G4:G13,G21:G24) -> 1253218.2 | H25: =SUM(H4:H13,H21:H24) -> 0 | I25: =SUM(I4:I13,I21:I24) -> 1076408.1 | J25: =SUM(J4:J13,J21:J24) -> 1076408.1 | K25: =SUM(K4:K13,K21:K24) -> 10209.22 | M25: =SUM(M4:M13,M21:M24) -> 0

Sheet Table 2 (BA)(2027)
A1: COLUMN | B1: A | D1: B | E1: C | F1: D | G1: E | H1: F | I1: G | J1: H | K1: I | L1: J | M1: K | N1: L | O1: M | P1: N
A2: Line # | B2: Table 2: 2027 DSM BA1 - Interest Calculations on Volume Variance
A3: -1
A4: =A3-1 -> -2 | B4: Interest Rate through March 31, 2025 | F4: 0 | G4: (NSPI WACC)
A5: =A4-1 -> -3 | B5: Interest Rate changed in April 2025 | F5: 0 | G5: (NSPI WACC)
A6: =A5-1 -> -4 | B6: Interest Rate changed in April 2025 | F6: 0 | G6: (NSPI WACC)
A7: =A6-1 -> -5
A8: =A7-1 -> -6
A9: =A8-1 -> -7 | B9: Monthly Interest on Variance | D9: 45658 | E9: =EDATE(D9,1) -> 45689 | F9: =EDATE(E9,1) -> 45717 | G9: =EDATE(F9,1) -> 45748 | H9: =EDATE(G9,1) -> 45778 | I9: =EDATE(H9,1) -> 45809 | J9: =EDATE(I9,1) -> 45839 | K9: =EDATE(J9,1) -> 45870 | L9: =EDATE(K9,1) -> 45901 | ... O9: =EDATE(N9,1) -> 45992 | P9: Total
A10: =A9-1 -> -8 | B10: Residential | D10: =(SUM($D36:D36))*$F$4/12 -> 0 | E10: =(SUM($D36:E36))*$F$4/12 -> 0 | F10: =(SUM($D36:F36))*$F$4/12 -> 0 | G10: =(SUM($D36:G36))*$F$4/12 -> 0 | H10: =(SUM($D36:H36))*$F$4/12 -> 0 | I10: =(SUM($D36:I36))*$F$5/12 -> 0 | J10: =(SUM(($D36:J36),$D10:$I10))*$F$6/12 -> 0 | K10: =(SUM(($D36:K36),$D10:$I10))*$F$6/12 -> 0 | L10: =(SUM(($D36:L36),$D10:$I10))*$F$6/12 -> 0 | M10: =(SUM(($D36:M36),$D10:$I10))*$F$6/12 -> 0 | N10: =(SUM(($D36:N36),$D10:$I10))*$F$6/12 -> 0 | O10: =(SUM(($D36:O36),$D10:$I10))*$F$6/12 -> 0 | P10: =SUM(D10:O10) -> 0
A11: =A10-1 -> -9 | B11: Small General | D11: =(SUM($D37:D37))*$F$4/12 -> 0 | E11: =(SUM($D37:E37))*$F$4/12 -> 0 | F11: =(SUM($D37:F37))*$F$4/12 -> 0 | G11: =(SUM($D37:G37))*$F$4/12 -> 0 | H11: =(SUM($D37:H37))*$F$4/12 -> 0 | I11: =(SUM($D37:I37))*$F$5/12 -> 0 | J11: =(SUM(($D37:J37),$D11:$I11))*$F$6/12 -> 0 | K11: =(SUM(($D37:K37),$D11:$I11))*$F$6/12 -> 0 | L11: =(SUM(($D37:L37),$D11:$I11))*$F$6/12 -> 0 | M11: =(SUM(($D37:M37),$D11:$I11))*$F$6/12 -> 0 | N11: =(SUM(($D37:N37),$D11:$I11))*$F$6/12 -> 0 | O11: =(SUM(($D37:O37),$D11:$I11))*$F$6/12 -> 0 | P11: =SUM(D11:O11) -> 0
A12: =A11-1 -> -10 | B12: General Demand | D12: =(SUM($D38:D38))*$F$4/12 -> 0 | E12: =(SUM($D38:E38))*$F$4/12 -> 0 | F12: =(SUM($D38:F38))*$F$4/12 -> 0 | G12: =(SUM($D38:G38))*$F$4/12 -> 0 | H12: =(SUM($D38:H38))*$F$4/12 -> 0 | I12: =(SUM($D38:I38))*$F$5/12 -> 0 | J12: =(SUM(($D38:J38),$D12:$I12))*$F$6/12 -> 0 | K12: =(SUM(($D38:K38),$D12:$I12))*$F$6/12 -> 0 | L12: =(SUM(($D38:L38),$D12:$I12))*$F$6/12 -> 0 | M12: =(SUM(($D38:M38),$D12:$I12))*$F$6/12 -> 0 | N12: =(SUM(($D38:N38),$D12:$I12))*$F$6/12 -> 0 | O12: =(SUM(($D38:O38),$D12:$I12))*$F$6/12 -> 0 | P12: =SUM(D12:O12) -> 0
A13: =A12-1 -> -11 | B13: Large General | D13: =(SUM($D39:D39))*$F$4/12 -> 0 | E13: =(SUM($D39:E39))*$F$4/12 -> 0 | F13: =(SUM($D39:F39))*$F$4/12 -> 0 | G13: =(SUM($D39:G39))*$F$4/12 -> 0 | H13: =(SUM($D39:H39))*$F$4/12 -> 0 | I13: =(SUM($D39:I39))*$F$5/12 -> 0 | J13: =(SUM(($D39:J39),$D13:$I13))*$F$6/12 -> 0 | K13: =(SUM(($D39:K39),$D13:$I13))*$F$6/12 -> 0 | L13: =(SUM(($D39:L39),$D13:$I13))*$F$6/12 -> 0 | M13: =(SUM(($D39:M39),$D13:$I13))*$F$6/12 -> 0 | N13: =(SUM(($D39:N39),$D13:$I13))*$F$6/12 -> 0 | O13: =(SUM(($D39:O39),$D13:$I13))*$F$6/12 -> 0 | P13: =SUM(D13:O13) -> 0
A14: =A13-1 -> -12 | B14: Small Industrial | D14: =(SUM($D40:D40))*$F$4/12 -> 0 | E14: =(SUM($D40:E40))*$F$4/12 -> 0 | F14: =(SUM($D40:F40))*$F$4/12 -> 0 | G14: =(SUM($D40:G40))*$F$4/12 -> 0 | H14: =(SUM($D40:H40))*$F$4/12 -> 0 | I14: =(SUM($D40:I40))*$F$5/12 -> 0 | J14: =(SUM(($D40:J40),$D14:$I14))*$F$6/12 -> 0 | K14: =(SUM(($D40:K40),$D14:$I14))*$F$6/12 -> 0 | L14: =(SUM(($D40:L40),$D14:$I14))*$F$6/12 -> 0 | M14: =(SUM(($D40:M40),$D14:$I14))*$F$6/12 -> 0 | N14: =(SUM(($D40:N40),$D14:$I14))*$F$6/12 -> 0 | O14: =(SUM(($D40:O40),$D14:$I14))*$F$6/12 -> 0 | P14: =SUM(D14:O14) -> 0
A15: =A14-1 -> -13 | B15: Medium Industrial | D15: =(SUM($D41:D41))*$F$4/12 -> 0 | E15: =(SUM($D41:E41))*$F$4/12 -> 0 | F15: =(SUM($D41:F41))*$F$4/12 -> 0 | G15: =(SUM($D41:G41))*$F$4/12 -> 0 | H15: =(SUM($D41:H41))*$F$4/12 -> 0 | I15: =(SUM($D41:I41))*$F$5/12 -> 0 | J15: =(SUM(($D41:J41),$D15:$I15))*$F$6/12 -> 0 | K15: =(SUM(($D41:K41),$D15:$I15))*$F$6/12 -> 0 | L15: =(SUM(($D41:L41),$D15:$I15))*$F$6/12 -> 0 | M15: =(SUM(($D41:M41),$D15:$I15))*$F$6/12 -> 0 | N15: =(SUM(($D41:N41),$D15:$I15))*$F$6/12 -> 0 | O15: =(SUM(($D41:O41),$D15:$I15))*$F$6/12 -> 0 | P15: =SUM(D15:O15) -> 0
A16: =A15-1 -> -14 | B16: Large Industrial | D16: =(SUM($D42:D42))*$F$4/12 -> 0 | E16: =(SUM($D42:E42))*$F$4/12 -> 0 | F16: =(SUM($D42:F42))*$F$4/12 -> 0 | G16: =(SUM($D42:G42))*$F$4/12 -> 0 | H16: =(SUM($D42:H42))*$F$4/12 -> 0 | I16: =(SUM($D42:I42))*$F$5/12 -> 0 | J16: =(SUM(($D42:J42),$D16:$I16))*$F$6/12 -> 0 | K16: =(SUM(($D42:K42),$D16:$I16))*$F$6/12 -> 0 | L16: =(SUM(($D42:L42),$D16:$I16))*$F$6/12 -> 0 | M16: =(SUM(($D42:M42),$D16:$I16))*$F$6/12 -> 0 | N16: =(SUM(($D42:N42),$D16:$I16))*$F$6/12 -> 0 | O16: =(SUM(($D42:O42),$D16:$I16))*$F$6/12 -> 0 | P16: =SUM(D16:O16) -> 0
A17: =A16-1 -> -15 | B17: Unmetered | D17: =(SUM($D43:D43))*$F$4/12 -> 0 | E17: =(SUM($D43:E43))*$F$4/12 -> 0 | F17: =(SUM($D43:F43))*$F$4/12 -> 0 | G17: =(SUM($D43:G43))*$F$4/12 -> 0 | H17: =(SUM($D43:H43))*$F$4/12 -> 0 | I17: =(SUM($D43:I43))*$F$5/12 -> 0 | J17: =(SUM(($D43:J43),$D17:$I17))*$F$6/12 -> 0 | K17: =(SUM(($D43:K43),$D17:$I17))*$F$6/12 -> 0 | L17: =(SUM(($D43:L43),$D17:$I17))*$F$6/12 -> 0 | M17: =(SUM(($D43:M43),$D17:$I17))*$F$6/12 -> 0 | N17: =(SUM(($D43:N43),$D17:$I17))*$F$6/12 -> 0 | O17: =(SUM(($D43:O43),$D17:$I17))*$F$6/12 -> 0 | P17: =SUM(D17:O17) -> 0
A18: =A17-1 -> -16 | B18: BUTU | D18: =(SUM($D44:D44))*$F$4/12 -> 0 | E18: =(SUM($D44:E44))*$F$4/12 -> 0 | F18: =(SUM($D44:F44))*$F$4/12 -> 0 | G18: =(SUM($D44:G44))*$F$4/12 -> 0 | H18: =(SUM($D44:H44))*$F$4/12 -> 0 | I18: =(SUM($D44:I44))*$F$5/12 -> 0 | J18: =(SUM(($D44:J44),$D18:$I18))*$F$6/12 -> 0 | K18: =(SUM(($D44:K44),$D18:$I18))*$F$6/12 -> 0 | L18: =(SUM(($D44:L44),$D18:$I18))*$F$6/12 -> 0 | M18: =(SUM(($D44:M44),$D18:$I18))*$F$6/12 -> 0 | N18: =(SUM(($D44:N44),$D18:$I18))*$F$6/12 -> 0 | O18: =(SUM(($D44:O44),$D18:$I18))*$F$6/12 -> 0 | P18: =SUM(D18:O18) -> 0
A19: =A18-1 -> -17 | B19: Municipal Class | D19: =(SUM($D45:D45))*$F$4/12 -> 0 | E19: =(SUM($D45:E45))*$F$4/12 -> 0 | F19: =(SUM($D45:F45))*$F$4/12 -> 0 | G19: =(SUM($D45:G45))*$F$4/12 -> 0 | H19: =(SUM($D45:H45))*$F$4/12 -> 0 | I19: =(SUM($D45:I45))*$F$5/12 -> 0 | J19: =(SUM(($D45:J45),$D19:$I19))*$F$6/12 -> 0 | K19: =(SUM(($D45:K45),$D19:$I19))*$F$6/12 -> 0 | L19: =(SUM(($D45:L45),$D19:$I19))*$F$6/12 -> 0 | M19: =(SUM(($D45:M45),$D19:$I19))*$F$6/12 -> 0 | N19: =(SUM(($D45:N45),$D19:$I19))*$F$6/12 -> 0 | O19: =(SUM(($D45:O45),$D19:$I19))*$F$6/12 -> 0 | P19: =SUM(D19:O19) -> 0
A20: =A19-1 -> -18 | B20: Municipal Bundle Service Subtotal | D20: =(SUM($D46:D46))*$F$4/12 -> 0 | E20: =(SUM($D46:E46))*$F$4/12 -> 0 | F20: =(SUM($D46:F46))*$F$4/12 -> 0 | G20: =(SUM($D46:G46))*$F$4/12 -> 0 | H20: =(SUM($D46:H46))*$F$4/12 -> 0 | I20: =(SUM($D46:I46))*$F$5/12 -> 0 | J20: =(SUM(($D46:J46),$D20:$I20))*$F$6/12 -> 0 | K20: =(SUM(($D46:K46),$D20:$I20))*$F$6/12 -> 0 | L20: =(SUM(($D46:L46),$D20:$I20))*$F$6/12 -> 0 | M20: =(SUM(($D46:M46),$D20:$I20))*$F$6/12 -> 0 | N20: =(SUM(($D46:N46),$D20:$I20))*$F$6/12 -> 0 | O20: =(SUM(($D46:O46),$D20:$I20))*$F$6/12 -> 0 | P20: =SUM(D20:O20) -> 0
A21: =A20-1 -> -19 | B21: Municipal Unbundle Service Subtotal | D21: =SUM(D22:D25) -> 0 | E21: =SUM(E22:E25) -> 0 | F21: =SUM(F22:F25) -> 0 | G21: =SUM(G22:G25) -> 0 | H21: =SUM(H22:H25) -> 0 | I21: =SUM(I22:I25) -> 0 | J21: =SUM(J22:J25) -> 0 | K21: =SUM(K22:K25) -> 0 | ... O21: =SUM(O22:O25) -> 0 | P21: =SUM(D21:O21) -> 0
A22: =A21-1 -> -20 | B22: Antigonish | D22: =(SUM($D48:D48))*$F$4/12 -> 0 | E22: =(SUM($D48:E48))*$F$4/12 -> 0 | F22: =(SUM($D48:F48))*$F$4/12 -> 0 | G22: =(SUM($D48:G48))*$F$4/12 -> 0 | H22: =(SUM($D48:H48))*$F$4/12 -> 0 | I22: =(SUM($D48:I48))*$F$5/12 -> 0 | J22: =(SUM(($D48:J48),$D22:$I22))*$F$6/12 -> 0 | K22: =(SUM(($D48:K48),$D22:$I22))*$F$6/12 -> 0 | L22: =(SUM(($D48:L48),$D22:$I22))*$F$6/12 -> 0 | M22: =(SUM(($D48:M48),$D22:$I22))*$F$6/12 -> 0 | N22: =(SUM(($D48:N48),$D22:$I22))*$F$6/12 -> 0 | O22: =(SUM(($D48:O48),$D22:$I22))*$F$6/12 -> 0 | P22: =SUM(D22:O22) -> 0
A23: =A22-1 -> -21 | B23: Berwick | D23: =(SUM($D49:D49))*$F$4/12 -> 0 | E23: =(SUM($D49:E49))*$F$4/12 -> 0 | F23: =(SUM($D49:F49))*$F$4/12 -> 0 | G23: =(SUM($D49:G49))*$F$4/12 -> 0 | H23: =(SUM($D49:H49))*$F$4/12 -> 0 | I23: =(SUM($D49:I49))*$F$5/12 -> 0 | J23: =(SUM(($D49:J49),$D23:$I23))*$F$6/12 -> 0 | K23: =(SUM(($D49:K49),$D23:$I23))*$F$6/12 -> 0 | L23: =(SUM(($D49:L49),$D23:$I23))*$F$6/12 -> 0 | M23: =(SUM(($D49:M49),$D23:$I23))*$F$6/12 -> 0 | N23: =(SUM(($D49:N49),$D23:$I23))*$F$6/12 -> 0 | O23: =(SUM(($D49:O49),$D23:$I23))*$F$6/12 -> 0 | P23: =SUM(D23:O23) -> 0
A24: =A23-1 -> -22 | B24: Mahone Bay | D24: =(SUM($D50:D50))*$F$4/12 -> 0 | E24: =(SUM($D50:E50))*$F$4/12 -> 0 | F24: =(SUM($D50:F50))*$F$4/12 -> 0 | G24: =(SUM($D50:G50))*$F$4/12 -> 0 | H24: =(SUM($D50:H50))*$F$4/12 -> 0 | I24: =(SUM($D50:I50))*$F$5/12 -> 0 | J24: =(SUM(($D50:J50),$D24:$I24))*$F$6/12 -> 0 | K24: =(SUM(($D50:K50),$D24:$I24))*$F$6/12 -> 0 | L24: =(SUM(($D50:L50),$D24:$I24))*$F$6/12 -> 0 | M24: =(SUM(($D50:M50),$D24:$I24))*$F$6/12 -> 0 | N24: =(SUM(($D50:N50),$D24:$I24))*$F$6/12 -> 0 | O24: =(SUM(($D50:O50),$D24:$I24))*$F$6/12 -> 0 | P24: =SUM(D24:O24) -> 0
A25: =A24-1 -> -23 | B25: Riverport | D25: =(SUM($D51:D51))*$F$4/12 -> 0 | E25: =(SUM($D51:E51))*$F$4/12 -> 0 | F25: =(SUM($D51:F51))*$F$4/12 -> 0 | G25: =(SUM($D51:G51))*$F$4/12 -> 0 | H25: =(SUM($D51:H51))*$F$4/12 -> 0 | I25: =(SUM($D51:I51))*$F$5/12 -> 0 | J25: =(SUM(($D51:J51),$D25:$I25))*$F$6/12 -> 0 | K25: =(SUM(($D51:K51),$D25:$I25))*$F$6/12 -> 0 | L25: =(SUM(($D51:L51),$D25:$I25))*$F$6/12 -> 0 | M25: =(SUM(($D51:M51),$D25:$I25))*$F$6/12 -> 0 | N25: =(SUM(($D51:N51),$D25:$I25))*$F$6/12 -> 0 | O25: =(SUM(($D51:O51),$D25:$I25))*$F$6/12 -> 0 | P25: =SUM(D25:O25) -> 0
A26: =A25-1 -> -24 | B26: Customer moving Load to OATT | P26: =SUM(D26:O26) -> 0
A27: =A26-1 -> -25 | B27: Municipal before BUTU | D27: =D21+D20 -> 0 | E27: =E21+E20 -> 0 | F27: =F21+F20 -> 0 | G27: =G21+G20 -> 0 | H27: =H21+H20 -> 0 | I27: =I21+I20 -> 0 | J27: =J21+J20 -> 0 | K27: =K21+K20 -> 0 | ... O27: =O21+O20 -> 0 | P27: =SUM(D27:O27) -> 0
A28: =A27-1 -> -26 | B28: Gen. Repl. / Load Following. | D28: =(SUM($D54:D54))*$F$4/12 -> 0 | E28: =(SUM($D54:E54))*$F$4/12 -> 0 | F28: =(SUM($D54:F54))*$F$4/12 -> 0 | G28: =(SUM($D54:G54))*$F$4/12 -> 0 | H28: =(SUM($D54:H54))*$F$4/12 -> 0 | I28: =(SUM($D54:I54))*$F$5/12 -> 0 | J28: =(SUM(($D54:J54),$D28:$I28))*$F$6/12 -> 0 | K28: =(SUM(($D54:K54),$D28:$I28))*$F$6/12 -> 0 | L28: =(SUM(($D54:L54),$D28:$I28))*$F$6/12 -> 0 | M28: =(SUM(($D54:M54),$D28:$I28))*$F$6/12 -> 0 | N28: =(SUM(($D54:N54),$D28:$I28))*$F$6/12 -> 0 | O28: =(SUM(($D54:O54),$D28:$I28))*$F$6/12 -> 0 | P28: =SUM(D28:O28) -> 0
A29: =A28-1 -> -27 | B29: 1P-RTP | D29: =(SUM($D55:D55))*$F$4/12 -> 0 | E29: =(SUM($D55:E55))*$F$4/12 -> 0 | F29: =(SUM($D55:F55))*$F$4/12 -> 0 | G29: =(SUM($D55:G55))*$F$4/12 -> 0 | H29: =(SUM($D55:H55))*$F$4/12 -> 0 | I29: =(SUM($D55:I55))*$F$5/12 -> 0 | J29: =(SUM(($D55:J55),$D29:$I29))*$F$6/12 -> 0 | K29: =(SUM(($D55:K55),$D29:$I29))*$F$6/12 -> 0 | L29: =(SUM(($D55:L55),$D29:$I29))*$F$6/12 -> 0 | M29: =(SUM(($D55:M55),$D29:$I29))*$F$6/12 -> 0 | N29: =(SUM(($D55:N55),$D29:$I29))*$F$6/12 -> 0 | O29: =(SUM(($D55:O55),$D29:$I29))*$F$6/12 -> 0 | P29: =SUM(D29:O29) -> 0
A30: =A29-1 -> -28 | B30: Shore Power | D30: =(SUM($D56:D56))*$F$4/12 -> 0 | E30: =(SUM($D56:E56))*$F$4/12 -> 0 | F30: =(SUM($D56:F56))*$F$4/12 -> 0 | G30: =(SUM($D56:G56))*$F$4/12 -> 0 | H30: =(SUM($D56:H56))*$F$4/12 -> 0 | I30: =(SUM($D56:I56))*$F$5/12 -> 0 | J30: =(SUM(($D56:J56),$D30:$I30))*$F$6/12 -> 0 | K30: =(SUM(($D56:K56),$D30:$I30))*$F$6/12 -> 0 | L30: =(SUM(($D56:L56),$D30:$I30))*$F$6/12 -> 0 | M30: =(SUM(($D56:M56),$D30:$I30))*$F$6/12 -> 0 | N30: =(SUM(($D56:N56),$D30:$I30))*$F$6/12 -> 0 | O30: =(SUM(($D56:O56),$D30:$I30))*$F$6/12 -> 0 | P30: =SUM(D30:O30) -> 0
A31: =A30-1 -> -29 | D31: =(SUM($D57:D57))*$F$4/12 -> 0 | E31: =(SUM($D57:E57))*$F$4/12 -> 0 | F31: =(SUM($D57:F57))*$F$4/12 -> 0 | G31: =(SUM($D57:G57))*$F$4/12 -> 0 | H31: =(SUM($D57:H57))*$F$4/12 -> 0 | I31: =(SUM($D57:I57))*$F$5/12 -> 0 | J31: =(SUM(($D57:J57),$D31:$I31))*$F$6/12 -> 0 | K31: =(SUM(($D57:K57),$D31:$I31))*$F$6/12 -> 0 | L31: =(SUM(($D57:L57),$D31:$I31))*$F$6/12 -> 0 | M31: =(SUM(($D57:M57),$D31:$I31))*$F$6/12 -> 0 | N31: =(SUM(($D57:N57),$D31:$I31))*$F$6/12 -> 0 | O31: =(SUM(($D57:O57),$D31:$I31))*$F$6/12 -> 0 | P31: =SUM(D31:O31) -> 0
A32: =A31-1 -> -30 | B32: Total | D32: =SUM(D10:D18,D27:D31) -> 0 | E32: =SUM(E10:E18,E27:E31) -> 0 | F32: =SUM(F10:F18,F27:F31) -> 0 | G32: =SUM(G10:G18,G27:G31) -> 0 | H32: =SUM(H10:H18,H27:H31) -> 0 | I32: =SUM(I10:I18,I27:I31) -> 0 | J32: =SUM(J10:J18,J27:J31) -> 0 | K32: =SUM(K10:K18,K27:K31) -> 0 | ... O32: =SUM(O10:O18,O27:O31) -> 0 | P32: =SUM(D32:O32) -> 0
A33: =A32-1 -> -31
A34: =A33-1 -> -32
A35: =A34-1 -> -33 | B35: Variance | D35: =+D9 -> 45658 | E35: =+E9 -> 45689 | F35: =+F9 -> 45717 | G35: =+G9 -> 45748 | H35: =+H9 -> 45778 | I35: =+I9 -> 45809 | J35: =+J9 -> 45839 | K35: =+K9 -> 45870 | ... O35: =+O9 -> 45992 | P35: Total
A36: =A35-1 -> -34 | B36: Residential | D36: =D63-D88 -> -1447330.8 | E36: =E63-E88 -> -1635575.5 | F36: =F63-F88 -> -545939.83 | G36: =G63-G88 -> -84304.896 | H36: =H63-H88 -> 681024.18 | I36: =I63-I88 -> 827351.1 | J36: =J63-J88 -> 769097.27 | K36: =K63-K88 -> 879228.23 | ... O36: =O63-O88 -> -1528467 | P36: =SUM(D36:O36) -> 2331.1176
A37: =A36-1 -> -35 | B37: Small General | D37: =D64-D89 -> -139860.59 | E37: =E64-E89 -> -116267.17 | F37: =F64-F89 -> -103593.98 | G37: =G64-G89 -> -11284.908 | H37: =H64-H89 -> -17640.74 | I37: =I64-I89 -> 25793.576 | J37: =J64-J89 -> -13844.218 | K37: =K64-K89 -> 12833.089 | ... O37: =O64-O89 -> -71075.141 | P37: =SUM(D37:O37) -> -348114.1
A38: =A37-1 -> -36 | B38: General Demand | D38: =D65-D90 -> -318590.18 | E38: =E65-E90 -> -281800.86 | F38: =F65-F90 -> -29919.779 | G38: =G65-G90 -> 52822.311 | H38: =H65-H90 -> 154717.95 | I38: =I65-I90 -> 69002.211 | J38: =J65-J90 -> 36158.922 | K38: =K65-K90 -> 94804.836 | ... O38: =O65-O90 -> -210939.3 | P38: =SUM(D38:O38) -> -45959.534
A39: =A38-1 -> -37 | B39: Large General | D39: =D66-D91 -> -554.17838 | E39: =E66-E91 -> -2520.0094 | F39: =F66-F91 -> 11304.71 | G39: =G66-G91 -> 3016.9484 | H39: =H66-H91 -> 39081.564 | I39: =I66-I91 -> 34933.462 | J39: =J66-J91 -> -36279.119 | K39: =K66-K91 -> -9539.4849 | ... O39: =O66-O91 -> 13964.147 | P39: =SUM(D39:O39) -> 73053.291
A40: =A39-1 -> -38 | B40: Small Industrial | D40: =D67-D92 -> -28899.823 | E40: =E67-E92 -> -11635.276 | F40: =F67-F92 -> -303.28291 | G40: =G67-G92 -> 3066.9843 | H40: =H67-H92 -> 4990.7083 | I40: =I67-I92 -> -15008.677 | J40: =J67-J92 -> -14884.513 | K40: =K67-K92 -> 7767.1275 | ... O40: =O67-O92 -> -12698.238 | P40: =SUM(D40:O40) -> 2492.5778
A41: =A40-1 -> -39 | B41: Medium Industrial | D41: =D68-D93 -> 5729.567 | E41: =E68-E93 -> -5250.4819 | F41: =F68-F93 -> 4758.5013 | G41: =G68-G93 -> 6278.6548 | H41: =H68-H93 -> -2238.6955 | I41: =I68-I93 -> -4724.7198 | J41: =J68-J93 -> -6551.5558 | K41: =K68-K93 -> 7438.0602 | ... O41: =O68-O93 -> -5313.3785 | P41: =SUM(D41:O41) -> 19821.605
A42: =A41-1 -> -40 | B42: Large Industrial | D42: =D69-D94 -> 10172.259 | E42: =E69-E94 -> 4990.956 | F42: =F69-F94 -> 7397.3598 | G42: =G69-G94 -> 1647.2859 | H42: =H69-H94 -> 28704.857 | I42: =I69-I94 -> 24621.001 | J42: =J69-J94 -> 10142.873 | K42: =K69-K94 -> -2111.9433 | ... O42: =O69-O94 -> 15605.822 | P42: =SUM(D42:O42) -> 121264.55
A43: =A42-1 -> -41 | B43: Unmetered | D43: =D70-D95 -> 472.36898 | E43: =E70-E95 -> -239.33412 | F43: =F70-F95 -> 1546.4064 | G43: =G70-G95 -> 275.7625 | H43: =H70-H95 -> 3667.8357 | I43: =I70-I95 -> -4506.4542 | J43: =J70-J95 -> -31.435501 | K43: =K70-K95 -> 901.41856 | ... O43: =O70-O95 -> 414.50373 | P43: =SUM(D43:O43) -> 655.22984
A44: =A43-1 -> -42 | B44: BUTU | D44: =D71-D96 -> 0 | E44: =E71-E96 -> 0 | F44: =F71-F96 -> 0 | G44: =G71-G96 -> 0 | H44: =H71-H96 -> 0 | I44: =I71-I96 -> 0 | J44: =J71-J96 -> 0 | K44: =K71-K96 -> 0 | ... O44: =O71-O96 -> 0 | P44: =SUM(D44:O44) -> 0
A45: =A44-1 -> -43 | B45: Municipal Class
A46: =A45-1 -> -44 | B46: Municipal Bundle Service Subtotal | D46: =D73-D98 -> -9302.3288 | E46: =E73-E98 -> -9365.9637 | F46: =F73-F98 -> -3830.3948 | G46: =G73-G98 -> -3198.0596 | H46: =H73-H98 -> 8741.1187 | I46: =I73-I98 -> 7120.7749 | J46: =J73-J98 -> 3836.1732 | K46: =K73-K98 -> 4016.1712 | ... O46: =O73-O98 -> -8299.2943 | P46: =SUM(D46:O46) -> 888.04519
A47: =A46-1 -> -45 | B47: Municipal Unbundle Service Subtotal | D47: =D74-D99 -> 0 | E47: =SUM(E48:E51) -> 0 | F47: =SUM(F48:F51) -> 0 | G47: =SUM(G48:G51) -> 0 | H47: =SUM(H48:H51) -> 0 | I47: =SUM(I48:I51) -> 0 | J47: =SUM(J48:J51) -> 0 | K47: =SUM(K48:K51) -> 0 | L47: =SUM(L48:L51) -> 0 | ... P47: =SUM(P48:P51) -> 0
A48: =A47-1 -> -46 | B48: Antigonish | D48: =D75-D100 -> 0 | E48: =E75-E100 -> 0 | F48: =F75-F100 -> 0 | G48: =G75-G100 -> 0 | H48: =H75-H100 -> 0 | I48: =I75-I100 -> 0 | J48: =J75-J100 -> 0 | K48: =K75-K100 -> 0 | ... O48: =O75-O100 -> 0 | P48: =SUM(D48:O48) -> 0
A49: =A48-1 -> -47 | B49: Berwick | D49: =D76-D101 -> 0 | E49: =E76-E101 -> 0 | F49: =F76-F101 -> 0 | G49: =G76-G101 -> 0 | H49: =H76-H101 -> 0 | I49: =I76-I101 -> 0 | J49: =J76-J101 -> 0 | K49: =K76-K101 -> 0 | ... O49: =O76-O101 -> 0 | P49: =SUM(D49:O49) -> 0
A50: =A49-1 -> -48 | B50: Mahone Bay | D50: =D77-D102 -> 0 | E50: =E77-E102 -> 0 | F50: =F77-F102 -> 0 | G50: =G77-G102 -> 0 | H50: =H77-H102 -> 0 | I50: =I77-I102 -> 0 | J50: =J77-J102 -> 0 | K50: =K77-K102 -> 0 | ... O50: =O77-O102 -> 0 | P50: =SUM(D50:O50) -> 0
A51: =A50-1 -> -49 | B51: Riverport | D51: =D78-D103 -> 0 | E51: =E78-E103 -> 0 | F51: =F78-F103 -> 0 | G51: =G78-G103 -> 0 | H51: =H78-H103 -> 0 | I51: =I78-I103 -> 0 | J51: =J78-J103 -> 0 | K51: =K78-K103 -> 0 | ... O51: =O78-O103 -> 0 | P51: =SUM(D51:O51) -> 0
A52: =A51-1 -> -50 | B52: Customer moving Load to OATT
A53: =A52-1 -> -51 | B53: Municipal before BUTU | D53: =D80-D105 -> -9302.3288 | E53: =E47+E46 -> -9365.9637 | F53: =F47+F46 -> -3830.3948 | G53: =G47+G46 -> -3198.0596 | H53: =H47+H46 -> 8741.1187 | I53: =I47+I46 -> 7120.7749 | J53: =J47+J46 -> 3836.1732 | K53: =K47+K46 -> 4016.1712 | L53: =L47+L46 -> 4600.8029 | ... P53: =P47+P46 -> 888.04519
A54: =A53-1 -> -52 | B54: Gen. Repl. / Load Following. | D54: =D81-D106 -> 567.77274 | E54: =E81-E106 -> -24.144822 | F54: =F81-F106 -> -128.85396 | G54: =G81-G106 -> 1339.4189 | H54: =H81-H106 -> 1316.5591 | I54: =I81-I106 -> 1031.8135 | J54: =J81-J106 -> -324.55971 | K54: =K81-K106 -> -3160.8899 | ... O54: =O81-O106 -> 5416.4071 | P54: =SUM(D54:O54) -> -3619.2541
A55: =A54-1 -> -53 | B55: 1P-RTP | D55: =D82-D107 -> 754.75883 | E55: =E82-E107 -> 455.16806 | F55: =F82-F107 -> 902.10322 | G55: =G82-G107 -> 457.97335 | H55: =H82-H107 -> 316.42877 | I55: =I82-I107 -> -1197.6499 | J55: =J82-J107 -> -301.72976 | K55: =K82-K107 -> -456.25296 | ... O55: =O82-O107 -> 367.55686 | P55: =SUM(D55:O55) -> 802.48681
A56: =A55-1 -> -54 | B56: Shore Power | D56: =D83-D108 -> 104.40751 | E56: =E83-E108 -> 94.303557 | F56: =F83-F108 -> 104.40751 | G56: =G83-G108 -> 100.85958 | H56: =H83-H108 -> -18.818149 | I56: =I83-I108 -> -215.48751 | J56: =J83-J108 -> -61.858114 | K56: =K83-K108 -> -278.02331 | ... O56: =O83-O108 -> 104.40751 | P56: =SUM(D56:O56) -> -426.21353
A57: =A56-1 -> -55
A58: =A57-1 -> -56 | B58: Total | D58: =SUM(D36:D44,D53:D56) -> -1926736.8 | E58: =SUM(E36:E44,E53:E56) -> -2057138.3 | F58: =SUM(F36:F44,F53:F56) -> -657702.63 | G58: =SUM(G36:G44,G53:G56) -> -29781.665 | H58: =SUM(H36:H44,H53:H56) -> 902662.95 | I58: =SUM(I36:I44,I53:I56) -> 964200.94 | J58: =SUM(J36:J44,J53:J56) -> 746956.25 | K58: =SUM(K36:K44,K53:K56) -> 991442.34 | ... P58: =SUM(P36:P44,P53:P56) -> -176810.19
A59: =A58-1 -> -57
A60: =A59-1 -> -58 | B60: Days | D60: =E61-D61 -> 31 | E60: =F61-E61 -> 28 | F60: =G61-F61 -> 31 | G60: =H61-G61 -> 30 | H60: =I61-H61 -> 31 | I60: =J61-I61 -> 30 | J60: =K61-J61 -> 31 | K60: =L61-K61 -> 31 | ... N60: =O61-N61 -> 30 | O60: 31 | P60: =SUM(D60:O60) -> 365
A61: =A60-1 -> -59 | B61: 12 Months E1 2025 Contract Jan to Dec 2025 | D61: =+D9 -> 45658 | E61: =+E9 -> 45689 | F61: =+F9 -> 45717 | G61: =+G9 -> 45748 | H61: =+H9 -> 45778 | I61: =+I9 -> 45809 | J61: =+J9 -> 45839 | K61: =+K9 -> 45870 | ... O61: =+O9 -> 45992 | P61: Total
A62: =A61-1 -> -60
A63: =A62-1 -> -61 | B63: Residential | D63: 2953006.8 | E63: 2667232 | F63: 2953006.8 | G63: 2857748.6 | H63: 2953006.8 | I63: 2857748.6 | J63: 2953006.8 | K63: 2953006.8 | L63: 2857748.6 | M63: 2953006.8 | N63: 2857748.6 | O63: 2953006.8 | P63: =SUM(D63:O63) -> 34769274
A64: =A63-1 -> -62 | B64: Small General | D64: 234799.06 | E64: 212076.57 | F64: 234799.06 | G64: 227224.9 | H64: 234799.06 | I64: 227224.9 | J64: 234799.06 | K64: 234799.06 | L64: 227224.9 | M64: 234799.06 | N64: 227224.9 | O64: 234799.06 | P64: =SUM(D64:O64) -> 2764569.6
A65: =A64-1 -> -63 | B65: General Demand | D65: 1253142.9 | E65: 1131871 | F65: 1253142.9 | G65: 1212718.9 | H65: 1253142.9 | I65: 1212718.9 | J65: 1253142.9 | K65: 1253142.9 | L65: 1212718.9 | M65: 1253142.9 | N65: 1212718.9 | O65: 1253142.9 | P65: =SUM(D65:O65) -> 14754747
A66: =A65-1 -> -64 | B66: Large General | D66: 236486.18 | E66: 213600.42 | F66: 236486.18 | G66: 228857.59 | H66: 236486.18 | I66: 228857.59 | J66: 236486.18 | K66: 236486.18 | L66: 228857.59 | M66: 236486.18 | N66: 228857.59 | O66: 236486.18 | P66: =SUM(D66:O66) -> 2784434.1
A67: =A66-1 -> -65 | B67: Small Industrial | D67: 157931.91 | E67: 142648.18 | F67: 157931.91 | G67: 152837.33 | H67: 157931.91 | I67: 152837.33 | J67: 157931.91 | K67: 157931.91 | L67: 152837.33 | M67: 157931.91 | N67: 152837.33 | O67: 157931.91 | P67: =SUM(D67:O67) -> 1859520.9
A68: =A67-1 -> -66 | B68: Medium Industrial | D68: 126592.13 | E68: 114341.28 | F68: 126592.13 | G68: 122508.51 | H68: 126592.13 | I68: 122508.51 | J68: 126592.13 | K68: 126592.13 | L68: 122508.51 | M68: 126592.13 | N68: 122508.51 | O68: 126592.13 | P68: =SUM(D68:O68) -> 1490520.2
A69: =A68-1 -> -67 | B69: Large Industrial | D69: 228940.44 | E69: 206784.91 | F69: 228940.44 | G69: 221555.26 | H69: 228940.44 | I69: 221555.26 | J69: 228940.44 | K69: 228940.44 | L69: 221555.26 | M69: 228940.44 | N69: 221555.26 | O69: 228940.44 | P69: =SUM(D69:O69) -> 2695589
A70: =A69-1 -> -68 | B70: Unmetered | D70: 23069.701 | E70: 20837.149 | F70: 23069.701 | G70: 22325.517 | H70: 23069.701 | I70: 22325.517 | J70: 23069.701 | K70: 23069.701 | L70: 22325.517 | M70: 23069.701 | N70: 22325.517 | O70: 23069.701 | P70: =SUM(D70:O70) -> 271627.12
A71: =A70-1 -> -69 | B71: BUTU | D71: =C96 -> 11171.01 | E71: =D96 -> 11171.01 | F71: =E96 -> 11171.01 | G71: =F96 -> 11171.01 | H71: =G96 -> 11171.01 | I71: =H96 -> 11171.01 | J71: =I96 -> 11171.01 | K71: =J96 -> 11171.01 | ... O71: =N96 -> 11171.01 | P71: =SUM(D71:O71) -> 134052.12
A72: =A71-1 -> -70 | B72: Municipal Class
A73: =A72-1 -> -71 | B73: Municipal Bundle Service Subtotal | D73: 23725.952 | E73: 21429.892 | F73: 23725.952 | G73: 22960.599 | H73: 23725.952 | I73: 22960.599 | J73: 23725.952 | K73: 23725.952 | L73: 22960.599 | M73: 23725.952 | N73: 22960.599 | O73: 23725.952 | P73: =SUM(D73:O73) -> 279353.95
A74: =A73-1 -> -72 | B74: Municipal Unbundle Service Subtotal | D74: =SUM(D75:D78) -> 49673 | E74: =SUM(E75:E78) -> 49673 | F74: =SUM(F75:F78) -> 49673 | G74: =SUM(G75:G78) -> 49673 | H74: =SUM(H75:H78) -> 49673 | I74: =SUM(I75:I78) -> 49673 | J74: =SUM(J75:J78) -> 49673 | K74: =SUM(K75:K78) -> 49673 | ... O74: =SUM(O75:O78) -> 49673 | P74: =SUM(D74:O74) -> 596076
A75: =A74-1 -> -73 | B75: Antigonish | D75: =C100 -> 27452 | E75: =D75 -> 27452 | F75: =E75 -> 27452 | G75: =F75 -> 27452 | H75: =G75 -> 27452 | I75: =H75 -> 27452 | J75: =I75 -> 27452 | K75: =J75 -> 27452 | L75: =K75 -> 27452 | ... O75: =N75 -> 27452 | P75: =SUM(D75:O75) -> 329424
A76: =A75-1 -> -74 | B76: Berwick | D76: =C101 -> 14152 | E76: =D76 -> 14152 | F76: =E76 -> 14152 | G76: =F76 -> 14152 | H76: =G76 -> 14152 | I76: =H76 -> 14152 | J76: =I76 -> 14152 | K76: =J76 -> 14152 | L76: =K76 -> 14152 | ... O76: =N76 -> 14152 | P76: =SUM(D76:O76) -> 169824
A77: =A76-1 -> -75 | B77: Mahone Bay | D77: =C102 -> 5134 | E77: =D77 -> 5134 | F77: =E77 -> 5134 | G77: =F77 -> 5134 | H77: =G77 -> 5134 | I77: =H77 -> 5134 | J77: =I77 -> 5134 | K77: =J77 -> 5134 | L77: =K77 -> 5134 | ... O77: =N77 -> 5134 | P77: =SUM(D77:O77) -> 61608
A78: =A77-1 -> -76 | B78: Riverport | D78: =C103 -> 2935 | E78: =D78 -> 2935 | F78: =E78 -> 2935 | G78: =F78 -> 2935 | H78: =G78 -> 2935 | I78: =H78 -> 2935 | J78: =I78 -> 2935 | K78: =J78 -> 2935 | L78: =K78 -> 2935 | ... O78: =N78 -> 2935 | P78: =SUM(D78:O78) -> 35220
A79: =A78-1 -> -77 | B79: Customer moving Load to OATT
A80: =A79-1 -> -78 | B80: Municipal before BUTU | D80: =D74+D73 -> 73398.952 | E80: =E74+E73 -> 71102.892 | F80: =F74+F73 -> 73398.952 | G80: =G74+G73 -> 72633.599 | H80: =H74+H73 -> 73398.952 | I80: =I74+I73 -> 72633.599 | J80: =J74+J73 -> 73398.952 | K80: =K74+K73 -> 73398.952 | ... O80: =O74+O73 -> 73398.952 | P80: =SUM(D80:O80) -> 875429.95
A81: =A80-1 -> -79 | B81: Gen. Repl. / Load Following. | D81: 1401.9973 | E81: 1266.3202 | F81: 1401.9973 | G81: 1356.7716 | H81: 1401.9973 | I81: 1356.7716 | J81: 1401.9973 | K81: 1401.9973 | L81: 1356.7716 | M81: 1401.9973 | N81: 1356.7716 | O81: 1401.9973 | P81: =SUM(D81:O81) -> 16507.388
A82: =A81-1 -> -80 | B82: 1P-RTP | D82: 1053.8756 | E82: 951.88765 | F82: 1053.8756 | G82: 1019.8796 | H82: 1053.8756 | I82: 1019.8796 | J82: 1053.8756 | K82: 1053.8756 | L82: 1019.8796 | M82: 1053.8756 | N82: 1019.8796 | O82: 1053.8756 | P82: =SUM(D82:O82) -> 12408.535
A83: =A82-1 -> -81 | B83: Shore Power | D83: 104.40751 | E83: 94.303557 | F83: 104.40751 | G83: 101.03953 | H83: 104.40751 | I83: 101.03953 | J83: 104.40751 | K83: 104.40751 | L83: 101.03953 | M83: 104.40751 | N83: 101.03953 | O83: 104.40751 | P83: =SUM(D83:O83) -> 1229.3142
A84: =A83-1 -> -82
A85: =A84-1 -> -83 | B85: Total | D85: =SUM(D63:D71,D80:D83) -> 5301099.4 | E85: =SUM(E63:E71,E80:E83) -> 4793977.9 | F85: =SUM(F63:F71,F80:F83) -> 5301099.4 | G85: =SUM(G63:G71,G80:G83) -> 5132058.9 | H85: =SUM(H63:H71,H80:H83) -> 5301099.4 | I85: =SUM(I63:I71,I80:I83) -> 5132058.9 | J85: =SUM(J63:J71,J80:J83) -> 5301099.4 | K85: =SUM(K63:K71,K80:K83) -> 5301099.4 | ... P85: =SUM(P63:P71,P80:P83) -> 62429909
A86: =A85-1 -> -84
A87: =A86-1 -> -85 | B87: 12 Months Actual collection in DSM rider Jan to Dec 2025 (from revenue group)' | C87: Rate and Monthly Payments | D87: =D9 -> 45658 | E87: =E9 -> 45689 | F87: =F9 -> 45717 | G87: =G9 -> 45748 | H87: =H9 -> 45778 | I87: =I9 -> 45809 | J87: =J9 -> 45839 | K87: =K9 -> 45870 | ... O87: =O9 -> 45992 | P87: Total
A88: =A87-1 -> -86 | B88: Residential | C88: 0.657 | D88: =$C88*D113/100 -> 4400337.6 | E88: =$C88*E113/100 -> 4302807.5 | F88: =$C88*F113/100 -> 3498946.7 | G88: =$C88*G113/100 -> 2942053.5 | H88: =$C88*H113/100 -> 2271982.7 | I88: =$C88*I113/100 -> 2030397.5 | J88: =$C88*J113/100 -> 2183909.6 | K88: =$C88*K113/100 -> 2073778.6 | ... O88: =$C88*O113/100 -> 4481473.9 | P88: =SUM(D88:O88) -> 34766943
A89: =A88-1 -> -87 | B89: Small General | C89: 0.778 | D89: =$C89*D114/100 -> 374659.65 | E89: =$C89*E114/100 -> 328343.74 | F89: =$C89*F114/100 -> 338393.04 | G89: =$C89*G114/100 -> 238509.81 | H89: =$C89*H114/100 -> 252439.8 | I89: =$C89*I114/100 -> 201431.33 | J89: =$C89*J114/100 -> 248643.28 | K89: =$C89*K114/100 -> 221965.98 | ... O89: =$C89*O114/100 -> 305874.21 | P89: =SUM(D89:O89) -> 3112683.7
A90: =A89-1 -> -88 | B90: General Demand | C90: 0.635 | D90: =$C90*D115/100 -> 1571733 | E90: =$C90*E115/100 -> 1413671.8 | F90: =$C90*F115/100 -> 1283062.6 | G90: =$C90*G115/100 -> 1159896.6 | H90: =$C90*H115/100 -> 1098424.9 | I90: =$C90*I115/100 -> 1143716.7 | J90: =$C90*J115/100 -> 1216983.9 | K90: =$C90*K115/100 -> 1158338 | ... O90: =$C90*O115/100 -> 1464082.2 | P90: =SUM(D90:O90) -> 14800706
A91: =A90-1 -> -89 | B91: Large General | C91: 0.768 | D91: =$C91*D116/100 -> 237040.36 | E91: =$C91*E116/100 -> 216120.43 | F91: =$C91*F116/100 -> 225181.47 | G91: =$C91*G116/100 -> 225840.65 | H91: =$C91*H116/100 -> 197404.62 | I91: =$C91*I116/100 -> 193924.13 | J91: =$C91*J116/100 -> 272765.3 | K91: =$C91*K116/100 -> 246025.66 | ... O91: =$C91*O116/100 -> 222522.03 | P91: =SUM(D91:O91) -> 2711380.8
A92: =A91-1 -> -90 | B92: Small Industrial | C92: 0.72 | D92: =$C92*D117/100 -> 186831.73 | E92: =$C92*E117/100 -> 154283.45 | F92: =$C92*F117/100 -> 158235.19 | G92: =$C92*G117/100 -> 149770.35 | H92: =$C92*H117/100 -> 152941.2 | I92: =$C92*I117/100 -> 167846.01 | J92: =$C92*J117/100 -> 172816.42 | K92: =$C92*K117/100 -> 150164.78 | ... O92: =$C92*O117/100 -> 170630.15 | P92: =SUM(D92:O92) -> 1857028.3
A93: =A92-1 -> -91 | B93: Medium Industrial | C93: 0.306 | D93: =$C93*D118/100 -> 120862.56 | E93: =$C93*E118/100 -> 119591.76 | F93: =$C93*F118/100 -> 121833.63 | G93: =$C93*G118/100 -> 116229.86 | H93: =$C93*H118/100 -> 128830.82 | I93: =$C93*I118/100 -> 127233.23 | J93: =$C93*J118/100 -> 133143.69 | K93: =$C93*K118/100 -> 119154.07 | ... O93: =$C93*O118/100 -> 131905.51 | P93: =SUM(D93:O93) -> 1470698.6
A94: =A93-1 -> -92 | B94: Large Industrial | C94: 0.404 | D94: =$C94*D119/100 -> 218768.18 | E94: =$C94*E119/100 -> 201793.95 | F94: =$C94*F119/100 -> 221543.08 | G94: =$C94*G119/100 -> 219907.98 | H94: =$C94*H119/100 -> 200235.58 | I94: =$C94*I119/100 -> 196934.26 | J94: =$C94*J119/100 -> 218797.56 | K94: =$C94*K119/100 -> 231052.38 | ... O94: =$C94*O119/100 -> 213334.61 | P94: =SUM(D94:O94) -> 2574324.5
A95: =A94-1 -> -93 | B95: Unmetered | C95: 0.353 | D95: =$C95*D120/100 -> 22597.332 | E95: =$C95*E120/100 -> 21076.483 | F95: =$C95*F120/100 -> 21523.294 | G95: =$C95*G120/100 -> 22049.754 | H95: =$C95*H120/100 -> 19401.865 | I95: =$C95*I120/100 -> 26831.971 | J95: =$C95*J120/100 -> 23101.136 | K95: =$C95*K120/100 -> 22168.282 | ... O95: =$C95*O120/100 -> 22655.197 | P95: =SUM(D95:O95) -> 270971.89
A96: =A95-1 -> -94 | B96: BUTU | C96: 11171.01 | D96: =C96 -> 11171.01 | E96: =D96 -> 11171.01 | F96: =E96 -> 11171.01 | G96: =F96 -> 11171.01 | H96: =G96 -> 11171.01 | I96: =H96 -> 11171.01 | J96: =I96 -> 11171.01 | K96: =J96 -> 11171.01 | ... O96: =N96 -> 11171.01 | P96: =SUM(D96:O96) -> 134052.12
A97: =A96-1 -> -95 | B97: Municipal Class
A98: =A97-1 -> -96 | B98: Municipal Bundle Service Subtotal | C98: 0.65 | D98: =$C98*D123/100 -> 33028.281 | E98: =$C98*E123/100 -> 30795.856 | F98: =$C98*F123/100 -> 27556.347 | G98: =$C98*G123/100 -> 26158.659 | H98: =$C98*H123/100 -> 14984.834 | I98: =$C98*I123/100 -> 15839.824 | J98: =$C98*J123/100 -> 19889.779 | K98: =$C98*K123/100 -> 19709.781 | ... O98: =$C98*O123/100 -> 32025.246 | P98: =SUM(D98:O98) -> 278465.91
A99: =A98-1 -> -97 | B99: Municipal Unbundle Service Subtotal | D99: =SUM(D100:D103) -> 49673 | E99: =SUM(E100:E103) -> 49673 | F99: =SUM(F100:F103) -> 49673 | G99: =SUM(G100:G103) -> 49673 | H99: =SUM(H100:H103) -> 49673 | I99: =SUM(I100:I103) -> 49673 | J99: =SUM(J100:J103) -> 49673 | K99: =SUM(K100:K103) -> 49673 | ... O99: =SUM(O100:O103) -> 49673 | P99: =SUM(D99:O99) -> 596076
A100: =A99-1 -> -98 | B100: Antigonish | C100: 27452 | D100: =$C100 -> 27452 | E100: =$C100 -> 27452 | F100: =$C100 -> 27452 | G100: =$C100 -> 27452 | H100: =$C100 -> 27452 | I100: =$C100 -> 27452 | J100: =$C100 -> 27452 | K100: =$C100 -> 27452 | ... O100: =$C100 -> 27452 | P100: =SUM(D100:O100) -> 329424
...

Sheet Table 1 (BA with Int)(2027)
A1: COLUMN | B1: A | C1: B | D1: C | E1: D | F1: E | G1: F | J1: G | N1: H | O1: I | P1: J | Q1: K | R1: L
A2: Line # | F2: 2025 Variance owed by/(to) customers | K2: 2026 Jan-Apr Variance owed by/(to) customers | O2: 2027 Sales Forecast | P2: Charges and Payments
A3: -1 | C3: Table 4: 2027 BA1 -Allocation of 2025 program costs among rate classes | D3: 12 Months Actual collection in DSM rider Jan to Dec 2025 | E3: 12 Months E1 2025 Contract Jan to Dec 2025 | F3: Amount Before Interest | G3: Interest for 2025 | H3: Interest for 2026 | I3: Total Interest | J3: Amount With Interest | K3: Amount Before Interest | L3: Interest for 2026 | M3: Amount With Interest | N3: Total owed by/(to) customers for 2027 BA1 Rider | O3: GWh | P3: BA1 Riders (cents/kWh) | Q3: Direct Monthly Payments
A4: =A3-1 -> -2 | C4: Residential | D4: ='Table 2 (BA with Int)(2027)'!P88 -> 34766943 | E4: ='Table 2 (BA with Int)(2027)'!P63 -> 34769274 | F4: =E4-D4 -> 2331.1176 | G4: ='Table 2 (BA with Int)(2027)'!P10 -> -86361.352 | H4: ='Table 2 (BA with Int)(2027)'!AF10 -> -5550.197 | I4: =+G4+H4 -> -91911.55 | J4: =F4+I4 -> -89580.432 | K4: =+'Table 3 (BA+Int)(Jan-Apr2026)'!P36 -> 359588.54 | L4: =+'Table 3 (BA+Int)(Jan-Apr2026)'!P10 -> 21089.152 | M4: =K4+L4 -> 380677.7 | N4: =+M4+J4 -> 291097.26 | O4: ='Table 1 (BA)(2027)'!K4 -> 5367.9708 | P4: =IFERROR(ROUND(N4/O4/1000000*100,8)," ") -> 0.00542285
A5: =A4-1 -> -3 | C5: Small General | D5: ='Table 2 (BA with Int)(2027)'!P89 -> 3112683.7 | E5: ='Table 2 (BA with Int)(2027)'!P64 -> 2764569.6 | F5: =E5-D5 -> -348114.1 | G5: ='Table 2 (BA with Int)(2027)'!P11 -> -21342.531 | H5: ='Table 2 (BA with Int)(2027)'!AF11 -> -24402.61 | I5: =+G5+H5 -> -45745.141 | J5: =F5+I5 -> -393859.24 | K5: =+'Table 3 (BA+Int)(Jan-Apr2026)'!P37 -> -43582.533 | L5: =+'Table 3 (BA+Int)(Jan-Apr2026)'!P11 -> -2532.4849 | M5: =K5+L5 -> -46115.017 | N5: =+M5+J5 -> -439974.26 | O5: ='Table 1 (BA)(2027)'!K5 -> 441.99339 | P5: =IFERROR(ROUND(N5/O5/1000000*100,8)," ") -> -0.09954318
A6: =A5-1 -> -4 | C6: General Demand | D6: ='Table 2 (BA with Int)(2027)'!P90 -> 14800706 | E6: ='Table 2 (BA with Int)(2027)'!P65 -> 14754747 | F6: =E6-D6 -> -45959.534 | G6: ='Table 2 (BA with Int)(2027)'!P12 -> -17897.867 | H6: ='Table 2 (BA with Int)(2027)'!AF12 -> -4217.7813 | I6: =+G6+H6 -> -22115.648 | J6: =F6+I6 -> -68075.182 | K6: =+'Table 3 (BA+Int)(Jan-Apr2026)'!P38 -> 926051.19 | L6: =+'Table 3 (BA+Int)(Jan-Apr2026)'!P12 -> 53824.798 | M6: =K6+L6 -> 979875.98 | N6: =+M6+J6 -> 911800.8 | O6: ='Table 1 (BA)(2027)'!K6 -> 2422.07 | P6: =IFERROR(ROUND(N6/O6/1000000*100,8)," ") -> 0.03764552
A7: =A6-1 -> -5 | C7: Large General | D7: ='Table 2 (BA with Int)(2027)'!P91 -> 2711380.8 | E7: ='Table 2 (BA with Int)(2027)'!P66 -> 2784434.1 | F7: =E7-D7 -> 73053.291 | G7: ='Table 2 (BA with Int)(2027)'!P13 -> 2420.7633 | H7: ='Table 2 (BA with Int)(2027)'!AF13 -> 4985.0613 | I7: =+G7+H7 -> 7405.8246 | J7: =F7+I7 -> 80459.115 | K7: =+'Table 3 (BA+Int)(Jan-Apr2026)'!P39 -> -396850.91 | L7: =+'Table 3 (BA+Int)(Jan-Apr2026)'!P13 -> -23026.338 | M7: =K7+L7 -> -419877.25 | N7: =+M7+J7 -> -339418.14 | O7: ='Table 1 (BA)(2027)'!K7 -> 356.91703 | P7: =IFERROR(ROUND(N7/O7/1000000*100,8)," ") -> -0.09509721
A8: =A7-1 -> -6 | C8: Small Industrial | D8: ='Table 2 (BA with Int)(2027)'!P92 -> 1857028.3 | E8: ='Table 2 (BA with Int)(2027)'!P67 -> 1859520.9 | F8: =E8-D8 -> 2492.5778 | G8: ='Table 2 (BA with Int)(2027)'!P14 -> -1929.1145 | H8: ='Table 2 (BA with Int)(2027)'!AF14 -> 37.216749 | I8: =+G8+H8 -> -1891.8978 | J8: =F8+I8 -> 600.68003 | K8: =+'Table 3 (BA+Int)(Jan-Apr2026)'!P40 -> -183312.14 | L8: =+'Table 3 (BA+Int)(Jan-Apr2026)'!P14 -> -10661.087 | M8: =K8+L8 -> -193973.23 | N8: =+M8+J8 -> -193372.55 | O8: ='Table 1 (BA)(2027)'!K8 -> 265.02803 | P8: =IFERROR(ROUND(N8/O8/1000000*100,8)," ") -> -0.07296305
A9: =A8-1 -> -7 | C9: Medium Industrial | D9: ='Table 2 (BA with Int)(2027)'!P93 -> 1470698.6 | E9: ='Table 2 (BA with Int)(2027)'!P68 -> 1490520.2 | F9: =E9-D9 -> 19821.605 | G9: ='Table 2 (BA with Int)(2027)'!P15 -> 733.07543 | H9: ='Table 2 (BA with Int)(2027)'!AF15 -> 1357.6367 | I9: =+G9+H9 -> 2090.7121 | J9: =F9+I9 -> 21912.317 | K9: =+'Table 3 (BA+Int)(Jan-Apr2026)'!P41 -> 271545.39 | L9: =+'Table 3 (BA+Int)(Jan-Apr2026)'!P15 -> 15663.945 | M9: =K9+L9 -> 287209.34 | N9: =+M9+J9 -> 309121.65 | O9: ='Table 1 (BA)(2027)'!K9 -> 495.33704 | P9: =IFERROR(ROUND(N9/O9/1000000*100,8)," ") -> 0.06240633
A10: =A9-1 -> -8 | C10: Large Industrial | D10: ='Table 2 (BA with Int)(2027)'!P94 -> 2574324.5 | E10: ='Table 2 (BA with Int)(2027)'!P69 -> 2695589 | F10: =E10-D10 -> 121264.55 | G10: ='Table 2 (BA with Int)(2027)'!P16 -> 4120.0728 | H10: ='Table 2 (BA with Int)(2027)'!AF16 -> 8281.6546 | I10: =+G10+H10 -> 12401.727 | J10: =F10+I10 -> 133666.28 | K10: =+'Table 3 (BA+Int)(Jan-Apr2026)'!P42 -> 466567.56 | L10: =+'Table 3 (BA+Int)(Jan-Apr2026)'!P16 -> 26927.087 | M10: =K10+L10 -> 493494.64 | N10: =+M10+J10 -> 627160.93 | O10: ='Table 1 (BA)(2027)'!K10 -> 631.16437 | P10: =IFERROR(ROUND(N10/O10/1000000*100,8)," ") -> 0.0993657
A11: =A10-1 -> -9 | C11: Unmetered | D11: ='Table 2 (BA with Int)(2027)'!P95 -> 270971.89 | E11: ='Table 2 (BA with Int)(2027)'!P70 -> 271627.12 | F11: =E11-D11 -> 655.22984 | G11: ='Table 2 (BA with Int)(2027)'!P17 -> 99.115373 | H11: ='Table 2 (BA with Int)(2027)'!AF17 -> 49.824501 | I11: =+G11+H11 -> 148.93987 | J11: =F11+I11 -> 804.16972 | K11: =+'Table 3 (BA+Int)(Jan-Apr2026)'!P43 -> -77279.981 | L11: =+'Table 3 (BA+Int)(Jan-Apr2026)'!P17 -> -4487.7837 | M11: =K11+L11 -> -81767.765 | N11: =+M11+J11 -> -80963.595 | O11: ='Table 1 (BA)(2027)'!K11 -> 75.434631 | P11: =IFERROR(ROUND(N11/O11/1000000*100,8)," ") -> -0.10732948
A12: =A11-1 -> -10 | C12: BUTU | D12: ='Table 2 (BA with Int)(2027)'!P96 -> 134052.12 | E12: ='Table 2 (BA with Int)(2027)'!P71 -> 134052.12 | F12: =E12-D12 -> 0 | G12: ='Table 2 (BA with Int)(2027)'!P18 -> 0 | H12: ='Table 2 (BA with Int)(2027)'!AF18 -> 0 | I12: =+G12+H12 -> 0 | J12: =F12+I12 -> 0 | K12: =+'Table 3 (BA+Int)(Jan-Apr2026)'!P44 -> 0 | L12: =+'Table 3 (BA+Int)(Jan-Apr2026)'!P18 -> 0 | M12: =K12+L12 -> 0 | N12: =+M12+J12 -> 0 | O12: ='Table 1 (BA)(2027)'!K12 -> 78.570102 | Q12: =N12/12 -> 0
A13: =A12-1 -> -11 | C13: Municipal | D13: =SUM(D14:D15) -> 874541.91 | E13: =SUM(E14:E15) -> 875429.95 | F13: =SUM(F14:F15) -> 888.04519 | G13: =SUM(G14:G15) -> -504.87824 | H13: =SUM(H14:H15) -> 25.308177 | I13: =+G13+H13 -> -479.57006 | J13: =F13+I13 -> 408.47513 | K13: =SUM(K14:K15) -> -66938.192 | L13: =SUM(L14:L15) -> -3900.8431 | M13: =SUM(M14:M15) -> -70839.035 | N13: =SUM(N14:N15) -> -70430.56 | O13: ='Table 1 (BA)(2027)'!K13 -> 42.528201 | P13: =SUM(P14:P15) -> -0.16560907 | Q13: =SUM(Q14:Q15) -> 0
A14: =A13-1 -> -12 | C14: Municipal Bundle Service Subtotal | D14: ='Table 2 (BA with Int)(2027)'!P98 -> 278465.91 | E14: ='Table 2 (BA with Int)(2027)'!P73 -> 279353.95 | F14: =E14-D14 -> 888.04519 | G14: ='Table 2 (BA with Int)(2027)'!P20 -> -504.87824 | H14: ='Table 2 (BA with Int)(2027)'!AF20 -> 25.308177 | I14: =+G14+H14 -> -479.57006 | J14: =F14+I14 -> 408.47513 | K14: =+'Table 3 (BA+Int)(Jan-Apr2026)'!P46 -> -66938.192 | L14: =+'Table 3 (BA+Int)(Jan-Apr2026)'!P20 -> -3900.8431 | M14: =K14+L14 -> -70839.035 | N14: =+M14+J14 -> -70430.56 | O14: ='Table 1 (BA)(2027)'!K14 -> 42.528201 | P14: =IFERROR(ROUND(N14/O14/1000000*100,8)," ") -> -0.16560907
A15: =A14-1 -> -13 | C15: Municipal Unbundled Service Subtotal | D15: =SUM(D16:D19) -> 596076 | E15: =SUM(E16:E19) -> 596076 | F15: =SUM(F16:F19) -> 0 | G15: =SUM(G16:G19) -> 0 | H15: ='Table 2 (BA with Int)(2027)'!AF21 -> 0 | I15: =+G15+H15 -> 0 | J15: =F15+I15 -> 0 | K15: =+'Table 3 (BA+Int)(Jan-Apr2026)'!P47 -> 0 | L15: =SUM(L16:L19) -> 0 | M15: =SUM(M16:M19) -> 0 | N15: =SUM(N16:N19) -> 0 | O15: ='Table 1 (BA)(2027)'!K15 -> 147.67314 | P15: =IFERROR(ROUND(N15/O15/1000000*100,8)," ") -> 0 | Q15: =SUM(Q16:Q19) -> 0
A16: =A15-1 -> -14 | C16: Antigonish | D16: ='Table 2 (BA with Int)(2027)'!P100 -> 329424 | E16: ='Table 2 (BA with Int)(2027)'!P75 -> 329424 | F16: =E16-D16 -> 0 | G16: ='Table 2 (BA with Int)(2027)'!P22 -> 0 | H16: ='Table 2 (BA with Int)(2027)'!AF22 -> 0 | I16: =+G16+H16 -> 0 | J16: =F16+I16 -> 0 | K16: =+'Table 3 (BA+Int)(Jan-Apr2026)'!P48 -> 0 | L16: =+'Table 3 (BA+Int)(Jan-Apr2026)'!P22 -> 0 | M16: =K16+L16 -> 0 | N16: =+M16+J16 -> 0 | O16: ='Table 1 (BA)(2027)'!K16 -> 90.158355 | P16: =IFERROR(ROUND(N16/O16/1000000*100,8)," ") -> 0 | Q16: =N16/12 -> 0
A17: =A16-1 -> -15 | C17: Berwick | D17: ='Table 2 (BA with Int)(2027)'!P101 -> 169824 | E17: ='Table 2 (BA with Int)(2027)'!P76 -> 169824 | F17: =E17-D17 -> 0 | G17: ='Table 2 (BA with Int)(2027)'!P23 -> 0 | H17: ='Table 2 (BA with Int)(2027)'!AF23 -> 0 | I17: =+G17+H17 -> 0 | J17: =F17+I17 -> 0 | K17: =+'Table 3 (BA+Int)(Jan-Apr2026)'!P49 -> 0 | L17: =+'Table 3 (BA+Int)(Jan-Apr2026)'!P23 -> 0 | M17: =K17+L17 -> 0 | N17: =+M17+J17 -> 0 | O17: ='Table 1 (BA)(2027)'!K17 -> 34.17296 | P17: =IFERROR(ROUND(N17/O17/1000000*100,8)," ") -> 0 | Q17: =N17/12 -> 0
A18: =A17-1 -> -16 | C18: Mahone Bay | D18: ='Table 2 (BA with Int)(2027)'!P102 -> 61608 | E18: ='Table 2 (BA with Int)(2027)'!P77 -> 61608 | F18: =E18-D18 -> 0 | G18: ='Table 2 (BA with Int)(2027)'!P24 -> 0 | H18: ='Table 2 (BA with Int)(2027)'!AF24 -> 0 | I18: =+G18+H18 -> 0 | J18: =F18+I18 -> 0 | K18: =+'Table 3 (BA+Int)(Jan-Apr2026)'!P50 -> 0 | L18: =+'Table 3 (BA+Int)(Jan-Apr2026)'!P24 -> 0 | M18: =K18+L18 -> 0 | N18: =+M18+J18 -> 0 | O18: ='Table 1 (BA)(2027)'!K18 -> 13.495507 | P18: =IFERROR(ROUND(N18/O18/1000000*100,8)," ") -> 0 | Q18: =N18/12 -> 0
A19: =A18-1 -> -17 | C19: Riverport | D19: ='Table 2 (BA with Int)(2027)'!P103 -> 35220 | E19: ='Table 2 (BA with Int)(2027)'!P78 -> 35220 | F19: =E19-D19 -> 0 | G19: ='Table 2 (BA with Int)(2027)'!P25 -> 0 | H19: ='Table 2 (BA with Int)(2027)'!AF25 -> 0 | I19: =+G19+H19 -> 0 | J19: =F19+I19 -> 0 | K19: =+'Table 3 (BA+Int)(Jan-Apr2026)'!P51 -> 0 | L19: =+'Table 3 (BA+Int)(Jan-Apr2026)'!P25 -> 0 | M19: =K19+L19 -> 0 | N19: =+M19+J19 -> 0 | O19: ='Table 1 (BA)(2027)'!K19 -> 9.8463224 | P19: =IFERROR(ROUND(N19/O19/1000000*100,8)," ") -> 0 | Q19: =N19/12 -> 0
A20: =A19-1 -> -18
A21: =A20-1 -> -19 | C21: Gen. Repl. / Load Following. | D21: ='Table 2 (BA with Int)(2027)'!P106 -> 20126.642 | E21: ='Table 2 (BA with Int)(2027)'!P81 -> 16507.388 | F21: =E21-D21 -> -3619.2541 | G21: ='Table 2 (BA with Int)(2027)'!P28 -> -24.428971 | H21: ='Table 2 (BA with Int)(2027)'!AF28 -> -240.66526 | I21: =+G21+H21 -> -265.09424 | J21: =F21+I21 -> -3884.3483 | K21: =+'Table 3 (BA+Int)(Jan-Apr2026)'!P54 -> -1196.1088 | L21: =+'Table 3 (BA+Int)(Jan-Apr2026)'!P28 -> -77.71884 | M21: =K21+L21 -> -1273.8277 | N21: =+M21+J21 -> -5158.176 | O21: ='Table 1 (BA)(2027)'!K21 -> 19.491576 | P21: =IFERROR(ROUND(N21/O21/1000000*100,8)," ") -> -0.02646362
A22: =A21-1 -> -20 | C22: 1P-RTP | D22: ='Table 2 (BA with Int)(2027)'!P107 -> 11606.049 | E22: ='Table 2 (BA with Int)(2027)'!P82 -> 12408.535 | F22: =E22-D22 -> 802.48681 | G22: ='Table 2 (BA with Int)(2027)'!P29 -> 91.677182 | H22: ='Table 2 (BA with Int)(2027)'!AF29 -> 59.059531 | I22: =+G22+H22 -> 150.73671 | J22: =F22+I22 -> 953.22352 | K22: =+'Table 3 (BA+Int)(Jan-Apr2026)'!P55 -> -1374.5681 | L22: =+'Table 3 (BA+Int)(Jan-Apr2026)'!P29 -> -79.721128 | M22: =K22+L22 -> -1454.2893 | N22: =+M22+J22 -> -501.06574 | O22: ='Table 1 (BA)(2027)'!K22 -> 11.074486 | P22: =IFERROR(ROUND(N22/O22/1000000*100,8)," ") -> -0.00452451
A23: =A22-1 -> -21 | C23: Shore Power | D23: ='Table 2 (BA with Int)(2027)'!P108 -> 1655.5278 | E23: ='Table 2 (BA with Int)(2027)'!P83 -> 1229.3142 | F23: =E23-D23 -> -426.21353 | G23: ='Table 2 (BA with Int)(2027)'!P30 -> -2.5556808 | H23: ='Table 2 (BA with Int)(2027)'!AF30 -> -28.320207 | I23: =+G23+H23 -> -30.875887 | J23: =F23+I23 -> -457.08942 | K23: =+'Table 3 (BA+Int)(Jan-Apr2026)'!P56 -> 0 | L23: =+'Table 3 (BA+Int)(Jan-Apr2026)'!P30 -> -4.8863017e-05 | M23: =K23+L23 -> -4.8863017e-05 | N23: =+M23+J23 -> -457.08947 | O23: ='Table 1 (BA)(2027)'!K23 -> 1.6406512 | P23: =IFERROR(ROUND(N23/O23/1000000*100,8)," ") -> -0.02786025
A24: =A23-1 -> -22
A25: =A24-1 -> -23 | C25: Total | D25: =SUM(D4:D13,D21:D24) -> 62606719 | E25: =SUM(E4:E13,E21:E24) -> 62429909 | F25: =SUM(F4:F13,F21:F24) -> -176810.19 | G25: =SUM(G4:G13,G21:G24) -> -120598.02 | H25: =SUM(H4:H13,H21:H24) -> -19643.813 | I25: =SUM(I4:I13,I21:I24) -> -140241.84 | J25: =SUM(J4:J13,J21:J24) -> -317052.03 | K25: =SUM(K4:K13,K21:K24) -> 1253218.2 | ... O25: =SUM(O4:O13,O21:O24) -> 10209.22 | Q25: =SUM(Q4:Q13,Q21:Q24) -> 0

Sheet Table 2 (BA with Int)(2027)
A1: COLUMN | B1: A | D1: B | E1: C | F1: D | G1: E | H1: F | I1: G | J1: H | K1: I | L1: J | M1: K | N1: L | O1: M | P1: N
A2: Line # | B2: Table 2: 2027 DSM BA1 - Interest Calculations on Volume Variance
A3: -1 | R3: Table 2: 2027 DSM BA1 - Interest Calculations on Volume Variance
A4: =A3-1 -> -2 | B4: Interest Rate through March 31, 2025 | F4: 0.0672 | G4: (NSPI WACC)
A5: =A4-1 -> -3 | B5: Interest Rate changed in April 2025 | F5: 0.0665 | G5: (NSPI WACC) | R5: Interest Rate through March 31, 2025 | V5: 0.0672 | W5: (NSPI WACC)
A6: =A5-1 -> -4 | B6: Interest Rate changed in April 2026 | F6: 0.0659 | G6: (NSPI WACC) | R6: Interest Rate changed in April 2025 | V6: 0.0665 | W6: (NSPI WACC)
A7: =A6-1 -> -5 | R7: Interest Rate changed in April 2026 | V7: 0.0659 | W7: (NSPI WACC)
A8: =A7-1 -> -6
A9: =A8-1 -> -7 | B9: Monthly Interest on Variance | D9: 45658 | E9: =EDATE(D9,1) -> 45689 | F9: =EDATE(E9,1) -> 45717 | G9: =EDATE(F9,1) -> 45748 | H9: =EDATE(G9,1) -> 45778 | I9: =EDATE(H9,1) -> 45809 | J9: =EDATE(I9,1) -> 45839 | K9: =EDATE(J9,1) -> 45870 | L9: =EDATE(K9,1) -> 45901 | ... O9: =EDATE(N9,1) -> 45992 | P9: Total | R9: Monthly Interest on Variance | T9: 46023 | U9: =EDATE(T9,1) -> 46054 | V9: =EDATE(U9,1) -> 46082 | W9: =EDATE(V9,1) -> 46113 | X9: =EDATE(W9,1) -> 46143 | Y9: =EDATE(X9,1) -> 46174 | Z9: =EDATE(Y9,1) -> 46204 | AA9: =EDATE(Z9,1) -> 46235 | AB9: =EDATE(AA9,1) -> 46266 | ... AE9: =EDATE(AD9,1) -> 46357 | AF9: Total
A10: =A9-1 -> -8 | B10: Residential | D10: =(SUM($D36:D36))*$F$4/12 -> -8105.0524 | E10: =(SUM($D36:E36))*$F$4/12 -> -17264.275 | F10: =(SUM($D36:F36))*$F$4/12 -> -20321.538 | G10: =(SUM($D36:G36))*$F$5/12 -> -20577.045 | H10: =(SUM($D36:H36))*$F$5/12 -> -16803.036 | I10: =(SUM($D36:I36))*$F$5/12 -> -12218.132 | J10: =(SUM($D36:J36))*$F$5/12 -> -7956.0516 | K10: =(SUM($D36:K36))*$F$5/12 -> -3083.6618 | L10: =(SUM($D36:L36))*$F$5/12 -> 2801.4132 | M10: =(SUM($D36:M36))*$F$5/12 -> 8669.9365 | N10: =(SUM($D36:N36))*$F$5/12 -> 8483.173 | O10: =(SUM($D36:O36))*$F$5/12 -> 12.918277 | P10: =SUM(D10:O10) -> -86361.352 | R10: Residential | T10: =($P10+$P36)*$V$6/12 -> -465.66755 | U10: =($P10+$P36)*$V$6/12 -> -465.66755 | V10: =($P10+$P36)*$V$6/12 -> -465.66755 | W10: =($P10+$P36)*$V$7/12 -> -461.46604 | X10: =($P10+$P36)*$V$7/12 -> -461.46604 | Y10: =($P10+$P36)*$V$7/12 -> -461.46604 | Z10: =($P10+$P36)*$V$7/12 -> -461.46604 | AA10: =($P10+$P36)*$V$7/12 -> -461.46604 | AB10: =($P10+$P36)*$V$7/12 -> -461.46604 | AC10: =($P10+$P36)*$V$7/12 -> -461.46604 | AD10: =($P10+$P36)*$V$7/12 -> -461.46604 | AE10: =($P10+$P36)*$V$7/12 -> -461.46604 | AF10: =SUM(T10:AE10) -> -5550.197
A11: =A10-1 -> -9 | B11: Small General | D11: =(SUM($D37:D37))*$F$4/12 -> -783.21928 | E11: =(SUM($D37:E37))*$F$4/12 -> -1434.3154 | F11: =(SUM($D37:F37))*$F$4/12 -> -2014.4417 | G11: =(SUM($D37:G37))*$F$5/12 -> -2055.9951 | H11: =(SUM($D37:H37))*$F$5/12 -> -2153.7542 | I11: =(SUM($D37:I37))*$F$5/12 -> -2010.8148 | J11: =(SUM($D37:J37))*$F$5/12 -> -2087.5349 | K11: =(SUM($D37:K37))*$F$5/12 -> -2016.4182 | L11: =(SUM($D37:L37))*$F$5/12 -> -1800.2579 | M11: =(SUM($D37:M37))*$F$5/12 -> -1521.3894 | N11: =(SUM($D37:N37))*$F$5/12 -> -1535.2575 | O11: =(SUM($D37:O37))*$F$5/12 -> -1929.1323 | P11: =SUM(D11:O11) -> -21342.531 | R11: Small General | T11: =($P11+$P37)*$V$6/12 -> -2047.4055 | U11: =($P11+$P37)*$V$6/12 -> -2047.4055 | V11: =($P11+$P37)*$V$6/12 -> -2047.4055 | W11: =($P11+$P37)*$V$7/12 -> -2028.9326 | X11: =($P11+$P37)*$V$7/12 -> -2028.9326 | Y11: =($P11+$P37)*$V$7/12 -> -2028.9326 | Z11: =($P11+$P37)*$V$7/12 -> -2028.9326 | AA11: =($P11+$P37)*$V$7/12 -> -2028.9326 | AB11: =($P11+$P37)*$V$7/12 -> -2028.9326 | AC11: =($P11+$P37)*$V$7/12 -> -2028.9326 | AD11: =($P11+$P37)*$V$7/12 -> -2028.9326 | AE11: =($P11+$P37)*$V$7/12 -> -2028.9326 | AF11: =SUM(T11:AE11) -> -24402.61
A12: =A11-1 -> -10 | B12: General Demand | D12: =(SUM($D38:D38))*$F$4/12 -> -1784.105 | E12: =(SUM($D38:E38))*$F$4/12 -> -3362.1899 | F12: =(SUM($D38:F38))*$F$4/12 -> -3529.7406 | G12: =(SUM($D38:G38))*$F$5/12 -> -3200.2489 | H12: =(SUM($D38:H38))*$F$5/12 -> -2342.8536 | I12: =(SUM($D38:I38))*$F$5/12 -> -1960.4663 | J12: =(SUM($D38:J38))*$F$5/12 -> -1760.0856 | K12: =(SUM($D38:K38))*$F$5/12 -> -1234.7088 | L12: =(SUM($D38:L38))*$F$5/12 -> -217.43436 | M12: =(SUM($D38:M38))*$F$5/12 -> 834.39612 | N12: =(SUM($D38:N38))*$F$5/12 -> 914.26286 | O12: =(SUM($D38:O38))*$F$5/12 -> -254.69242 | P12: =SUM(D12:O12) -> -17897.867 | R12: General Demand | T12: =($P12+$P38)*$V$6/12 -> -353.87643 | U12: =($P12+$P38)*$V$6/12 -> -353.87643 | V12: =($P12+$P38)*$V$6/12 -> -353.87643 | W12: =($P12+$P38)*$V$7/12 -> -350.68356 | X12: =($P12+$P38)*$V$7/12 -> -350.68356 | Y12: =($P12+$P38)*$V$7/12 -> -350.68356 | Z12: =($P12+$P38)*$V$7/12 -> -350.68356 | AA12: =($P12+$P38)*$V$7/12 -> -350.68356 | AB12: =($P12+$P38)*$V$7/12 -> -350.68356 | AC12: =($P12+$P38)*$V$7/12 -> -350.68356 | AD12: =($P12+$P38)*$V$7/12 -> -350.68356 | AE12: =($P12+$P38)*$V$7/12 -> -350.68356 | AF12: =SUM(T12:AE12) -> -4217.7813
A13: =A12-1 -> -11 | B13: Large General | D13: =(SUM($D39:D39))*$F$4/12 -> -3.103399 | E13: =(SUM($D39:E39))*$F$4/12 -> -17.215452 | F13: =(SUM($D39:F39))*$F$4/12 -> 46.090922 | G13: =(SUM($D39:G39))*$F$5/12 -> 62.329731 | H13: =(SUM($D39:H39))*$F$5/12 -> 278.90673 | I13: =(SUM($D39:I39))*$F$5/12 -> 472.49633 | J13: =(SUM($D39:J39))*$F$5/12 -> 271.44955 | K13: =(SUM($D39:K39))*$F$5/12 -> 218.5849 | L13: =(SUM($D39:L39))*$F$5/12 -> 210.69091 | M13: =(SUM($D39:M39))*$F$5/12 -> 148.2438 | N13: =(SUM($D39:N39))*$F$5/12 -> 327.45234 | O13: =(SUM($D39:O39))*$F$5/12 -> 404.83699 | P13: =SUM(D13:O13) -> 2420.7633 | R13: Large General | T13: =($P13+$P39)*$V$6/12 -> 418.25205 | U13: =($P13+$P39)*$V$6/12 -> 418.25205 | V13: =($P13+$P39)*$V$6/12 -> 418.25205 | W13: =($P13+$P39)*$V$7/12 -> 414.47835 | X13: =($P13+$P39)*$V$7/12 -> 414.47835 | Y13: =($P13+$P39)*$V$7/12 -> 414.47835 | Z13: =($P13+$P39)*$V$7/12 -> 414.47835 | AA13: =($P13+$P39)*$V$7/12 -> 414.47835 | AB13: =($P13+$P39)*$V$7/12 -> 414.47835 | AC13: =($P13+$P39)*$V$7/12 -> 414.47835 | AD13: =($P13+$P39)*$V$7/12 -> 414.47835 | AE13: =($P13+$P39)*$V$7/12 -> 414.47835 | AF13: =SUM(T13:AE13) -> 4985.0613
A14: =A13-1 -> -12 | B14: Small Industrial | D14: =(SUM($D40:D40))*$F$4/12 -> -161.83901 | E14: =(SUM($D40:E40))*$F$4/12 -> -226.99656 | F14: =(SUM($D40:F40))*$F$4/12 -> -228.69494 | G14: =(SUM($D40:G40))*$F$5/12 -> -209.3165 | H14: =(SUM($D40:H40))*$F$5/12 -> -181.65966 | I14: =(SUM($D40:I40))*$F$5/12 -> -264.83274 | J14: =(SUM($D40:J40))*$F$5/12 -> -347.31775 | K14: =(SUM($D40:K40))*$F$5/12 -> -304.27492 | L14: =(SUM($D40:L40))*$F$5/12 -> -151.36248 | M14: =(SUM($D40:M40))*$F$5/12 -> 49.184578 | N14: =(SUM($D40:N40))*$F$5/12 -> 84.182438 | O14: =(SUM($D40:O40))*$F$5/12 -> 13.813035 | P14: =SUM(D14:O14) -> -1929.1145 | R14: Small Industrial | T14: =($P14+$P40)*$V$6/12 -> 3.1225257 | U14: =($P14+$P40)*$V$6/12 -> 3.1225257 | V14: =($P14+$P40)*$V$6/12 -> 3.1225257 | W14: =($P14+$P40)*$V$7/12 -> 3.0943525 | X14: =($P14+$P40)*$V$7/12 -> 3.0943525 | Y14: =($P14+$P40)*$V$7/12 -> 3.0943525 | Z14: =($P14+$P40)*$V$7/12 -> 3.0943525 | AA14: =($P14+$P40)*$V$7/12 -> 3.0943525 | AB14: =($P14+$P40)*$V$7/12 -> 3.0943525 | AC14: =($P14+$P40)*$V$7/12 -> 3.0943525 | AD14: =($P14+$P40)*$V$7/12 -> 3.0943525 | AE14: =($P14+$P40)*$V$7/12 -> 3.0943525 | AF14: =SUM(T14:AE14) -> 37.216749
A15: =A14-1 -> -13 | B15: Medium Industrial | D15: =(SUM($D41:D41))*$F$4/12 -> 32.085575 | E15: =(SUM($D41:E41))*$F$4/12 -> 2.682877 | F15: =(SUM($D41:F41))*$F$4/12 -> 29.330484 | G15: =(SUM($D41:G41))*$F$5/12 -> 63.81917 | H15: =(SUM($D41:H41))*$F$5/12 -> 51.413066 | I15: =(SUM($D41:I41))*$F$5/12 -> 25.230244 | J15: =(SUM($D41:J41))*$F$5/12 -> -11.076294 | K15: =(SUM($D41:K41))*$F$5/12 -> 30.142956 | L15: =(SUM($D41:L41))*$F$5/12 -> 95.945045 | M15: =(SUM($D41:M41))*$F$5/12 -> 164.36787 | N15: =(SUM($D41:N41))*$F$5/12 -> 139.2897 | O15: =(SUM($D41:O41))*$F$5/12 -> 109.84473 | P15: =SUM(D15:O15) -> 733.07543 | R15: Medium Industrial | T15: =($P15+$P41)*$V$6/12 -> 113.90719 | U15: =($P15+$P41)*$V$6/12 -> 113.90719 | V15: =($P15+$P41)*$V$6/12 -> 113.90719 | W15: =($P15+$P41)*$V$7/12 -> 112.87945 | X15: =($P15+$P41)*$V$7/12 -> 112.87945 | Y15: =($P15+$P41)*$V$7/12 -> 112.87945 | Z15: =($P15+$P41)*$V$7/12 -> 112.87945 | AA15: =($P15+$P41)*$V$7/12 -> 112.87945 | AB15: =($P15+$P41)*$V$7/12 -> 112.87945 | AC15: =($P15+$P41)*$V$7/12 -> 112.87945 | AD15: =($P15+$P41)*$V$7/12 -> 112.87945 | AE15: =($P15+$P41)*$V$7/12 -> 112.87945 | AF15: =SUM(T15:AE15) -> 1357.6367
A16: =A15-1 -> -14 | B16: Large Industrial | D16: =(SUM($D42:D42))*$F$4/12 -> 56.964649 | E16: =(SUM($D42:E42))*$F$4/12 -> 84.914003 | F16: =(SUM($D42:F42))*$F$4/12 -> 126.33922 | G16: =(SUM($D42:G42))*$F$5/12 -> 134.15189 | H16: =(SUM($D42:H42))*$F$5/12 -> 293.22464 | I16: =(SUM($D42:I42))*$F$5/12 -> 429.66603 | J16: =(SUM($D42:J42))*$F$5/12 -> 485.87445 | K16: =(SUM($D42:K42))*$F$5/12 -> 474.17076 | L16: =(SUM($D42:L42))*$F$5/12 -> 389.6563 | M16: =(SUM($D42:M42))*$F$5/12 -> 387.57761 | N16: =(SUM($D42:N42))*$F$5/12 -> 585.52548 | O16: =(SUM($D42:O42))*$F$5/12 -> 672.00774 | P16: =SUM(D16:O16) -> 4120.0728 | R16: Large Industrial | T16: =($P16+$P42)*$V$6/12 -> 694.83981 | U16: =($P16+$P42)*$V$6/12 -> 694.83981 | V16: =($P16+$P42)*$V$6/12 -> 694.83981 | W16: =($P16+$P42)*$V$7/12 -> 688.57058 | X16: =($P16+$P42)*$V$7/12 -> 688.57058 | Y16: =($P16+$P42)*$V$7/12 -> 688.57058 | Z16: =($P16+$P42)*$V$7/12 -> 688.57058 | AA16: =($P16+$P42)*$V$7/12 -> 688.57058 | AB16: =($P16+$P42)*$V$7/12 -> 688.57058 | AC16: =($P16+$P42)*$V$7/12 -> 688.57058 | AD16: =($P16+$P42)*$V$7/12 -> 688.57058 | AE16: =($P16+$P42)*$V$7/12 -> 688.57058 | AF16: =SUM(T16:AE16) -> 8281.6546
A17: =A16-1 -> -15 | B17: Unmetered | D17: =(SUM($D43:D43))*$F$4/12 -> 2.6452663 | E17: =(SUM($D43:E43))*$F$4/12 -> 1.3049952 | F17: =(SUM($D43:F43))*$F$4/12 -> 9.9648713 | G17: =(SUM($D43:G43))*$F$5/12 -> 11.389254 | H17: =(SUM($D43:H43))*$F$5/12 -> 31.715177 | I17: =(SUM($D43:I43))*$F$5/12 -> 6.7419102 | J17: =(SUM($D43:J43))*$F$5/12 -> 6.5677051 | K17: =(SUM($D43:K43))*$F$5/12 -> 11.563066 | L17: =(SUM($D43:L43))*$F$5/12 -> 4.9599115 | M17: =(SUM($D43:M43))*$F$5/12 -> 7.2981268 | N17: =(SUM($D43:N43))*$F$5/12 -> 1.3340239 | O17: =(SUM($D43:O43))*$F$5/12 -> 3.6310654 | P17: =SUM(D17:O17) -> 99.115373 | R17: Unmetered | T17: =($P17+$P43)*$V$6/12 -> 4.1803297 | U17: =($P17+$P43)*$V$6/12 -> 4.1803297 | V17: =($P17+$P43)*$V$6/12 -> 4.1803297 | W17: =($P17+$P43)*$V$7/12 -> 4.1426125 | X17: =($P17+$P43)*$V$7/12 -> 4.1426125 | Y17: =($P17+$P43)*$V$7/12 -> 4.1426125 | Z17: =($P17+$P43)*$V$7/12 -> 4.1426125 | AA17: =($P17+$P43)*$V$7/12 -> 4.1426125 | AB17: =($P17+$P43)*$V$7/12 -> 4.1426125 | AC17: =($P17+$P43)*$V$7/12 -> 4.1426125 | AD17: =($P17+$P43)*$V$7/12 -> 4.1426125 | AE17: =($P17+$P43)*$V$7/12 -> 4.1426125 | AF17: =SUM(T17:AE17) -> 49.824501
A18: =A17-1 -> -16 | B18: BUTU | D18: =(SUM($D44:D44))*$F$4/12 -> 0 | E18: =(SUM($D44:E44))*$F$4/12 -> 0 | F18: =(SUM($D44:F44))*$F$4/12 -> 0 | G18: =(SUM($D44:G44))*$F$5/12 -> 0 | H18: =(SUM($D44:H44))*$F$5/12 -> 0 | I18: =(SUM($D44:I44))*$F$5/12 -> 0 | J18: =(SUM($D44:J44))*$F$5/12 -> 0 | K18: =(SUM($D44:K44))*$F$5/12 -> 0 | L18: =(SUM($D44:L44))*$F$5/12 -> 0 | M18: =(SUM($D44:M44))*$F$5/12 -> 0 | N18: =(SUM($D44:N44))*$F$5/12 -> 0 | O18: =(SUM($D44:O44))*$F$5/12 -> 0 | P18: =SUM(D18:O18) -> 0 | R18: BUTU | T18: =($P18+$P44)*$V$6/12 -> 0 | U18: =($P18+$P44)*$V$6/12 -> 0 | V18: =($P18+$P44)*$V$6/12 -> 0 | W18: =($P18+$P44)*$V$7/12 -> 0 | X18: =($P18+$P44)*$V$7/12 -> 0 | Y18: =($P18+$P44)*$V$7/12 -> 0 | Z18: =($P18+$P44)*$V$7/12 -> 0 | AA18: =($P18+$P44)*$V$7/12 -> 0 | AB18: =($P18+$P44)*$V$7/12 -> 0 | AC18: =($P18+$P44)*$V$7/12 -> 0 | AD18: =($P18+$P44)*$V$7/12 -> 0 | AE18: =($P18+$P44)*$V$7/12 -> 0 | AF18: =SUM(T18:AE18) -> 0
A19: =A18-1 -> -17 | B19: Municipal Class | G19: =(SUM($D45:G45))*$F$5/12 -> 0 | I19: =(SUM($D45:I45))*$F$5/12 -> 0 | P19: =SUM(D19:O19) -> 0 | R19: Municipal Class | T19: =($P19+$P45)*$V$6/12 -> 0 | U19: =($P19+$P45)*$V$6/12 -> 0 | V19: =($P19+$P45)*$V$6/12 -> 0 | W19: =($P19+$P45)*$V$7/12 -> 0 | X19: =($P19+$P45)*$V$7/12 -> 0 | Y19: =($P19+$P45)*$V$7/12 -> 0 | Z19: =($P19+$P45)*$V$7/12 -> 0 | AA19: =($P19+$P45)*$V$7/12 -> 0 | AB19: =($P19+$P45)*$V$7/12 -> 0 | AC19: =($P19+$P45)*$V$7/12 -> 0 | AD19: =($P19+$P45)*$V$7/12 -> 0 | AE19: =($P19+$P45)*$V$7/12 -> 0 | AF19: =SUM(T19:AE19) -> 0
A20: =A19-1 -> -18 | B20: Municipal Bundle Service Subtotal | D20: =(SUM($D46:D46))*$F$4/12 -> -52.093041 | E20: =(SUM($D46:E46))*$F$4/12 -> -104.54244 | F20: =(SUM($D46:F46))*$F$4/12 -> -125.99265 | G20: =(SUM($D46:G46))*$F$5/12 -> -142.4028 | H20: =(SUM($D46:H46))*$F$5/12 -> -93.962439 | I20: =(SUM($D46:I46))*$F$5/12 -> -54.501478 | J20: =(SUM($D46:J46))*$F$5/12 -> -33.242684 | K20: =(SUM($D46:K46))*$F$5/12 -> -10.986402 | L20: =(SUM($D46:L46))*$F$5/12 -> 14.509714 | M20: =(SUM($D46:M46))*$F$5/12 -> 42.501558 | N20: =(SUM($D46:N46))*$F$5/12 -> 50.913173 | O20: =(SUM($D46:O46))*$F$5/12 -> 4.9212505 | P20: =SUM(D20:O20) -> -504.87824 | R20: Municipal Bundle Service Subtotal | T20: =($P20+$P46)*$V$6/12 -> 2.1233835 | U20: =($P20+$P46)*$V$6/12 -> 2.1233835 | V20: =($P20+$P46)*$V$6/12 -> 2.1233835 | W20: =($P20+$P46)*$V$7/12 -> 2.1042252 | X20: =($P20+$P46)*$V$7/12 -> 2.1042252 | Y20: =($P20+$P46)*$V$7/12 -> 2.1042252 | Z20: =($P20+$P46)*$V$7/12 -> 2.1042252 | AA20: =($P20+$P46)*$V$7/12 -> 2.1042252 | AB20: =($P20+$P46)*$V$7/12 -> 2.1042252 | AC20: =($P20+$P46)*$V$7/12 -> 2.1042252 | AD20: =($P20+$P46)*$V$7/12 -> 2.1042252 | AE20: =($P20+$P46)*$V$7/12 -> 2.1042252 | AF20: =SUM(T20:AE20) -> 25.308177
A21: =A20-1 -> -19 | B21: Municipal Unbundle Service Subtotal | D21: =SUM(D22:D25) -> 0 | E21: =SUM(E22:E25) -> 0 | F21: =SUM(F22:F25) -> 0 | G21: =(SUM($D47:G47))*$F$5/12 -> 0 | H21: =(SUM($D47:H47))*$F$5/12 -> 0 | I21: =(SUM($D47:I47))*$F$5/12 -> 0 | J21: =(SUM($D47:J47))*$F$5/12 -> 0 | K21: =(SUM($D47:K47))*$F$5/12 -> 0 | L21: =(SUM($D47:L47))*$F$5/12 -> 0 | M21: =(SUM($D47:M47))*$F$5/12 -> 0 | N21: =(SUM($D47:N47))*$F$5/12 -> 0 | O21: =(SUM($D47:O47))*$F$5/12 -> 0 | P21: =SUM(D21:O21) -> 0 | R21: Municipal Unbundle Service Subtotal | T21: =($P21+$P47)*$V$6/12 -> 0 | U21: =($P21+$P47)*$V$6/12 -> 0 | V21: =($P21+$P47)*$V$6/12 -> 0 | W21: =($P21+$P47)*$V$7/12 -> 0 | X21: =($P21+$P47)*$V$7/12 -> 0 | Y21: =($P21+$P47)*$V$7/12 -> 0 | Z21: =($P21+$P47)*$V$7/12 -> 0 | AA21: =($P21+$P47)*$V$7/12 -> 0 | AB21: =($P21+$P47)*$V$7/12 -> 0 | AC21: =($P21+$P47)*$V$7/12 -> 0 | AD21: =($P21+$P47)*$V$7/12 -> 0 | AE21: =($P21+$P47)*$V$7/12 -> 0 | AF21: =SUM(T21:AE21) -> 0
A22: =A21-1 -> -20 | B22: Antigonish | D22: =(SUM($D48:D48))*$F$4/12 -> 0 | E22: =(SUM($D48:E48))*$F$4/12 -> 0 | F22: =(SUM($D48:F48))*$F$4/12 -> 0 | G22: =(SUM($D48:G48))*$F$5/12 -> 0 | H22: =(SUM($D48:H48))*$F$5/12 -> 0 | I22: =(SUM($D48:I48))*$F$5/12 -> 0 | J22: =(SUM($D48:J48))*$F$5/12 -> 0 | K22: =(SUM($D48:K48))*$F$5/12 -> 0 | L22: =(SUM($D48:L48))*$F$5/12 -> 0 | M22: =(SUM($D48:M48))*$F$5/12 -> 0 | N22: =(SUM($D48:N48))*$F$5/12 -> 0 | O22: =(SUM($D48:O48))*$F$5/12 -> 0 | P22: =SUM(D22:O22) -> 0 | R22: Antigonish | T22: =($P22+$P48)*$V$6/12 -> 0 | U22: =($P22+$P48)*$V$6/12 -> 0 | V22: =($P22+$P48)*$V$6/12 -> 0 | W22: =($P22+$P48)*$V$7/12 -> 0 | X22: =($P22+$P48)*$V$7/12 -> 0 | Y22: =($P22+$P48)*$V$7/12 -> 0 | Z22: =($P22+$P48)*$V$7/12 -> 0 | AA22: =($P22+$P48)*$V$7/12 -> 0 | AB22: =($P22+$P48)*$V$7/12 -> 0 | AC22: =($P22+$P48)*$V$7/12 -> 0 | AD22: =($P22+$P48)*$V$7/12 -> 0 | AE22: =($P22+$P48)*$V$7/12 -> 0 | AF22: =SUM(T22:AE22) -> 0
A23: =A22-1 -> -21 | B23: Berwick | D23: =(SUM($D49:D49))*$F$4/12 -> 0 | E23: =(SUM($D49:E49))*$F$4/12 -> 0 | F23: =(SUM($D49:F49))*$F$4/12 -> 0 | G23: =(SUM($D49:G49))*$F$5/12 -> 0 | H23: =(SUM($D49:H49))*$F$5/12 -> 0 | I23: =(SUM($D49:I49))*$F$5/12 -> 0 | J23: =(SUM($D49:J49))*$F$5/12 -> 0 | K23: =(SUM($D49:K49))*$F$5/12 -> 0 | L23: =(SUM($D49:L49))*$F$5/12 -> 0 | M23: =(SUM($D49:M49))*$F$5/12 -> 0 | N23: =(SUM($D49:N49))*$F$5/12 -> 0 | O23: =(SUM($D49:O49))*$F$5/12 -> 0 | P23: =SUM(D23:O23) -> 0 | R23: Berwick | T23: =($P23+$P49)*$V$6/12 -> 0 | U23: =($P23+$P49)*$V$6/12 -> 0 | V23: =($P23+$P49)*$V$6/12 -> 0 | W23: =($P23+$P49)*$V$7/12 -> 0 | X23: =($P23+$P49)*$V$7/12 -> 0 | Y23: =($P23+$P49)*$V$7/12 -> 0 | Z23: =($P23+$P49)*$V$7/12 -> 0 | AA23: =($P23+$P49)*$V$7/12 -> 0 | AB23: =($P23+$P49)*$V$7/12 -> 0 | AC23: =($P23+$P49)*$V$7/12 -> 0 | AD23: =($P23+$P49)*$V$7/12 -> 0 | AE23: =($P23+$P49)*$V$7/12 -> 0 | AF23: =SUM(T23:AE23) -> 0
A24: =A23-1 -> -22 | B24: Mahone Bay | D24: =(SUM($D50:D50))*$F$4/12 -> 0 | E24: =(SUM($D50:E50))*$F$4/12 -> 0 | F24: =(SUM($D50:F50))*$F$4/12 -> 0 | G24: =(SUM($D50:G50))*$F$5/12 -> 0 | H24: =(SUM($D50:H50))*$F$5/12 -> 0 | I24: =(SUM($D50:I50))*$F$5/12 -> 0 | J24: =(SUM($D50:J50))*$F$5/12 -> 0 | K24: =(SUM($D50:K50))*$F$5/12 -> 0 | L24: =(SUM($D50:L50))*$F$5/12 -> 0 | M24: =(SUM($D50:M50))*$F$5/12 -> 0 | N24: =(SUM($D50:N50))*$F$5/12 -> 0 | O24: =(SUM($D50:O50))*$F$5/12 -> 0 | P24: =SUM(D24:O24) -> 0 | R24: Mahone Bay | T24: =($P24+$P50)*$V$6/12 -> 0 | U24: =($P24+$P50)*$V$6/12 -> 0 | V24: =($P24+$P50)*$V$6/12 -> 0 | W24: =($P24+$P50)*$V$7/12 -> 0 | X24: =($P24+$P50)*$V$7/12 -> 0 | Y24: =($P24+$P50)*$V$7/12 -> 0 | Z24: =($P24+$P50)*$V$7/12 -> 0 | AA24: =($P24+$P50)*$V$7/12 -> 0 | AB24: =($P24+$P50)*$V$7/12 -> 0 | AC24: =($P24+$P50)*$V$7/12 -> 0 | AD24: =($P24+$P50)*$V$7/12 -> 0 | AE24: =($P24+$P50)*$V$7/12 -> 0 | AF24: =SUM(T24:AE24) -> 0
A25: =A24-1 -> -23 | B25: Riverport | D25: =(SUM($D51:D51))*$F$4/12 -> 0 | E25: =(SUM($D51:E51))*$F$4/12 -> 0 | F25: =(SUM($D51:F51))*$F$4/12 -> 0 | G25: =(SUM($D51:G51))*$F$5/12 -> 0 | H25: =(SUM($D51:H51))*$F$5/12 -> 0 | I25: =(SUM($D51:I51))*$F$5/12 -> 0 | J25: =(SUM($D51:J51))*$F$5/12 -> 0 | K25: =(SUM($D51:K51))*$F$5/12 -> 0 | L25: =(SUM($D51:L51))*$F$5/12 -> 0 | M25: =(SUM($D51:M51))*$F$5/12 -> 0 | N25: =(SUM($D51:N51))*$F$5/12 -> 0 | O25: =(SUM($D51:O51))*$F$5/12 -> 0 | P25: =SUM(D25:O25) -> 0 | R25: Riverport | T25: =($P25+$P51)*$V$6/12 -> 0 | U25: =($P25+$P51)*$V$6/12 -> 0 | V25: =($P25+$P51)*$V$6/12 -> 0 | W25: =($P25+$P51)*$V$7/12 -> 0 | X25: =($P25+$P51)*$V$7/12 -> 0 | Y25: =($P25+$P51)*$V$7/12 -> 0 | Z25: =($P25+$P51)*$V$7/12 -> 0 | AA25: =($P25+$P51)*$V$7/12 -> 0 | AB25: =($P25+$P51)*$V$7/12 -> 0 | AC25: =($P25+$P51)*$V$7/12 -> 0 | AD25: =($P25+$P51)*$V$7/12 -> 0 | AE25: =($P25+$P51)*$V$7/12 -> 0 | AF25: =SUM(T25:AE25) -> 0
A26: =A25-1 -> -24 | B26: Customer moving Load to OATT | G26: =(SUM($D52:G52))*$F$5/12 -> 0 | H26: =(SUM($D52:H52))*$F$5/12 -> 0 | I26: =(SUM($D52:I52))*$F$5/12 -> 0 | J26: =(SUM($D52:J52))*$F$5/12 -> 0 | K26: =(SUM($D52:K52))*$F$5/12 -> 0 | L26: =(SUM($D52:L52))*$F$5/12 -> 0 | M26: =(SUM($D52:M52))*$F$5/12 -> 0 | N26: =(SUM($D52:N52))*$F$5/12 -> 0 | O26: =(SUM($D52:O52))*$F$5/12 -> 0 | P26: =SUM(D26:O26) -> 0 | R26: Customer moving Load to OATT | T26: =($P26+$P52)*$V$6/12 -> 0 | U26: =($P26+$P52)*$V$6/12 -> 0 | V26: =($P26+$P52)*$V$6/12 -> 0 | W26: =($P26+$P52)*$V$7/12 -> 0 | X26: =($P26+$P52)*$V$7/12 -> 0 | Y26: =($P26+$P52)*$V$7/12 -> 0 | Z26: =($P26+$P52)*$V$7/12 -> 0 | AA26: =($P26+$P52)*$V$7/12 -> 0 | AB26: =($P26+$P52)*$V$7/12 -> 0 | AC26: =($P26+$P52)*$V$7/12 -> 0 | AD26: =($P26+$P52)*$V$7/12 -> 0 | AE26: =($P26+$P52)*$V$7/12 -> 0 | AF26: =SUM(T26:AE26) -> 0
A27: =A26-1 -> -25 | B27: Municipal before BUTU | D27: =D21+D20 -> -52.093041 | E27: =E21+E20 -> -104.54244 | F27: =F21+F20 -> -125.99265 | G27: =(SUM($D53:G53))*$F$5/12 -> -142.4028 | H27: =(SUM($D53:H53))*$F$5/12 -> -93.962439 | I27: =(SUM($D53:I53))*$F$5/12 -> -54.501478 | J27: =(SUM($D53:J53))*$F$5/12 -> -33.242684 | K27: =(SUM($D53:K53))*$F$5/12 -> -10.986402 | L27: =(SUM($D53:L53))*$F$5/12 -> 14.509714 | M27: =(SUM($D53:M53))*$F$5/12 -> 42.501558 | N27: =(SUM($D53:N53))*$F$5/12 -> 50.913173 | O27: =(SUM($D53:O53))*$F$5/12 -> 4.9212505 | P27: =SUM(D27:O27) -> -504.87824 | R27: Municipal before BUTU | T27: =($P27+$P53)*$V$6/12 -> 2.1233835 | U27: =($P27+$P53)*$V$6/12 -> 2.1233835 | V27: =($P27+$P53)*$V$6/12 -> 2.1233835 | W27: =($P27+$P53)*$V$7/12 -> 2.1042252 | X27: =($P27+$P53)*$V$7/12 -> 2.1042252 | Y27: =($P27+$P53)*$V$7/12 -> 2.1042252 | Z27: =($P27+$P53)*$V$7/12 -> 2.1042252 | AA27: =($P27+$P53)*$V$7/12 -> 2.1042252 | AB27: =($P27+$P53)*$V$7/12 -> 2.1042252 | AC27: =($P27+$P53)*$V$7/12 -> 2.1042252 | AD27: =($P27+$P53)*$V$7/12 -> 2.1042252 | AE27: =($P27+$P53)*$V$7/12 -> 2.1042252 | AF27: =SUM(T27:AE27) -> 25.308177
A28: =A27-1 -> -26 | B28: Gen. Repl. / Load Following. | D28: =(SUM($D54:D54))*$F$4/12 -> 3.1795273 | E28: =(SUM($D54:E54))*$F$4/12 -> 3.0443163 | F28: =(SUM($D54:F54))*$F$4/12 -> 2.3227342 | G28: =(SUM($D54:G54))*$F$5/12 -> 9.7211521 | H28: =(SUM($D54:H54))*$F$5/12 -> 17.017084 | I28: =(SUM($D54:I54))*$F$5/12 -> 22.73505 | J28: =(SUM($D54:J54))*$F$5/12 -> 20.936449 | K28: =(SUM($D54:K54))*$F$5/12 -> 3.4198501 | L28: =(SUM($D54:L54))*$F$5/12 -> -10.883805 | M28: =(SUM($D54:M54))*$F$5/12 -> -25.792006 | N28: =(SUM($D54:N54))*$F$5/12 -> -50.072622 | O28: =(SUM($D54:O54))*$F$5/12 -> -20.0567 | P28: =SUM(D28:O28) -> -24.428971 | R28: Gen. Repl. / Load Following. | T28: =($P28+$P54)*$V$6/12 -> -20.192077 | U28: =($P28+$P54)*$V$6/12 -> -20.192077 | V28: =($P28+$P54)*$V$6/12 -> -20.192077 | W28: =($P28+$P54)*$V$7/12 -> -20.009893 | X28: =($P28+$P54)*$V$7/12 -> -20.009893 | Y28: =($P28+$P54)*$V$7/12 -> -20.009893 | Z28: =($P28+$P54)*$V$7/12 -> -20.009893 | AA28: =($P28+$P54)*$V$7/12 -> -20.009893 | AB28: =($P28+$P54)*$V$7/12 -> -20.009893 | AC28: =($P28+$P54)*$V$7/12 -> -20.009893 | AD28: =($P28+$P54)*$V$7/12 -> -20.009893 | AE28: =($P28+$P54)*$V$7/12 -> -20.009893 | AF28: =SUM(T28:AE28) -> -240.66526
A29: =A28-1 -> -27 | B29: 1P-RTP | D29: =(SUM($D55:D55))*$F$4/12 -> 4.2266494 | E29: =(SUM($D55:E55))*$F$4/12 -> 6.7755906 | F29: =(SUM($D55:F55))*$F$4/12 -> 11.827369 | G29: =(SUM($D55:G55))*$F$5/12 -> 14.242103 | H29: =(SUM($D55:H55))*$F$5/12 -> 15.995645 | I29: =(SUM($D55:I55))*$F$5/12 -> 9.3586685 | J29: =(SUM($D55:J55))*$F$5/12 -> 7.6865828 | K29: =(SUM($D55:K55))*$F$5/12 -> 5.158181 | L29: =(SUM($D55:L55))*$F$5/12 -> 5.6595256 | M29: =(SUM($D55:M55))*$F$5/12 -> 3.889517 | N29: =(SUM($D55:N55))*$F$5/12 -> 2.4102368 | O29: =(SUM($D55:O55))*$F$5/12 -> 4.4471144 | P29: =SUM(D29:O29) -> 91.677182 | R29: 1P-RTP | T29: =($P29+$P55)*$V$6/12 -> 4.9551588 | U29: =($P29+$P55)*$V$6/12 -> 4.9551588 | V29: =($P29+$P55)*$V$6/12 -> 4.9551588 | W29: =($P29+$P55)*$V$7/12 -> 4.9104506 | X29: =($P29+$P55)*$V$7/12 -> 4.9104506 | Y29: =($P29+$P55)*$V$7/12 -> 4.9104506 | Z29: =($P29+$P55)*$V$7/12 -> 4.9104506 | AA29: =($P29+$P55)*$V$7/12 -> 4.9104506 | AB29: =($P29+$P55)*$V$7/12 -> 4.9104506 | AC29: =($P29+$P55)*$V$7/12 -> 4.9104506 | AD29: =($P29+$P55)*$V$7/12 -> 4.9104506 | AE29: =($P29+$P55)*$V$7/12 -> 4.9104506 | AF29: =SUM(T29:AE29) -> 59.059531
A30: =A29-1 -> -28 | B30: Shore Power | D30: =(SUM($D56:D56))*$F$4/12 -> 0.58468206 | E30: =(SUM($D56:E56))*$F$4/12 -> 1.112782 | F30: =(SUM($D56:F56))*$F$4/12 -> 1.697464 | G30: =(SUM($D56:G56))*$F$5/12 -> 2.2387123 | H30: =(SUM($D56:H56))*$F$5/12 -> 2.1344284 | I30: =(SUM($D56:I56))*$F$5/12 -> 0.94026845 | J30: =(SUM($D56:J56))*$F$5/12 -> 0.5974714 | K30: =(SUM($D56:K56))*$F$5/12 -> -0.94324113 | L30: =(SUM($D56:L56))*$F$5/12 -> -2.2311795 | M30: =(SUM($D56:M56))*$F$5/12 -> -3.3846105 | N30: =(SUM($D56:N56))*$F$5/12 -> -2.940525 | O30: =(SUM($D56:O56))*$F$5/12 -> -2.3619333 | P30: =SUM(D30:O30) -> -2.5556808 | R30: Shore Power | T30: =($P30+$P56)*$V$6/12 -> -2.3760961 | U30: =($P30+$P56)*$V$6/12 -> -2.3760961 | V30: =($P30+$P56)*$V$6/12 -> -2.3760961 | W30: =($P30+$P56)*$V$7/12 -> -2.3546576 | X30: =($P30+$P56)*$V$7/12 -> -2.3546576 | Y30: =($P30+$P56)*$V$7/12 -> -2.3546576 | Z30: =($P30+$P56)*$V$7/12 -> -2.3546576 | AA30: =($P30+$P56)*$V$7/12 -> -2.3546576 | AB30: =($P30+$P56)*$V$7/12 -> -2.3546576 | AC30: =($P30+$P56)*$V$7/12 -> -2.3546576 | AD30: =($P30+$P56)*$V$7/12 -> -2.3546576 | AE30: =($P30+$P56)*$V$7/12 -> -2.3546576 | AF30: =SUM(T30:AE30) -> -28.320207
A31: =A30-1 -> -29 | H31: =(SUM($D57:H57))*$F$5/12 -> 0 | P31: =SUM(D31:O31) -> 0 | X31: =(SUM($D57:X57))*$F$5/12 -> 0
A32: =A31-1 -> -30 | B32: Total | D32: =SUM(D10:D18,D27:D31) -> -10789.726 | E32: =SUM(E10:E18,E27:E31) -> -22309.7 | F32: =SUM(F10:F18,F27:F31) -> -25992.835 | G32: =SUM(G10:G18,G27:G31) -> -25887.117 | H32: =SUM(H10:H18,H27:H31) -> -20884.859 | I32: =SUM(I10:I18,I27:I31) -> -15541.579 | J32: =SUM(J10:J18,J27:J31) -> -11402.197 | K32: =SUM(K10:K18,K27:K31) -> -5907.9537 | ... O32: =SUM(O10:O18,O27:O31) -> -979.82314 | P32: =SUM(D32:O32) -> -120598.02 | R32: Total | T32: =SUM(T10:T18,T27:T31) -> -1648.1372 | U32: =SUM(U10:U18,U27:U31) -> -1648.1372 | V32: =SUM(V10:V18,V27:V31) -> -1648.1372 | W32: =SUM(W10:W18,W27:W31) -> -1633.2668 | X32: =SUM(X10:X18,X27:X31) -> -1633.2668 | Y32: =SUM(Y10:Y18,Y27:Y31) -> -1633.2668 | Z32: =SUM(Z10:Z18,Z27:Z31) -> -1633.2668 | AA32: =SUM(AA10:AA18,AA27:AA31) -> -1633.2668 | ... AE32: =SUM(AE10:AE18,AE27:AE31) -> -1633.2668 | AF32: =SUM(T32:AE32) -> -19643.813
A33: =A32-1 -> -31
A34: =A33-1 -> -32
A35: =A34-1 -> -33 | B35: Variance | D35: =+D9 -> 45658 | E35: =+E9 -> 45689 | F35: =+F9 -> 45717 | G35: =+G9 -> 45748 | H35: =+H9 -> 45778 | I35: =+I9 -> 45809 | J35: =+J9 -> 45839 | K35: =+K9 -> 45870 | ... O35: =+O9 -> 45992 | P35: Total
A36: =A35-1 -> -34 | B36: Residential | D36: =D63-D88 -> -1447330.8 | E36: =E63-E88 -> -1635575.5 | F36: =F63-F88 -> -545939.83 | G36: =G63-G88 -> -84304.896 | H36: =H63-H88 -> 681024.18 | I36: =I63-I88 -> 827351.1 | J36: =J63-J88 -> 769097.27 | K36: =K63-K88 -> 879228.23 | ... O36: =O63-O88 -> -1528467 | P36: =SUM(D36:O36) -> 2331.1176
A37: =A36-1 -> -35 | B37: Small General | D37: =D64-D89 -> -139860.59 | E37: =E64-E89 -> -116267.17 | F37: =F64-F89 -> -103593.98 | G37: =G64-G89 -> -11284.908 | H37: =H64-H89 -> -17640.74 | I37: =I64-I89 -> 25793.576 | J37: =J64-J89 -> -13844.218 | K37: =K64-K89 -> 12833.089 | ... O37: =O64-O89 -> -71075.141 | P37: =SUM(D37:O37) -> -348114.1
A38: =A37-1 -> -36 | B38: General Demand | D38: =D65-D90 -> -318590.18 | E38: =E65-E90 -> -281800.86 | F38: =F65-F90 -> -29919.779 | G38: =G65-G90 -> 52822.311 | H38: =H65-H90 -> 154717.95 | I38: =I65-I90 -> 69002.211 | J38: =J65-J90 -> 36158.922 | K38: =K65-K90 -> 94804.836 | ... O38: =O65-O90 -> -210939.3 | P38: =SUM(D38:O38) -> -45959.534
A39: =A38-1 -> -37 | B39: Large General | D39: =D66-D91 -> -554.17838 | E39: =E66-E91 -> -2520.0094 | F39: =F66-F91 -> 11304.71 | G39: =G66-G91 -> 3016.9484 | H39: =H66-H91 -> 39081.564 | I39: =I66-I91 -> 34933.462 | J39: =J66-J91 -> -36279.119 | K39: =K66-K91 -> -9539.4849 | ... O39: =O66-O91 -> 13964.147 | P39: =SUM(D39:O39) -> 73053.291
A40: =A39-1 -> -38 | B40: Small Industrial | D40: =D67-D92 -> -28899.823 | E40: =E67-E92 -> -11635.276 | F40: =F67-F92 -> -303.28291 | G40: =G67-G92 -> 3066.9843 | H40: =H67-H92 -> 4990.7083 | I40: =I67-I92 -> -15008.677 | J40: =J67-J92 -> -14884.513 | K40: =K67-K92 -> 7767.1275 | ... O40: =O67-O92 -> -12698.238 | P40: =SUM(D40:O40) -> 2492.5778
A41: =A40-1 -> -39 | B41: Medium Industrial | D41: =D68-D93 -> 5729.567 | E41: =E68-E93 -> -5250.4819 | F41: =F68-F93 -> 4758.5013 | G41: =G68-G93 -> 6278.6548 | H41: =H68-H93 -> -2238.6955 | I41: =I68-I93 -> -4724.7198 | J41: =J68-J93 -> -6551.5558 | K41: =K68-K93 -> 7438.0602 | ... O41: =O68-O93 -> -5313.3785 | P41: =SUM(D41:O41) -> 19821.605
A42: =A41-1 -> -40 | B42: Large Industrial | D42: =D69-D94 -> 10172.259 | E42: =E69-E94 -> 4990.956 | F42: =F69-F94 -> 7397.3598 | G42: =G69-G94 -> 1647.2859 | H42: =H69-H94 -> 28704.857 | I42: =I69-I94 -> 24621.001 | J42: =J69-J94 -> 10142.873 | K42: =K69-K94 -> -2111.9433 | ... O42: =O69-O94 -> 15605.822 | P42: =SUM(D42:O42) -> 121264.55
A43: =A42-1 -> -41 | B43: Unmetered | D43: =D70-D95 -> 472.36898 | E43: =E70-E95 -> -239.33412 | F43: =F70-F95 -> 1546.4064 | G43: =G70-G95 -> 275.7625 | H43: =H70-H95 -> 3667.8357 | I43: =I70-I95 -> -4506.4542 | J43: =J70-J95 -> -31.435501 | K43: =K70-K95 -> 901.41856 | ... O43: =O70-O95 -> 414.50373 | P43: =SUM(D43:O43) -> 655.22984
A44: =A43-1 -> -42 | B44: BUTU | D44: =D71-D96 -> 0 | E44: =E71-E96 -> 0 | F44: =F71-F96 -> 0 | G44: =G71-G96 -> 0 | H44: =H71-H96 -> 0 | I44: =I71-I96 -> 0 | J44: =J71-J96 -> 0 | K44: =K71-K96 -> 0 | ... O44: =O71-O96 -> 0 | P44: =SUM(D44:O44) -> 0
A45: =A44-1 -> -43 | B45: Municipal Class
A46: =A45-1 -> -44 | B46: Municipal Bundle Service Subtotal | D46: =D73-D98 -> -9302.3288 | E46: =E73-E98 -> -9365.9637 | F46: =F73-F98 -> -3830.3948 | G46: =G73-G98 -> -3198.0596 | H46: =H73-H98 -> 8741.1187 | I46: =I73-I98 -> 7120.7749 | J46: =J73-J98 -> 3836.1732 | K46: =K73-K98 -> 4016.1712 | ... O46: =O73-O98 -> -8299.2943 | P46: =SUM(D46:O46) -> 888.04519
A47: =A46-1 -> -45 | B47: Municipal Unbundle Service Subtotal | D47: =D74-D99 -> 0 | E47: =SUM(E48:E51) -> 0 | F47: =SUM(F48:F51) -> 0 | G47: =SUM(G48:G51) -> 0 | H47: =SUM(H48:H51) -> 0 | I47: =SUM(I48:I51) -> 0 | J47: =SUM(J48:J51) -> 0 | K47: =SUM(K48:K51) -> 0 | L47: =SUM(L48:L51) -> 0 | ... P47: =SUM(P48:P51) -> 0
A48: =A47-1 -> -46 | B48: Antigonish | D48: =D75-D100 -> 0 | E48: =E75-E100 -> 0 | F48: =F75-F100 -> 0 | G48: =G75-G100 -> 0 | H48: =H75-H100 -> 0 | I48: =I75-I100 -> 0 | J48: =J75-J100 -> 0 | K48: =K75-K100 -> 0 | ... O48: =O75-O100 -> 0 | P48: =SUM(D48:O48) -> 0
A49: =A48-1 -> -47 | B49: Berwick | D49: =D76-D101 -> 0 | E49: =E76-E101 -> 0 | F49: =F76-F101 -> 0 | G49: =G76-G101 -> 0 | H49: =H76-H101 -> 0 | I49: =I76-I101 -> 0 | J49: =J76-J101 -> 0 | K49: =K76-K101 -> 0 | ... O49: =O76-O101 -> 0 | P49: =SUM(D49:O49) -> 0
A50: =A49-1 -> -48 | B50: Mahone Bay | D50: =D77-D102 -> 0 | E50: =E77-E102 -> 0 | F50: =F77-F102 -> 0 | G50: =G77-G102 -> 0 | H50: =H77-H102 -> 0 | I50: =I77-I102 -> 0 | J50: =J77-J102 -> 0 | K50: =K77-K102 -> 0 | ... O50: =O77-O102 -> 0 | P50: =SUM(D50:O50) -> 0
A51: =A50-1 -> -49 | B51: Riverport | D51: =D78-D103 -> 0 | E51: =E78-E103 -> 0 | F51: =F78-F103 -> 0 | G51: =G78-G103 -> 0 | H51: =H78-H103 -> 0 | I51: =I78-I103 -> 0 | J51: =J78-J103 -> 0 | K51: =K78-K103 -> 0 | ... O51: =O78-O103 -> 0 | P51: =SUM(D51:O51) -> 0
A52: =A51-1 -> -50 | B52: Customer moving Load to OATT
A53: =A52-1 -> -51 | B53: Municipal before BUTU | D53: =D80-D105 -> -9302.3288 | E53: =E47+E46 -> -9365.9637 | F53: =F47+F46 -> -3830.3948 | G53: =G47+G46 -> -3198.0596 | H53: =H47+H46 -> 8741.1187 | I53: =I47+I46 -> 7120.7749 | J53: =J47+J46 -> 3836.1732 | K53: =K47+K46 -> 4016.1712 | L53: =L47+L46 -> 4600.8029 | ... P53: =P47+P46 -> 888.04519
A54: =A53-1 -> -52 | B54: Gen. Repl. / Load Following. | D54: =D81-D106 -> 567.77274 | E54: =E81-E106 -> -24.144822 | F54: =F81-F106 -> -128.85396 | G54: =G81-G106 -> 1339.4189 | H54: =H81-H106 -> 1316.5591 | I54: =I81-I106 -> 1031.8135 | J54: =J81-J106 -> -324.55971 | K54: =K81-K106 -> -3160.8899 | ... O54: =O81-O106 -> 5416.4071 | P54: =SUM(D54:O54) -> -3619.2541
A55: =A54-1 -> -53 | B55: 1P-RTP | D55: =D82-D107 -> 754.75883 | E55: =E82-E107 -> 455.16806 | F55: =F82-F107 -> 902.10322 | G55: =G82-G107 -> 457.97335 | H55: =H82-H107 -> 316.42877 | I55: =I82-I107 -> -1197.6499 | J55: =J82-J107 -> -301.72976 | K55: =K82-K107 -> -456.25296 | ... O55: =O82-O107 -> 367.55686 | P55: =SUM(D55:O55) -> 802.48681
A56: =A55-1 -> -54 | B56: Shore Power | D56: =D83-D108 -> 104.40751 | E56: =E83-E108 -> 94.303557 | F56: =F83-F108 -> 104.40751 | G56: =G83-G108 -> 100.85958 | H56: =H83-H108 -> -18.818149 | I56: =I83-I108 -> -215.48751 | J56: =J83-J108 -> -61.858114 | K56: =K83-K108 -> -278.02331 | ... O56: =O83-O108 -> 104.40751 | P56: =SUM(D56:O56) -> -426.21353
A57: =A56-1 -> -55
A58: =A57-1 -> -56 | B58: Total | D58: =SUM(D36:D44,D53:D56) -> -1926736.8 | E58: =SUM(E36:E44,E53:E56) -> -2057138.3 | F58: =SUM(F36:F44,F53:F56) -> -657702.63 | G58: =SUM(G36:G44,G53:G56) -> -29781.665 | H58: =SUM(H36:H44,H53:H56) -> 902662.95 | I58: =SUM(I36:I44,I53:I56) -> 964200.94 | J58: =SUM(J36:J44,J53:J56) -> 746956.25 | K58: =SUM(K36:K44,K53:K56) -> 991442.34 | ... P58: =SUM(P36:P44,P53:P56) -> -176810.19
A59: =A58-1 -> -57
A60: =A59-1 -> -58 | B60: Days | D60: =E61-D61 -> 31 | E60: =F61-E61 -> 28 | F60: =G61-F61 -> 31 | G60: =H61-G61 -> 30 | H60: =I61-H61 -> 31 | I60: =J61-I61 -> 30 | J60: =K61-J61 -> 31 | K60: =L61-K61 -> 31 | ... N60: =O61-N61 -> 30 | O60: 31 | P60: =SUM(D60:O60) -> 365
A61: =A60-1 -> -59 | B61: 12 Months E1 2025 Contract Jan to Dec 2025 | D61: =+D9 -> 45658 | E61: =+E9 -> 45689 | F61: =+F9 -> 45717 | G61: =+G9 -> 45748 | H61: =+H9 -> 45778 | I61: =+I9 -> 45809 | J61: =+J9 -> 45839 | K61: =+K9 -> 45870 | ... O61: =+O9 -> 45992 | P61: Total
A62: =A61-1 -> -60
A63: =A62-1 -> -61 | B63: Residential | D63: ='Table 2 (BA)(2027)'!D63 -> 2953006.8 | E63: ='Table 2 (BA)(2027)'!E63 -> 2667232 | F63: ='Table 2 (BA)(2027)'!F63 -> 2953006.8 | G63: ='Table 2 (BA)(2027)'!G63 -> 2857748.6 | H63: ='Table 2 (BA)(2027)'!H63 -> 2953006.8 | I63: ='Table 2 (BA)(2027)'!I63 -> 2857748.6 | J63: ='Table 2 (BA)(2027)'!J63 -> 2953006.8 | K63: ='Table 2 (BA)(2027)'!K63 -> 2953006.8 | ... O63: ='Table 2 (BA)(2027)'!O63 -> 2953006.8 | P63: =SUM(D63:O63) -> 34769274
A64: =A63-1 -> -62 | B64: Small General | D64: ='Table 2 (BA)(2027)'!D64 -> 234799.06 | E64: ='Table 2 (BA)(2027)'!E64 -> 212076.57 | F64: ='Table 2 (BA)(2027)'!F64 -> 234799.06 | G64: ='Table 2 (BA)(2027)'!G64 -> 227224.9 | H64: ='Table 2 (BA)(2027)'!H64 -> 234799.06 | I64: ='Table 2 (BA)(2027)'!I64 -> 227224.9 | J64: ='Table 2 (BA)(2027)'!J64 -> 234799.06 | K64: ='Table 2 (BA)(2027)'!K64 -> 234799.06 | ... O64: ='Table 2 (BA)(2027)'!O64 -> 234799.06 | P64: =SUM(D64:O64) -> 2764569.6
A65: =A64-1 -> -63 | B65: General Demand | D65: ='Table 2 (BA)(2027)'!D65 -> 1253142.9 | E65: ='Table 2 (BA)(2027)'!E65 -> 1131871 | F65: ='Table 2 (BA)(2027)'!F65 -> 1253142.9 | G65: ='Table 2 (BA)(2027)'!G65 -> 1212718.9 | H65: ='Table 2 (BA)(2027)'!H65 -> 1253142.9 | I65: ='Table 2 (BA)(2027)'!I65 -> 1212718.9 | J65: ='Table 2 (BA)(2027)'!J65 -> 1253142.9 | K65: ='Table 2 (BA)(2027)'!K65 -> 1253142.9 | ... O65: ='Table 2 (BA)(2027)'!O65 -> 1253142.9 | P65: =SUM(D65:O65) -> 14754747
A66: =A65-1 -> -64 | B66: Large General | D66: ='Table 2 (BA)(2027)'!D66 -> 236486.18 | E66: ='Table 2 (BA)(2027)'!E66 -> 213600.42 | F66: ='Table 2 (BA)(2027)'!F66 -> 236486.18 | G66: ='Table 2 (BA)(2027)'!G66 -> 228857.59 | H66: ='Table 2 (BA)(2027)'!H66 -> 236486.18 | I66: ='Table 2 (BA)(2027)'!I66 -> 228857.59 | J66: ='Table 2 (BA)(2027)'!J66 -> 236486.18 | K66: ='Table 2 (BA)(2027)'!K66 -> 236486.18 | ... O66: ='Table 2 (BA)(2027)'!O66 -> 236486.18 | P66: =SUM(D66:O66) -> 2784434.1
A67: =A66-1 -> -65 | B67: Small Industrial | D67: ='Table 2 (BA)(2027)'!D67 -> 157931.91 | E67: ='Table 2 (BA)(2027)'!E67 -> 142648.18 | F67: ='Table 2 (BA)(2027)'!F67 -> 157931.91 | G67: ='Table 2 (BA)(2027)'!G67 -> 152837.33 | H67: ='Table 2 (BA)(2027)'!H67 -> 157931.91 | I67: ='Table 2 (BA)(2027)'!I67 -> 152837.33 | J67: ='Table 2 (BA)(2027)'!J67 -> 157931.91 | K67: ='Table 2 (BA)(2027)'!K67 -> 157931.91 | ... O67: ='Table 2 (BA)(2027)'!O67 -> 157931.91 | P67: =SUM(D67:O67) -> 1859520.9
A68: =A67-1 -> -66 | B68: Medium Industrial | D68: ='Table 2 (BA)(2027)'!D68 -> 126592.13 | E68: ='Table 2 (BA)(2027)'!E68 -> 114341.28 | F68: ='Table 2 (BA)(2027)'!F68 -> 126592.13 | G68: ='Table 2 (BA)(2027)'!G68 -> 122508.51 | H68: ='Table 2 (BA)(2027)'!H68 -> 126592.13 | I68: ='Table 2 (BA)(2027)'!I68 -> 122508.51 | J68: ='Table 2 (BA)(2027)'!J68 -> 126592.13 | K68: ='Table 2 (BA)(2027)'!K68 -> 126592.13 | ... O68: ='Table 2 (BA)(2027)'!O68 -> 126592.13 | P68: =SUM(D68:O68) -> 1490520.2
A69: =A68-1 -> -67 | B69: Large Industrial | D69: ='Table 2 (BA)(2027)'!D69 -> 228940.44 | E69: ='Table 2 (BA)(2027)'!E69 -> 206784.91 | F69: ='Table 2 (BA)(2027)'!F69 -> 228940.44 | G69: ='Table 2 (BA)(2027)'!G69 -> 221555.26 | H69: ='Table 2 (BA)(2027)'!H69 -> 228940.44 | I69: ='Table 2 (BA)(2027)'!I69 -> 221555.26 | J69: ='Table 2 (BA)(2027)'!J69 -> 228940.44 | K69: ='Table 2 (BA)(2027)'!K69 -> 228940.44 | ... O69: ='Table 2 (BA)(2027)'!O69 -> 228940.44 | P69: =SUM(D69:O69) -> 2695589
A70: =A69-1 -> -68 | B70: Unmetered | D70: ='Table 2 (BA)(2027)'!D70 -> 23069.701 | E70: ='Table 2 (BA)(2027)'!E70 -> 20837.149 | F70: ='Table 2 (BA)(2027)'!F70 -> 23069.701 | G70: ='Table 2 (BA)(2027)'!G70 -> 22325.517 | H70: ='Table 2 (BA)(2027)'!H70 -> 23069.701 | I70: ='Table 2 (BA)(2027)'!I70 -> 22325.517 | J70: ='Table 2 (BA)(2027)'!J70 -> 23069.701 | K70: ='Table 2 (BA)(2027)'!K70 -> 23069.701 | ... O70: ='Table 2 (BA)(2027)'!O70 -> 23069.701 | P70: =SUM(D70:O70) -> 271627.12
A71: =A70-1 -> -69 | B71: BUTU | D71: ='Table 2 (BA)(2027)'!D71 -> 11171.01 | E71: ='Table 2 (BA)(2027)'!E71 -> 11171.01 | F71: ='Table 2 (BA)(2027)'!F71 -> 11171.01 | G71: ='Table 2 (BA)(2027)'!G71 -> 11171.01 | H71: ='Table 2 (BA)(2027)'!H71 -> 11171.01 | I71: ='Table 2 (BA)(2027)'!I71 -> 11171.01 | J71: ='Table 2 (BA)(2027)'!J71 -> 11171.01 | K71: ='Table 2 (BA)(2027)'!K71 -> 11171.01 | ... O71: ='Table 2 (BA)(2027)'!O71 -> 11171.01 | P71: =SUM(D71:O71) -> 134052.12
A72: =A71-1 -> -70 | B72: Municipal Class | D72: ='Table 2 (BA)(2027)'!D72 -> 0 | E72: ='Table 2 (BA)(2027)'!E72 -> 0 | F72: ='Table 2 (BA)(2027)'!F72 -> 0 | G72: ='Table 2 (BA)(2027)'!G72 -> 0 | H72: ='Table 2 (BA)(2027)'!H72 -> 0 | I72: ='Table 2 (BA)(2027)'!I72 -> 0 | J72: ='Table 2 (BA)(2027)'!J72 -> 0 | K72: ='Table 2 (BA)(2027)'!K72 -> 0 | ... O72: ='Table 2 (BA)(2027)'!O72 -> 0
A73: =A72-1 -> -71 | B73: Municipal Bundle Service Subtotal | D73: ='Table 2 (BA)(2027)'!D73 -> 23725.952 | E73: ='Table 2 (BA)(2027)'!E73 -> 21429.892 | F73: ='Table 2 (BA)(2027)'!F73 -> 23725.952 | G73: ='Table 2 (BA)(2027)'!G73 -> 22960.599 | H73: ='Table 2 (BA)(2027)'!H73 -> 23725.952 | I73: ='Table 2 (BA)(2027)'!I73 -> 22960.599 | J73: ='Table 2 (BA)(2027)'!J73 -> 23725.952 | K73: ='Table 2 (BA)(2027)'!K73 -> 23725.952 | ... O73: ='Table 2 (BA)(2027)'!O73 -> 23725.952 | P73: =SUM(D73:O73) -> 279353.95
A74: =A73-1 -> -72 | B74: Municipal Unbundle Service Subtotal | D74: ='Table 2 (BA)(2027)'!D74 -> 49673 | E74: ='Table 2 (BA)(2027)'!E74 -> 49673 | F74: ='Table 2 (BA)(2027)'!F74 -> 49673 | G74: ='Table 2 (BA)(2027)'!G74 -> 49673 | H74: ='Table 2 (BA)(2027)'!H74 -> 49673 | I74: ='Table 2 (BA)(2027)'!I74 -> 49673 | J74: ='Table 2 (BA)(2027)'!J74 -> 49673 | K74: ='Table 2 (BA)(2027)'!K74 -> 49673 | ... O74: ='Table 2 (BA)(2027)'!O74 -> 49673 | P74: =SUM(D74:O74) -> 596076
A75: =A74-1 -> -73 | B75: Antigonish | D75: ='Table 2 (BA)(2027)'!D75 -> 27452 | E75: ='Table 2 (BA)(2027)'!E75 -> 27452 | F75: ='Table 2 (BA)(2027)'!F75 -> 27452 | G75: ='Table 2 (BA)(2027)'!G75 -> 27452 | H75: ='Table 2 (BA)(2027)'!H75 -> 27452 | I75: ='Table 2 (BA)(2027)'!I75 -> 27452 | J75: ='Table 2 (BA)(2027)'!J75 -> 27452 | K75: ='Table 2 (BA)(2027)'!K75 -> 27452 | ... O75: ='Table 2 (BA)(2027)'!O75 -> 27452 | P75: =SUM(D75:O75) -> 329424
A76: =A75-1 -> -74 | B76: Berwick | D76: ='Table 2 (BA)(2027)'!D76 -> 14152 | E76: ='Table 2 (BA)(2027)'!E76 -> 14152 | F76: ='Table 2 (BA)(2027)'!F76 -> 14152 | G76: ='Table 2 (BA)(2027)'!G76 -> 14152 | H76: ='Table 2 (BA)(2027)'!H76 -> 14152 | I76: ='Table 2 (BA)(2027)'!I76 -> 14152 | J76: ='Table 2 (BA)(2027)'!J76 -> 14152 | K76: ='Table 2 (BA)(2027)'!K76 -> 14152 | ... O76: ='Table 2 (BA)(2027)'!O76 -> 14152 | P76: =SUM(D76:O76) -> 169824
A77: =A76-1 -> -75 | B77: Mahone Bay | D77: ='Table 2 (BA)(2027)'!D77 -> 5134 | E77: ='Table 2 (BA)(2027)'!E77 -> 5134 | F77: ='Table 2 (BA)(2027)'!F77 -> 5134 | G77: ='Table 2 (BA)(2027)'!G77 -> 5134 | H77: ='Table 2 (BA)(2027)'!H77 -> 5134 | I77: ='Table 2 (BA)(2027)'!I77 -> 5134 | J77: ='Table 2 (BA)(2027)'!J77 -> 5134 | K77: ='Table 2 (BA)(2027)'!K77 -> 5134 | ... O77: ='Table 2 (BA)(2027)'!O77 -> 5134 | P77: =SUM(D77:O77) -> 61608
A78: =A77-1 -> -76 | B78: Riverport | D78: ='Table 2 (BA)(2027)'!D78 -> 2935 | E78: ='Table 2 (BA)(2027)'!E78 -> 2935 | F78: ='Table 2 (BA)(2027)'!F78 -> 2935 | G78: ='Table 2 (BA)(2027)'!G78 -> 2935 | H78: ='Table 2 (BA)(2027)'!H78 -> 2935 | I78: ='Table 2 (BA)(2027)'!I78 -> 2935 | J78: ='Table 2 (BA)(2027)'!J78 -> 2935 | K78: ='Table 2 (BA)(2027)'!K78 -> 2935 | ... O78: ='Table 2 (BA)(2027)'!O78 -> 2935 | P78: =SUM(D78:O78) -> 35220
A79: =A78-1 -> -77 | B79: Customer moving Load to OATT | D79: ='Table 2 (BA)(2027)'!D79 -> 0 | E79: ='Table 2 (BA)(2027)'!E79 -> 0 | F79: ='Table 2 (BA)(2027)'!F79 -> 0 | G79: ='Table 2 (BA)(2027)'!G79 -> 0 | H79: ='Table 2 (BA)(2027)'!H79 -> 0 | I79: ='Table 2 (BA)(2027)'!I79 -> 0 | J79: ='Table 2 (BA)(2027)'!J79 -> 0 | K79: ='Table 2 (BA)(2027)'!K79 -> 0 | ... O79: ='Table 2 (BA)(2027)'!O79 -> 0
A80: =A79-1 -> -78 | B80: Municipal before BUTU | D80: ='Table 2 (BA)(2027)'!D80 -> 73398.952 | E80: ='Table 2 (BA)(2027)'!E80 -> 71102.892 | F80: ='Table 2 (BA)(2027)'!F80 -> 73398.952 | G80: ='Table 2 (BA)(2027)'!G80 -> 72633.599 | H80: ='Table 2 (BA)(2027)'!H80 -> 73398.952 | I80: ='Table 2 (BA)(2027)'!I80 -> 72633.599 | J80: ='Table 2 (BA)(2027)'!J80 -> 73398.952 | K80: ='Table 2 (BA)(2027)'!K80 -> 73398.952 | ... O80: ='Table 2 (BA)(2027)'!O80 -> 73398.952 | P80: =SUM(D80:O80) -> 875429.95
A81: =A80-1 -> -79 | B81: Gen. Repl. / Load Following. | D81: ='Table 2 (BA)(2027)'!D81 -> 1401.9973 | E81: ='Table 2 (BA)(2027)'!E81 -> 1266.3202 | F81: ='Table 2 (BA)(2027)'!F81 -> 1401.9973 | G81: ='Table 2 (BA)(2027)'!G81 -> 1356.7716 | H81: ='Table 2 (BA)(2027)'!H81 -> 1401.9973 | I81: ='Table 2 (BA)(2027)'!I81 -> 1356.7716 | J81: ='Table 2 (BA)(2027)'!J81 -> 1401.9973 | K81: ='Table 2 (BA)(2027)'!K81 -> 1401.9973 | ... O81: ='Table 2 (BA)(2027)'!O81 -> 1401.9973 | P81: =SUM(D81:O81) -> 16507.388
A82: =A81-1 -> -80 | B82: 1P-RTP | D82: ='Table 2 (BA)(2027)'!D82 -> 1053.8756 | E82: ='Table 2 (BA)(2027)'!E82 -> 951.88765 | F82: ='Table 2 (BA)(2027)'!F82 -> 1053.8756 | G82: ='Table 2 (BA)(2027)'!G82 -> 1019.8796 | H82: ='Table 2 (BA)(2027)'!H82 -> 1053.8756 | I82: ='Table 2 (BA)(2027)'!I82 -> 1019.8796 | J82: ='Table 2 (BA)(2027)'!J82 -> 1053.8756 | K82: ='Table 2 (BA)(2027)'!K82 -> 1053.8756 | ... O82: ='Table 2 (BA)(2027)'!O82 -> 1053.8756 | P82: =SUM(D82:O82) -> 12408.535
A83: =A82-1 -> -81 | B83: Shore Power | D83: ='Table 2 (BA)(2027)'!D83 -> 104.40751 | E83: ='Table 2 (BA)(2027)'!E83 -> 94.303557 | F83: ='Table 2 (BA)(2027)'!F83 -> 104.40751 | G83: ='Table 2 (BA)(2027)'!G83 -> 101.03953 | H83: ='Table 2 (BA)(2027)'!H83 -> 104.40751 | I83: ='Table 2 (BA)(2027)'!I83 -> 101.03953 | J83: ='Table 2 (BA)(2027)'!J83 -> 104.40751 | K83: ='Table 2 (BA)(2027)'!K83 -> 104.40751 | ... O83: ='Table 2 (BA)(2027)'!O83 -> 104.40751 | P83: =SUM(D83:O83) -> 1229.3142
A84: =A83-1 -> -82
A85: =A84-1 -> -83 | B85: Total | D85: =SUM(D63:D71,D80:D83) -> 5301099.4 | E85: =SUM(E63:E71,E80:E83) -> 4793977.9 | F85: =SUM(F63:F71,F80:F83) -> 5301099.4 | G85: =SUM(G63:G71,G80:G83) -> 5132058.9 | H85: =SUM(H63:H71,H80:H83) -> 5301099.4 | I85: =SUM(I63:I71,I80:I83) -> 5132058.9 | J85: =SUM(J63:J71,J80:J83) -> 5301099.4 | K85: =SUM(K63:K71,K80:K83) -> 5301099.4 | ... P85: =SUM(P63:P71,P80:P83) -> 62429909
A86: =A85-1 -> -84
A87: =A86-1 -> -85 | B87: 12 Months Actual collection in DSM rider Jan to Dec 2025 (from revenue group)' | C87: Rate and Monthly Payments | D87: =D9 -> 45658 | E87: =E9 -> 45689 | F87: =F9 -> 45717 | G87: =G9 -> 45748 | H87: =H9 -> 45778 | I87: =I9 -> 45809 | J87: =J9 -> 45839 | K87: =K9 -> 45870 | ... O87: =O9 -> 45992 | P87: Total
A88: =A87-1 -> -86 | B88: Residential | C88: ='Table 2 (BA)(2027)'!C88 -> 0.657 | D88: =$C88*D113/100 -> 4400337.6 | E88: =$C88*E113/100 -> 4302807.5 | F88: =$C88*F113/100 -> 3498946.7 | G88: =$C88*G113/100 -> 2942053.5 | H88: =$C88*H113/100 -> 2271982.7 | I88: =$C88*I113/100 -> 2030397.5 | J88: =$C88*J113/100 -> 2183909.6 | K88: =$C88*K113/100 -> 2073778.6 | ... O88: =$C88*O113/100 -> 4481473.9 | P88: =SUM(D88:O88) -> 34766943
A89: =A88-1 -> -87 | B89: Small General | C89: ='Table 2 (BA)(2027)'!C89 -> 0.778 | D89: =$C89*D114/100 -> 374659.65 | E89: =$C89*E114/100 -> 328343.74 | F89: =$C89*F114/100 -> 338393.04 | G89: =$C89*G114/100 -> 238509.81 | H89: =$C89*H114/100 -> 252439.8 | I89: =$C89*I114/100 -> 201431.33 | J89: =$C89*J114/100 -> 248643.28 | K89: =$C89*K114/100 -> 221965.98 | ... O89: =$C89*O114/100 -> 305874.21 | P89: =SUM(D89:O89) -> 3112683.7
A90: =A89-1 -> -88 | B90: General Demand | C90: ='Table 2 (BA)(2027)'!C90 -> 0.635 | D90: =$C90*D115/100 -> 1571733 | E90: =$C90*E115/100 -> 1413671.8 | F90: =$C90*F115/100 -> 1283062.6 | G90: =$C90*G115/100 -> 1159896.6 | H90: =$C90*H115/100 -> 1098424.9 | I90: =$C90*I115/100 -> 1143716.7 | J90: =$C90*J115/100 -> 1216983.9 | K90: =$C90*K115/100 -> 1158338 | ... O90: =$C90*O115/100 -> 1464082.2 | P90: =SUM(D90:O90) -> 14800706
A91: =A90-1 -> -89 | B91: Large General | C91: ='Table 2 (BA)(2027)'!C91 -> 0.768 | D91: =$C91*D116/100 -> 237040.36 | E91: =$C91*E116/100 -> 216120.43 | F91: =$C91*F116/100 -> 225181.47 | G91: =$C91*G116/100 -> 225840.65 | H91: =$C91*H116/100 -> 197404.62 | I91: =$C91*I116/100 -> 193924.13 | J91: =$C91*J116/100 -> 272765.3 | K91: =$C91*K116/100 -> 246025.66 | ... O91: =$C91*O116/100 -> 222522.03 | P91: =SUM(D91:O91) -> 2711380.8
A92: =A91-1 -> -90 | B92: Small Industrial | C92: ='Table 2 (BA)(2027)'!C92 -> 0.72 | D92: =$C92*D117/100 -> 186831.73 | E92: =$C92*E117/100 -> 154283.45 | F92: =$C92*F117/100 -> 158235.19 | G92: =$C92*G117/100 -> 149770.35 | H92: =$C92*H117/100 -> 152941.2 | I92: =$C92*I117/100 -> 167846.01 | J92: =$C92*J117/100 -> 172816.42 | K92: =$C92*K117/100 -> 150164.78 | ... O92: =$C92*O117/100 -> 170630.15 | P92: =SUM(D92:O92) -> 1857028.3
A93: =A92-1 -> -91 | B93: Medium Industrial | C93: ='Table 2 (BA)(2027)'!C93 -> 0.306 | D93: =$C93*D118/100 -> 120862.56 | E93: =$C93*E118/100 -> 119591.76 | F93: =$C93*F118/100 -> 121833.63 | G93: =$C93*G118/100 -> 116229.86 | H93: =$C93*H118/100 -> 128830.82 | I93: =$C93*I118/100 -> 127233.23 | J93: =$C93*J118/100 -> 133143.69 | K93: =$C93*K118/100 -> 119154.07 | ... O93: =$C93*O118/100 -> 131905.51 | P93: =SUM(D93:O93) -> 1470698.6
A94: =A93-1 -> -92 | B94: Large Industrial | C94: ='Table 2 (BA)(2027)'!C94 -> 0.404 | D94: =$C94*D119/100 -> 218768.18 | E94: =$C94*E119/100 -> 201793.95 | F94: =$C94*F119/100 -> 221543.08 | G94: =$C94*G119/100 -> 219907.98 | H94: =$C94*H119/100 -> 200235.58 | I94: =$C94*I119/100 -> 196934.26 | J94: =$C94*J119/100 -> 218797.56 | K94: =$C94*K119/100 -> 231052.38 | ... O94: =$C94*O119/100 -> 213334.61 | P94: =SUM(D94:O94) -> 2574324.5
A95: =A94-1 -> -93 | B95: Unmetered | C95: ='Table 2 (BA)(2027)'!C95 -> 0.353 | D95: =$C95*D120/100 -> 22597.332 | E95: =$C95*E120/100 -> 21076.483 | F95: =$C95*F120/100 -> 21523.294 | G95: =$C95*G120/100 -> 22049.754 | H95: =$C95*H120/100 -> 19401.865 | I95: =$C95*I120/100 -> 26831.971 | J95: =$C95*J120/100 -> 23101.136 | K95: =$C95*K120/100 -> 22168.282 | ... O95: =$C95*O120/100 -> 22655.197 | P95: =SUM(D95:O95) -> 270971.89
A96: =A95-1 -> -94 | B96: BUTU | C96: ='Table 2 (BA)(2027)'!C96 -> 11171.01 | D96: =C96 -> 11171.01 | E96: =D96 -> 11171.01 | F96: =E96 -> 11171.01 | G96: =F96 -> 11171.01 | H96: =G96 -> 11171.01 | I96: =H96 -> 11171.01 | J96: =I96 -> 11171.01 | K96: =J96 -> 11171.01 | ... O96: =N96 -> 11171.01 | P96: =SUM(D96:O96) -> 134052.12
A97: =A96-1 -> -95 | B97: Municipal Class
A98: =A97-1 -> -96 | B98: Municipal Bundle Service Subtotal | C98: ='Table 2 (BA)(2027)'!C98 -> 0.65 | D98: =$C98*D123/100 -> 33028.281 | E98: =$C98*E123/100 -> 30795.856 | F98: =$C98*F123/100 -> 27556.347 | G98: =$C98*G123/100 -> 26158.659 | H98: =$C98*H123/100 -> 14984.834 | I98: =$C98*I123/100 -> 15839.824 | J98: =$C98*J123/100 -> 19889.779 | K98: =$C98*K123/100 -> 19709.781 | ... O98: =$C98*O123/100 -> 32025.246 | P98: =SUM(D98:O98) -> 278465.91
A99: =A98-1 -> -97 | B99: Municipal Unbundle Service Subtotal | D99: =SUM(D100:D103) -> 49673 | E99: =SUM(E100:E103) -> 49673 | F99: =SUM(F100:F103) -> 49673 | G99: =SUM(G100:G103) -> 49673 | H99: =SUM(H100:H103) -> 49673 | I99: =SUM(I100:I103) -> 49673 | J99: =SUM(J100:J103) -> 49673 | K99: =SUM(K100:K103) -> 49673 | ... O99: =SUM(O100:O103) -> 49673 | P99: =SUM(D99:O99) -> 596076
A100: =A99-1 -> -98 | B100: Antigonish | C100: ='Table 2 (BA)(2027)'!C100 -> 27452 | D100: =$C100 -> 27452 | E100: =$C100 -> 27452 | F100: =$C100 -> 27452 | G100: =$C100 -> 27452 | H100: =$C100 -> 27452 | I100: =$C100 -> 27452 | J100: =$C100 -> 27452 | K100: =$C100 -> 27452 | ... O100: =$C100 -> 27452 | P100: =SUM(D100:O100) -> 329424
...

Sheet Table 3 (BA)(Jan-Apr 2026)
A1: COLUMN | B1: A | D1: B | E1: C | F1: D | G1: E | H1: F | I1: G | J1: H | K1: I | L1: J | M1: K | N1: L | O1: M | P1: N
A2: Line # | B2: Table 3: 2027 DSM BA1 - Interest Calculations on Jan-Apr 2026 Variance
A3: -1
A4: =A3-1 -> -2 | B4: Interest Rate through March 31, 2025 | F4: 0 | G4: (NSPI WACC)
A5: =A4-1 -> -3 | B5: Interest Rate changed in April 2025 | F5: 0 | G5: (NSPI WACC)
A6: =A5-1 -> -4 | B6: Interest Rate changed in April 2025 | F6: 0 | G6: (NSPI WACC)
A7: =A6-1 -> -5
A8: =A7-1 -> -6
A9: =A8-1 -> -7 | B9: Monthly Interest on Variance | D9: 46023 | E9: =EDATE(D9,1) -> 46054 | F9: =EDATE(E9,1) -> 46082 | G9: =EDATE(F9,1) -> 46113 | H9: =EDATE(G9,1) -> 46143 | I9: =EDATE(H9,1) -> 46174 | J9: =EDATE(I9,1) -> 46204 | K9: =EDATE(J9,1) -> 46235 | L9: =EDATE(K9,1) -> 46266 | ... O9: =EDATE(N9,1) -> 46357 | P9: Total
A10: =A9-1 -> -8 | B10: Residential | D10: =(SUM($D36:D36))*$F$4/12 -> 0 | E10: =(SUM($D36:E36))*$F$4/12 -> 0 | F10: =(SUM($D36:F36))*$F$4/12 -> 0 | G10: =(SUM($D36:G36))*$F$4/12 -> 0 | H10: =(SUM($D36:H36))*$F$4/12 -> 0 | I10: =(SUM($D36:I36))*$F$5/12 -> 0 | J10: =(SUM(($D36:J36),$D10:$I10))*$F$6/12 -> 0 | K10: =(SUM(($D36:K36),$D10:$I10))*$F$6/12 -> 0 | L10: =(SUM(($D36:L36),$D10:$I10))*$F$6/12 -> 0 | M10: =(SUM(($D36:M36),$D10:$I10))*$F$6/12 -> 0 | N10: =(SUM(($D36:N36),$D10:$I10))*$F$6/12 -> 0 | O10: =(SUM(($D36:O36),$D10:$I10))*$F$6/12 -> 0 | P10: =SUM(D10:O10) -> 0
A11: =A10-1 -> -9 | B11: Small General | D11: =(SUM($D37:D37))*$F$4/12 -> 0 | E11: =(SUM($D37:E37))*$F$4/12 -> 0 | F11: =(SUM($D37:F37))*$F$4/12 -> 0 | G11: =(SUM($D37:G37))*$F$4/12 -> 0 | H11: =(SUM($D37:H37))*$F$4/12 -> 0 | I11: =(SUM($D37:I37))*$F$5/12 -> 0 | J11: =(SUM(($D37:J37),$D11:$I11))*$F$6/12 -> 0 | K11: =(SUM(($D37:K37),$D11:$I11))*$F$6/12 -> 0 | L11: =(SUM(($D37:L37),$D11:$I11))*$F$6/12 -> 0 | M11: =(SUM(($D37:M37),$D11:$I11))*$F$6/12 -> 0 | N11: =(SUM(($D37:N37),$D11:$I11))*$F$6/12 -> 0 | O11: =(SUM(($D37:O37),$D11:$I11))*$F$6/12 -> 0 | P11: =SUM(D11:O11) -> 0
A12: =A11-1 -> -10 | B12: General Demand | D12: =(SUM($D38:D38))*$F$4/12 -> 0 | E12: =(SUM($D38:E38))*$F$4/12 -> 0 | F12: =(SUM($D38:F38))*$F$4/12 -> 0 | G12: =(SUM($D38:G38))*$F$4/12 -> 0 | H12: =(SUM($D38:H38))*$F$4/12 -> 0 | I12: =(SUM($D38:I38))*$F$5/12 -> 0 | J12: =(SUM(($D38:J38),$D12:$I12))*$F$6/12 -> 0 | K12: =(SUM(($D38:K38),$D12:$I12))*$F$6/12 -> 0 | L12: =(SUM(($D38:L38),$D12:$I12))*$F$6/12 -> 0 | M12: =(SUM(($D38:M38),$D12:$I12))*$F$6/12 -> 0 | N12: =(SUM(($D38:N38),$D12:$I12))*$F$6/12 -> 0 | O12: =(SUM(($D38:O38),$D12:$I12))*$F$6/12 -> 0 | P12: =SUM(D12:O12) -> 0
A13: =A12-1 -> -11 | B13: Large General | D13: =(SUM($D39:D39))*$F$4/12 -> 0 | E13: =(SUM($D39:E39))*$F$4/12 -> 0 | F13: =(SUM($D39:F39))*$F$4/12 -> 0 | G13: =(SUM($D39:G39))*$F$4/12 -> 0 | H13: =(SUM($D39:H39))*$F$4/12 -> 0 | I13: =(SUM($D39:I39))*$F$5/12 -> 0 | J13: =(SUM(($D39:J39),$D13:$I13))*$F$6/12 -> 0 | K13: =(SUM(($D39:K39),$D13:$I13))*$F$6/12 -> 0 | L13: =(SUM(($D39:L39),$D13:$I13))*$F$6/12 -> 0 | M13: =(SUM(($D39:M39),$D13:$I13))*$F$6/12 -> 0 | N13: =(SUM(($D39:N39),$D13:$I13))*$F$6/12 -> 0 | O13: =(SUM(($D39:O39),$D13:$I13))*$F$6/12 -> 0 | P13: =SUM(D13:O13) -> 0
A14: =A13-1 -> -12 | B14: Small Industrial | D14: =(SUM($D40:D40))*$F$4/12 -> 0 | E14: =(SUM($D40:E40))*$F$4/12 -> 0 | F14: =(SUM($D40:F40))*$F$4/12 -> 0 | G14: =(SUM($D40:G40))*$F$4/12 -> 0 | H14: =(SUM($D40:H40))*$F$4/12 -> 0 | I14: =(SUM($D40:I40))*$F$5/12 -> 0 | J14: =(SUM(($D40:J40),$D14:$I14))*$F$6/12 -> 0 | K14: =(SUM(($D40:K40),$D14:$I14))*$F$6/12 -> 0 | L14: =(SUM(($D40:L40),$D14:$I14))*$F$6/12 -> 0 | M14: =(SUM(($D40:M40),$D14:$I14))*$F$6/12 -> 0 | N14: =(SUM(($D40:N40),$D14:$I14))*$F$6/12 -> 0 | O14: =(SUM(($D40:O40),$D14:$I14))*$F$6/12 -> 0 | P14: =SUM(D14:O14) -> 0
A15: =A14-1 -> -13 | B15: Medium Industrial | D15: =(SUM($D41:D41))*$F$4/12 -> 0 | E15: =(SUM($D41:E41))*$F$4/12 -> 0 | F15: =(SUM($D41:F41))*$F$4/12 -> 0 | G15: =(SUM($D41:G41))*$F$4/12 -> 0 | H15: =(SUM($D41:H41))*$F$4/12 -> 0 | I15: =(SUM($D41:I41))*$F$5/12 -> 0 | J15: =(SUM(($D41:J41),$D15:$I15))*$F$6/12 -> 0 | K15: =(SUM(($D41:K41),$D15:$I15))*$F$6/12 -> 0 | L15: =(SUM(($D41:L41),$D15:$I15))*$F$6/12 -> 0 | M15: =(SUM(($D41:M41),$D15:$I15))*$F$6/12 -> 0 | N15: =(SUM(($D41:N41),$D15:$I15))*$F$6/12 -> 0 | O15: =(SUM(($D41:O41),$D15:$I15))*$F$6/12 -> 0 | P15: =SUM(D15:O15) -> 0
A16: =A15-1 -> -14 | B16: Large Industrial | D16: =(SUM($D42:D42))*$F$4/12 -> 0 | E16: =(SUM($D42:E42))*$F$4/12 -> 0 | F16: =(SUM($D42:F42))*$F$4/12 -> 0 | G16: =(SUM($D42:G42))*$F$4/12 -> 0 | H16: =(SUM($D42:H42))*$F$4/12 -> 0 | I16: =(SUM($D42:I42))*$F$5/12 -> 0 | J16: =(SUM(($D42:J42),$D16:$I16))*$F$6/12 -> 0 | K16: =(SUM(($D42:K42),$D16:$I16))*$F$6/12 -> 0 | L16: =(SUM(($D42:L42),$D16:$I16))*$F$6/12 -> 0 | M16: =(SUM(($D42:M42),$D16:$I16))*$F$6/12 -> 0 | N16: =(SUM(($D42:N42),$D16:$I16))*$F$6/12 -> 0 | O16: =(SUM(($D42:O42),$D16:$I16))*$F$6/12 -> 0 | P16: =SUM(D16:O16) -> 0
A17: =A16-1 -> -15 | B17: Unmetered | D17: =(SUM($D43:D43))*$F$4/12 -> 0 | E17: =(SUM($D43:E43))*$F$4/12 -> 0 | F17: =(SUM($D43:F43))*$F$4/12 -> 0 | G17: =(SUM($D43:G43))*$F$4/12 -> 0 | H17: =(SUM($D43:H43))*$F$4/12 -> 0 | I17: =(SUM($D43:I43))*$F$5/12 -> 0 | J17: =(SUM(($D43:J43),$D17:$I17))*$F$6/12 -> 0 | K17: =(SUM(($D43:K43),$D17:$I17))*$F$6/12 -> 0 | L17: =(SUM(($D43:L43),$D17:$I17))*$F$6/12 -> 0 | M17: =(SUM(($D43:M43),$D17:$I17))*$F$6/12 -> 0 | N17: =(SUM(($D43:N43),$D17:$I17))*$F$6/12 -> 0 | O17: =(SUM(($D43:O43),$D17:$I17))*$F$6/12 -> 0 | P17: =SUM(D17:O17) -> 0
A18: =A17-1 -> -16 | B18: BUTU | D18: =(SUM($D44:D44))*$F$4/12 -> 0 | E18: =(SUM($D44:E44))*$F$4/12 -> 0 | F18: =(SUM($D44:F44))*$F$4/12 -> 0 | G18: =(SUM($D44:G44))*$F$4/12 -> 0 | H18: =(SUM($D44:H44))*$F$4/12 -> 0 | I18: =(SUM($D44:I44))*$F$5/12 -> 0 | J18: =(SUM(($D44:J44),$D18:$I18))*$F$6/12 -> 0 | K18: =(SUM(($D44:K44),$D18:$I18))*$F$6/12 -> 0 | L18: =(SUM(($D44:L44),$D18:$I18))*$F$6/12 -> 0 | M18: =(SUM(($D44:M44),$D18:$I18))*$F$6/12 -> 0 | N18: =(SUM(($D44:N44),$D18:$I18))*$F$6/12 -> 0 | O18: =(SUM(($D44:O44),$D18:$I18))*$F$6/12 -> 0 | P18: =SUM(D18:O18) -> 0
A19: =A18-1 -> -17 | B19: Municipal Class | D19: =(SUM($D45:D45))*$F$4/12 -> 0 | E19: =(SUM($D45:E45))*$F$4/12 -> 0 | F19: =(SUM($D45:F45))*$F$4/12 -> 0 | G19: =(SUM($D45:G45))*$F$4/12 -> 0 | H19: =(SUM($D45:H45))*$F$4/12 -> 0 | I19: =(SUM($D45:I45))*$F$5/12 -> 0 | J19: =(SUM(($D45:J45),$D19:$I19))*$F$6/12 -> 0 | K19: =(SUM(($D45:K45),$D19:$I19))*$F$6/12 -> 0 | L19: =(SUM(($D45:L45),$D19:$I19))*$F$6/12 -> 0 | M19: =(SUM(($D45:M45),$D19:$I19))*$F$6/12 -> 0 | N19: =(SUM(($D45:N45),$D19:$I19))*$F$6/12 -> 0 | O19: =(SUM(($D45:O45),$D19:$I19))*$F$6/12 -> 0 | P19: =SUM(D19:O19) -> 0
A20: =A19-1 -> -18 | B20: Municipal Bundle Service Subtotal | D20: =(SUM($D46:D46))*$F$4/12 -> 0 | E20: =(SUM($D46:E46))*$F$4/12 -> 0 | F20: =(SUM($D46:F46))*$F$4/12 -> 0 | G20: =(SUM($D46:G46))*$F$4/12 -> 0 | H20: =(SUM($D46:H46))*$F$4/12 -> 0 | I20: =(SUM($D46:I46))*$F$5/12 -> 0 | J20: =(SUM(($D46:J46),$D20:$I20))*$F$6/12 -> 0 | K20: =(SUM(($D46:K46),$D20:$I20))*$F$6/12 -> 0 | L20: =(SUM(($D46:L46),$D20:$I20))*$F$6/12 -> 0 | M20: =(SUM(($D46:M46),$D20:$I20))*$F$6/12 -> 0 | N20: =(SUM(($D46:N46),$D20:$I20))*$F$6/12 -> 0 | O20: =(SUM(($D46:O46),$D20:$I20))*$F$6/12 -> 0 | P20: =SUM(D20:O20) -> 0
A21: =A20-1 -> -19 | B21: Municipal Unbundle Service Subtotal* | D21: =SUM(D22:D25) -> 0 | E21: =SUM(E22:E25) -> 0 | F21: =SUM(F22:F25) -> 0 | G21: =SUM(G22:G25) -> 0 | H21: =SUM(H22:H25) -> 0 | I21: =SUM(I22:I25) -> 0 | J21: =SUM(J22:J25) -> 0 | K21: =SUM(K22:K25) -> 0 | ... O21: =SUM(O22:O25) -> 0 | P21: =SUM(D21:O21) -> 0
A22: =A21-1 -> -20 | B22: Antigonish | D22: =(SUM($D48:D48))*$F$4/12 -> 0 | E22: =(SUM($D48:E48))*$F$4/12 -> 0 | F22: =(SUM($D48:F48))*$F$4/12 -> 0 | G22: =(SUM($D48:G48))*$F$4/12 -> 0 | H22: =(SUM($D48:H48))*$F$4/12 -> 0 | I22: =(SUM($D48:I48))*$F$5/12 -> 0 | J22: =(SUM(($D48:J48),$D22:$I22))*$F$6/12 -> 0 | K22: =(SUM(($D48:K48),$D22:$I22))*$F$6/12 -> 0 | L22: =(SUM(($D48:L48),$D22:$I22))*$F$6/12 -> 0 | M22: =(SUM(($D48:M48),$D22:$I22))*$F$6/12 -> 0 | N22: =(SUM(($D48:N48),$D22:$I22))*$F$6/12 -> 0 | O22: =(SUM(($D48:O48),$D22:$I22))*$F$6/12 -> 0 | P22: =SUM(D22:O22) -> 0
A23: =A22-1 -> -21 | B23: Berwick | D23: =(SUM($D49:D49))*$F$4/12 -> 0 | E23: =(SUM($D49:E49))*$F$4/12 -> 0 | F23: =(SUM($D49:F49))*$F$4/12 -> 0 | G23: =(SUM($D49:G49))*$F$4/12 -> 0 | H23: =(SUM($D49:H49))*$F$4/12 -> 0 | I23: =(SUM($D49:I49))*$F$5/12 -> 0 | J23: =(SUM(($D49:J49),$D23:$I23))*$F$6/12 -> 0 | K23: =(SUM(($D49:K49),$D23:$I23))*$F$6/12 -> 0 | L23: =(SUM(($D49:L49),$D23:$I23))*$F$6/12 -> 0 | M23: =(SUM(($D49:M49),$D23:$I23))*$F$6/12 -> 0 | N23: =(SUM(($D49:N49),$D23:$I23))*$F$6/12 -> 0 | O23: =(SUM(($D49:O49),$D23:$I23))*$F$6/12 -> 0 | P23: =SUM(D23:O23) -> 0
A24: =A23-1 -> -22 | B24: Mahone Bay | D24: =(SUM($D50:D50))*$F$4/12 -> 0 | E24: =(SUM($D50:E50))*$F$4/12 -> 0 | F24: =(SUM($D50:F50))*$F$4/12 -> 0 | G24: =(SUM($D50:G50))*$F$4/12 -> 0 | H24: =(SUM($D50:H50))*$F$4/12 -> 0 | I24: =(SUM($D50:I50))*$F$5/12 -> 0 | J24: =(SUM(($D50:J50),$D24:$I24))*$F$6/12 -> 0 | K24: =(SUM(($D50:K50),$D24:$I24))*$F$6/12 -> 0 | L24: =(SUM(($D50:L50),$D24:$I24))*$F$6/12 -> 0 | M24: =(SUM(($D50:M50),$D24:$I24))*$F$6/12 -> 0 | N24: =(SUM(($D50:N50),$D24:$I24))*$F$6/12 -> 0 | O24: =(SUM(($D50:O50),$D24:$I24))*$F$6/12 -> 0 | P24: =SUM(D24:O24) -> 0
A25: =A24-1 -> -23 | B25: Riverport | D25: =(SUM($D51:D51))*$F$4/12 -> 0 | E25: =(SUM($D51:E51))*$F$4/12 -> 0 | F25: =(SUM($D51:F51))*$F$4/12 -> 0 | G25: =(SUM($D51:G51))*$F$4/12 -> 0 | H25: =(SUM($D51:H51))*$F$4/12 -> 0 | I25: =(SUM($D51:I51))*$F$5/12 -> 0 | J25: =(SUM(($D51:J51),$D25:$I25))*$F$6/12 -> 0 | K25: =(SUM(($D51:K51),$D25:$I25))*$F$6/12 -> 0 | L25: =(SUM(($D51:L51),$D25:$I25))*$F$6/12 -> 0 | M25: =(SUM(($D51:M51),$D25:$I25))*$F$6/12 -> 0 | N25: =(SUM(($D51:N51),$D25:$I25))*$F$6/12 -> 0 | O25: =(SUM(($D51:O51),$D25:$I25))*$F$6/12 -> 0 | P25: =SUM(D25:O25) -> 0
A26: =A25-1 -> -24 | B26: Customer moving Load to OATT
A27: =A26-1 -> -25 | B27: Municipal before BUTU | D27: =D21+D20 -> 0 | E27: =E21+E20 -> 0 | F27: =F21+F20 -> 0 | G27: =G21+G20 -> 0 | H27: =H21+H20 -> 0 | I27: =I21+I20 -> 0 | J27: =J21+J20 -> 0 | K27: =K21+K20 -> 0 | ... O27: =O21+O20 -> 0 | P27: =SUM(D27:O27) -> 0
A28: =A27-1 -> -26 | B28: Gen. Repl. / Load Following. | D28: =(SUM($D54:D54))*$F$4/12 -> 0 | E28: =(SUM($D54:E54))*$F$4/12 -> 0 | F28: =(SUM($D54:F54))*$F$4/12 -> 0 | G28: =(SUM($D54:G54))*$F$4/12 -> 0 | H28: =(SUM($D54:H54))*$F$4/12 -> 0 | I28: =(SUM($D54:I54))*$F$5/12 -> 0 | J28: =(SUM(($D54:J54),$D28:$I28))*$F$6/12 -> 0 | K28: =(SUM(($D54:K54),$D28:$I28))*$F$6/12 -> 0 | L28: =(SUM(($D54:L54),$D28:$I28))*$F$6/12 -> 0 | M28: =(SUM(($D54:M54),$D28:$I28))*$F$6/12 -> 0 | N28: =(SUM(($D54:N54),$D28:$I28))*$F$6/12 -> 0 | O28: =(SUM(($D54:O54),$D28:$I28))*$F$6/12 -> 0 | P28: =SUM(D28:O28) -> 0
A29: =A28-1 -> -27 | B29: 1P-RTP | D29: =(SUM($D55:D55))*$F$4/12 -> 0 | E29: =(SUM($D55:E55))*$F$4/12 -> 0 | F29: =(SUM($D55:F55))*$F$4/12 -> 0 | G29: =(SUM($D55:G55))*$F$4/12 -> 0 | H29: =(SUM($D55:H55))*$F$4/12 -> 0 | I29: =(SUM($D55:I55))*$F$5/12 -> 0 | J29: =(SUM(($D55:J55),$D29:$I29))*$F$6/12 -> 0 | K29: =(SUM(($D55:K55),$D29:$I29))*$F$6/12 -> 0 | L29: =(SUM(($D55:L55),$D29:$I29))*$F$6/12 -> 0 | M29: =(SUM(($D55:M55),$D29:$I29))*$F$6/12 -> 0 | N29: =(SUM(($D55:N55),$D29:$I29))*$F$6/12 -> 0 | O29: =(SUM(($D55:O55),$D29:$I29))*$F$6/12 -> 0 | P29: =SUM(D29:O29) -> 0
A30: =A29-1 -> -28 | B30: Shore Power | D30: =(SUM($D56:D56))*$F$4/12 -> 0 | E30: =(SUM($D56:E56))*$F$4/12 -> 0 | F30: =(SUM($D56:F56))*$F$4/12 -> 0 | G30: =(SUM($D56:G56))*$F$4/12 -> 0 | H30: =(SUM($D56:H56))*$F$4/12 -> 0 | I30: =(SUM($D56:I56))*$F$5/12 -> 0 | J30: =(SUM(($D56:J56),$D30:$I30))*$F$6/12 -> 0 | K30: =(SUM(($D56:K56),$D30:$I30))*$F$6/12 -> 0 | L30: =(SUM(($D56:L56),$D30:$I30))*$F$6/12 -> 0 | M30: =(SUM(($D56:M56),$D30:$I30))*$F$6/12 -> 0 | N30: =(SUM(($D56:N56),$D30:$I30))*$F$6/12 -> 0 | O30: =(SUM(($D56:O56),$D30:$I30))*$F$6/12 -> 0 | P30: =SUM(D30:O30) -> 0
A31: =A30-1 -> -29 | D31: =(SUM($D57:D57))*$F$4/12 -> 0 | E31: =(SUM($D57:E57))*$F$4/12 -> 0 | F31: =(SUM($D57:F57))*$F$4/12 -> 0 | G31: =(SUM($D57:G57))*$F$4/12 -> 0 | H31: =(SUM($D57:H57))*$F$4/12 -> 0 | I31: =(SUM($D57:I57))*$F$5/12 -> 0 | J31: =(SUM(($D57:J57),$D31:$I31))*$F$6/12 -> 0 | K31: =(SUM(($D57:K57),$D31:$I31))*$F$6/12 -> 0 | L31: =(SUM(($D57:L57),$D31:$I31))*$F$6/12 -> 0 | M31: =(SUM(($D57:M57),$D31:$I31))*$F$6/12 -> 0 | N31: =(SUM(($D57:N57),$D31:$I31))*$F$6/12 -> 0 | O31: =(SUM(($D57:O57),$D31:$I31))*$F$6/12 -> 0 | P31: =SUM(D31:O31) -> 0
A32: =A31-1 -> -30 | B32: Total | D32: =SUM(D10:D18,D27:D31) -> 0 | E32: =SUM(E10:E18,E27:E31) -> 0 | F32: =SUM(F10:F18,F27:F31) -> 0 | G32: =SUM(G10:G18,G27:G31) -> 0 | H32: =SUM(H10:H18,H27:H31) -> 0 | I32: =SUM(I10:I18,I27:I31) -> 0 | J32: =SUM(J10:J18,J27:J31) -> 0 | K32: =SUM(K10:K18,K27:K31) -> 0 | ... O32: =SUM(O10:O18,O27:O31) -> 0 | P32: =SUM(D32:O32) -> 0
A33: =A32-1 -> -31
A34: =A33-1 -> -32
A35: =A34-1 -> -33 | B35: Variance | D35: =+D9 -> 46023 | E35: =+E9 -> 46054 | F35: =+F9 -> 46082 | G35: =+G9 -> 46113 | H35: =+H9 -> 46143 | I35: =+I9 -> 46174 | J35: =+J9 -> 46204 | K35: =+K9 -> 46235 | ... O35: =+O9 -> 46357 | P35: Total
A36: =A35-1 -> -34 | B36: Residential | D36: =D63-D88 -> 105746.48 | E36: =E63-E88 -> 96290.47 | F36: =F63-F88 -> 88643.687 | G36: =G63-G88 -> 68907.909 | H36: =H63-H88 -> 0 | I36: =I63-I88 -> 0 | J36: =J63-J88 -> 0 | K36: =K63-K88 -> 0 | ... O36: =O63-O88 -> 0 | P36: =SUM(D36:O36) -> 359588.54
A37: =A36-1 -> -35 | B37: Small General | D37: =D64-D89 -> -11237.195 | E37: =E64-E89 -> -11122.519 | F37: =F64-F89 -> -12329.369 | G37: =G64-G89 -> -8893.4499 | H37: =H64-H89 -> 0 | I37: =I64-I89 -> 0 | J37: =J64-J89 -> 0 | K37: =K64-K89 -> 0 | ... O37: =O64-O89 -> 0 | P37: =SUM(D37:O37) -> -43582.533
A38: =A37-1 -> -36 | B38: General Demand | D38: =D65-D90 -> 262328.14 | E38: =E65-E90 -> 216286.57 | F38: =F65-F90 -> 233925.31 | G38: =G65-G90 -> 213511.16 | H38: =H65-H90 -> 0 | I38: =I65-I90 -> 0 | J38: =J65-J90 -> 0 | K38: =K65-K90 -> 0 | ... O38: =O65-O90 -> 0 | P38: =SUM(D38:O38) -> 926051.19
A39: =A38-1 -> -37 | B39: Large General | D39: =D66-D91 -> -108759.33 | E39: =E66-E91 -> -95287.832 | F39: =F66-F91 -> -98842.34 | G39: =G66-G91 -> -93961.41 | H39: =H66-H91 -> 0 | I39: =I66-I91 -> 0 | J39: =J66-J91 -> 0 | K39: =K66-K91 -> 0 | ... O39: =O66-O91 -> 0 | P39: =SUM(D39:O39) -> -396850.91
A40: =A39-1 -> -38 | B40: Small Industrial | D40: =D67-D92 -> -55777.935 | E40: =E67-E92 -> -39311.694 | F40: =F67-F92 -> -42924.242 | G40: =G67-G92 -> -45298.27 | H40: =H67-H92 -> 0 | I40: =I67-I92 -> 0 | J40: =J67-J92 -> 0 | K40: =K67-K92 -> 0 | ... O40: =O67-O92 -> 0 | P40: =SUM(D40:O40) -> -183312.14
A41: =A40-1 -> -39 | B41: Medium Industrial | D41: =D68-D93 -> 73245.753 | E41: =E68-E93 -> 59663.576 | F41: =F68-F93 -> 65653.913 | G41: =G68-G93 -> 72982.15 | H41: =H68-H93 -> 0 | I41: =I68-I93 -> 0 | J41: =J68-J93 -> 0 | K41: =K68-K93 -> 0 | ... O41: =O68-O93 -> 0 | P41: =SUM(D41:O41) -> 271545.39
A42: =A41-1 -> -40 | B42: Large Industrial | D42: =D69-D94 -> 119795.52 | E42: =E69-E94 -> 110280.25 | F42: =F69-F94 -> 117854.81 | G42: =G69-G94 -> 118636.98 | H42: =H69-H94 -> 0 | I42: =I69-I94 -> 0 | J42: =J69-J94 -> 0 | K42: =K69-K94 -> 0 | ... O42: =O69-O94 -> 0 | P42: =SUM(D42:O42) -> 466567.56
A43: =A42-1 -> -41 | B43: Unmetered | D43: =D70-D95 -> -20553.116 | E43: =E70-E95 -> -20686.73 | F43: =F70-F95 -> -17548.354 | G43: =G70-G95 -> -18491.78 | H43: =H70-H95 -> 0 | I43: =I70-I95 -> 0 | J43: =J70-J95 -> 0 | K43: =K70-K95 -> 0 | ... O43: =O70-O95 -> 0 | P43: =SUM(D43:O43) -> -77279.981
A44: =A43-1 -> -42 | B44: BUTU | D44: =D71-D96 -> 0 | E44: =E71-E96 -> 0 | F44: =F71-F96 -> 0 | G44: =G71-G96 -> 0 | H44: =H71-H96 -> 0 | I44: =I71-I96 -> 0 | J44: =J71-J96 -> 0 | K44: =K71-K96 -> 0 | ... O44: =O71-O96 -> 0 | P44: =SUM(D44:O44) -> 0
A45: =A44-1 -> -43 | B45: Municipal Class
A46: =A45-1 -> -44 | B46: Municipal Bundle Service Subtotal | D46: =D73-D98 -> -18748.204 | E46: =E73-E98 -> -17185.123 | F46: =F73-F98 -> -16288.535 | G46: =G73-G98 -> -14716.33 | H46: =H73-H98 -> 0 | I46: =I73-I98 -> 0 | J46: =J73-J98 -> 0 | K46: =K73-K98 -> 0 | ... O46: =O73-O98 -> 0 | P46: =SUM(D46:O46) -> -66938.192
A47: =A46-1 -> -45 | B47: Municipal Unbundle Service Subtotal* | D47: =D74-D99 -> 0 | E47: =SUM(E48:E51) -> 0 | F47: =SUM(F48:F51) -> 0 | G47: =SUM(G48:G51) -> 0 | H47: =SUM(H48:H51) -> 0 | I47: =SUM(I48:I51) -> 0 | J47: =SUM(J48:J51) -> 0 | K47: =SUM(K48:K51) -> 0 | L47: =SUM(L48:L51) -> 0 | ... P47: =SUM(P48:P51) -> 0
A48: =A47-1 -> -46 | B48: Antigonish | D48: =D75-D100 -> 0 | E48: =E75-E100 -> 0 | F48: =F75-F100 -> 0 | G48: =G75-G100 -> 0 | H48: =H75-H100 -> 0 | I48: =I75-I100 -> 0 | J48: =J75-J100 -> 0 | K48: =K75-K100 -> 0 | ... O48: =O75-O100 -> 0 | P48: =SUM(D48:O48) -> 0
A49: =A48-1 -> -47 | B49: Berwick | D49: =D76-D101 -> 0 | E49: =E76-E101 -> 0 | F49: =F76-F101 -> 0 | G49: =G76-G101 -> 0 | H49: =H76-H101 -> 0 | I49: =I76-I101 -> 0 | J49: =J76-J101 -> 0 | K49: =K76-K101 -> 0 | ... O49: =O76-O101 -> 0 | P49: =SUM(D49:O49) -> 0
A50: =A49-1 -> -48 | B50: Mahone Bay | D50: =D77-D102 -> 0 | E50: =E77-E102 -> 0 | F50: =F77-F102 -> 0 | G50: =G77-G102 -> 0 | H50: =H77-H102 -> 0 | I50: =I77-I102 -> 0 | J50: =J77-J102 -> 0 | K50: =K77-K102 -> 0 | ... O50: =O77-O102 -> 0 | P50: =SUM(D50:O50) -> 0
A51: =A50-1 -> -49 | B51: Riverport | D51: =D78-D103 -> 0 | E51: =E78-E103 -> 0 | F51: =F78-F103 -> 0 | G51: =G78-G103 -> 0 | H51: =H78-H103 -> 0 | I51: =I78-I103 -> 0 | J51: =J78-J103 -> 0 | K51: =K78-K103 -> 0 | ... O51: =O78-O103 -> 0 | P51: =SUM(D51:O51) -> 0
A52: =A51-1 -> -50 | B52: Customer moving Load to OATT
A53: =A52-1 -> -51 | B53: Municipal before BUTU | D53: =D80-D105 -> -18748.204 | E53: =E47+E46 -> -17185.123 | F53: =F47+F46 -> -16288.535 | G53: =G47+G46 -> -14716.33 | H53: =H47+H46 -> 0 | I53: =I47+I46 -> 0 | J53: =J47+J46 -> 0 | K53: =K47+K46 -> 0 | L53: =L47+L46 -> 0 | ... P53: =P47+P46 -> -66938.192
A54: =A53-1 -> -52 | B54: Gen. Repl. / Load Following. | D54: =D81-D106 -> -634.33342 | E54: =E81-E106 -> -625.44719 | F54: =F81-F106 -> -202.70607 | G54: =G81-G106 -> 266.37786 | H54: =H81-H106 -> 0 | I54: =I81-I106 -> 0 | J54: =J81-J106 -> 0 | K54: =K81-K106 -> 0 | ... O54: =O81-O106 -> 0 | P54: =SUM(D54:O54) -> -1196.1088
A55: =A54-1 -> -53 | B55: 1P-RTP | D55: =D82-D107 -> -433.96266 | E55: =E82-E107 -> -365.4169 | F55: =F82-F107 -> -93.551443 | G55: =G82-G107 -> -481.63714 | H55: =H82-H107 -> 0 | I55: =I82-I107 -> 0 | J55: =J82-J107 -> 0 | K55: =K82-K107 -> 0 | ... O55: =O82-O107 -> 0 | P55: =SUM(D55:O55) -> -1374.5681
A56: =A55-1 -> -54 | B56: Shore Power | D56: =D83-D108 -> 0 | E56: =E83-E108 -> 0 | F56: =F83-F108 -> -0.0088173866 | G56: =G83-G108 -> 0.0088173866 | H56: =H83-H108 -> 0 | I56: =I83-I108 -> 0 | J56: =J83-J108 -> 0 | K56: =K83-K108 -> 0 | ... O56: =O83-O108 -> 0 | P56: =SUM(D56:O56) -> 0
A57: =A56-1 -> -55
A58: =A57-1 -> -56 | B58: Total | D58: =SUM(D36:D44,D53:D56) -> 344971.81 | E58: =SUM(E36:E44,E53:E56) -> 297936.11 | F58: =SUM(F36:F44,F53:F56) -> 317848.61 | G58: =SUM(G36:G44,G53:G56) -> 292461.71 | H58: =SUM(H36:H44,H53:H56) -> 0 | I58: =SUM(I36:I44,I53:I56) -> 0 | J58: =SUM(J36:J44,J53:J56) -> 0 | K58: =SUM(K36:K44,K53:K56) -> 0 | ... P58: =SUM(P36:P44,P53:P56) -> 1253218.2
A59: =A58-1 -> -57
A60: =A59-1 -> -58 | B60: Days | D60: =E61-D61 -> 31 | E60: =F61-E61 -> 28 | F60: =G61-F61 -> 31 | G60: =H61-G61 -> 30 | H60: =I61-H61 -> 31 | I60: =J61-I61 -> 30 | J60: =K61-J61 -> 31 | K60: =L61-K61 -> 31 | ... N60: =O61-N61 -> 30 | O60: 31 | P60: =SUM(D60:O60) -> 365
A61: =A60-1 -> -59 | B61: Required Collection at Approved 2026 DCRR (Jan to Apr 2026 (PCR+BA) | C61: Rate and Monthly Payments | D61: =+D9 -> 46023 | E61: =+E9 -> 46054 | F61: =+F9 -> 46082 | G61: =+G9 -> 46113 | H61: =+H9 -> 46143 | I61: =+I9 -> 46174 | J61: =+J9 -> 46204 | K61: =+K9 -> 46235 | ... O61: =+O9 -> 46357 | P61: Total
A62: =A61-1 -> -60
A63: =A62-1 -> -61 | B63: Residential | C63: 0.64813046 | D63: =$C63*D113/100 -> 4529771.9 | E63: =$C63*E113/100 -> 4124713 | F63: =$C63*F113/100 -> 3797154.2 | G63: =$C63*G113/100 -> 2951749.5 | H63: =$C63*H113/100 -> 0 | I63: =$C63*I113/100 -> 0 | J63: =$C63*J113/100 -> 0 | K63: =$C63*K113/100 -> 0 | ... O63: =$C63*O113/100 -> 0 | P63: =SUM(D63:O63) -> 15403389
A64: =A63-1 -> -62 | B64: Small General | C64: 0.72932932 | D64: =$C64*D114/100 -> 346234.9 | E64: =$C64*E114/100 -> 342701.54 | F64: =$C64*F114/100 -> 379886.42 | G64: =$C64*G114/100 -> 274020.58 | H64: =$C64*H114/100 -> 0 | I64: =$C64*I114/100 -> 0 | J64: =$C64*J114/100 -> 0 | K64: =$C64*K114/100 -> 0 | ... O64: =$C64*O114/100 -> 0 | P64: =SUM(D64:O64) -> 1342843.4
A65: =A64-1 -> -63 | B65: General Demand | C65: 0.74940731 | D65: =$C65*D115/100 -> 1882920.1 | E65: =$C65*E115/100 -> 1552446.3 | F65: =$C65*F115/100 -> 1679052.3 | G65: =$C65*G115/100 -> 1532525.1 | H65: =$C65*H115/100 -> 0 | I65: =$C65*I115/100 -> 0 | J65: =$C65*J115/100 -> 0 | K65: =$C65*K115/100 -> 0 | ... O65: =$C65*O115/100 -> 0 | P65: =SUM(D65:O65) -> 6646943.8
A66: =A65-1 -> -64 | B66: Large General | C66: 0.45755052 | D66: =$C66*D116/100 -> 149685.56 | E66: =$C66*E116/100 -> 131144.73 | F66: =$C66*F116/100 -> 136036.8 | G66: =$C66*G116/100 -> 129319.17 | H66: =$C66*H116/100 -> 0 | I66: =$C66*I116/100 -> 0 | J66: =$C66*J116/100 -> 0 | K66: =$C66*K116/100 -> 0 | ... O66: =$C66*O116/100 -> 0 | P66: =SUM(D66:O66) -> 546186.27
A67: =A66-1 -> -65 | B67: Small Industrial | C67: 0.55537177 | D67: =$C67*D117/100 -> 156746.28 | E67: =$C67*E117/100 -> 110473.11 | F67: =$C67*F117/100 -> 120625.03 | G67: =$C67*G117/100 -> 127296.49 | H67: =$C67*H117/100 -> 0 | I67: =$C67*I117/100 -> 0 | J67: =$C67*J117/100 -> 0 | K67: =$C67*K117/100 -> 0 | ... O67: =$C67*O117/100 -> 0 | P67: =SUM(D67:O67) -> 515140.9
A68: =A67-1 -> -66 | B68: Medium Industrial | C68: 0.47853729 | D68: =$C68*D118/100 -> 213026.63 | E68: =$C68*E118/100 -> 173524.47 | F68: =$C68*F118/100 -> 190946.66 | G68: =$C68*G118/100 -> 212259.97 | H68: =$C68*H118/100 -> 0 | I68: =$C68*I118/100 -> 0 | J68: =$C68*J118/100 -> 0 | K68: =$C68*K118/100 -> 0 | ... O68: =$C68*O118/100 -> 0 | P68: =SUM(D68:O68) -> 789757.73
A69: =A68-1 -> -67 | B69: Large Industrial | C69: 0.66296801 | D69: =$C69*D119/100 -> 342377.37 | E69: =$C69*E119/100 -> 315182.6 | F69: =$C69*F119/100 -> 336830.79 | G69: =$C69*G119/100 -> 339066.24 | H69: =$C69*H119/100 -> 0 | I69: =$C69*I119/100 -> 0 | J69: =$C69*J119/100 -> 0 | K69: =$C69*K119/100 -> 0 | ... O69: =$C69*O119/100 -> 0 | P69: =SUM(D69:O69) -> 1333457
A70: =A69-1 -> -68 | B70: Unmetered | C70: 0.049122044 | D70: =$C70*D120/100 -> 3279.2575 | E70: =$C70*E120/100 -> 3300.5756 | F70: =$C70*F120/100 -> 2799.8465 | G70: =$C70*G120/100 -> 2950.3706 | H70: =$C70*H120/100 -> 0 | I70: =$C70*I120/100 -> 0 | J70: =$C70*J120/100 -> 0 | K70: =$C70*K120/100 -> 0 | ... O70: =$C70*O120/100 -> 0 | P70: =SUM(D70:O70) -> 12330.05
A71: =A70-1 -> -69 | B71: BUTU | D71: =$C71*D121/100 -> 0 | E71: =$C71*E121/100 -> 0 | F71: =$C71*F121/100 -> 0 | G71: =$C71*G121/100 -> 0 | H71: =$C71*H121/100 -> 0 | I71: =$C71*I121/100 -> 0 | J71: =$C71*J121/100 -> 0 | K71: =$C71*K121/100 -> 0 | ... O71: =$C71*O121/100 -> 0 | P71: =SUM(D71:O71) -> 0
A72: =A71-1 -> -70 | B72: Municipal Class
A73: =A72-1 -> -71 | B73: Municipal Bundle Service Subtotal | C73: 0.26534567 | D73: =$C73*D123/100 -> 13755.551 | E73: =$C73*E123/100 -> 12608.719 | F73: =$C73*F123/100 -> 11950.893 | G73: =$C73*G123/100 -> 10797.366 | H73: =$C73*H123/100 -> 0 | I73: =$C73*I123/100 -> 0 | J73: =$C73*J123/100 -> 0 | K73: =$C73*K123/100 -> 0 | ... O73: =$C73*O123/100 -> 0 | P73: =SUM(D73:O73) -> 49112.529
A74: =A73-1 -> -72 | B74: Municipal Unbundle Service Subtotal* | D74: =SUM(D75:D78) -> 0 | E74: =SUM(E75:E78) -> 0 | F74: =SUM(F75:F78) -> 0 | G74: =SUM(G75:G78) -> 0 | H74: =SUM(H75:H78) -> 0 | I74: =SUM(I75:I78) -> 0 | J74: =SUM(J75:J78) -> 0 | K74: =SUM(K75:K78) -> 0 | ... O74: =SUM(O75:O78) -> 0 | P74: =SUM(D74:O74) -> 0
A75: =A74-1 -> -73 | B75: Antigonish | D75: =$C75*D125/100 -> 0 | E75: =$C75*E125/100 -> 0 | F75: =$C75*F125/100 -> 0 | G75: =$C75*G125/100 -> 0 | H75: =$C75*H125/100 -> 0 | I75: =$C75*I125/100 -> 0 | J75: =$C75*J125/100 -> 0 | K75: =$C75*K125/100 -> 0 | ... O75: =$C75*O125/100 -> 0 | P75: =SUM(D75:O75) -> 0
A76: =A75-1 -> -74 | B76: Berwick | D76: =$C76*D126/100 -> 0 | E76: =$C76*E126/100 -> 0 | F76: =$C76*F126/100 -> 0 | G76: =$C76*G126/100 -> 0 | H76: =$C76*H126/100 -> 0 | I76: =$C76*I126/100 -> 0 | J76: =$C76*J126/100 -> 0 | K76: =$C76*K126/100 -> 0 | ... O76: =$C76*O126/100 -> 0 | P76: =SUM(D76:O76) -> 0
A77: =A76-1 -> -75 | B77: Mahone Bay | D77: =$C77*D127/100 -> 0 | E77: =$C77*E127/100 -> 0 | F77: =$C77*F127/100 -> 0 | G77: =$C77*G127/100 -> 0 | H77: =$C77*H127/100 -> 0 | I77: =$C77*I127/100 -> 0 | J77: =$C77*J127/100 -> 0 | K77: =$C77*K127/100 -> 0 | ... O77: =$C77*O127/100 -> 0 | P77: =SUM(D77:O77) -> 0
A78: =A77-1 -> -76 | B78: Riverport | D78: =$C78*D128/100 -> 0 | E78: =$C78*E128/100 -> 0 | F78: =$C78*F128/100 -> 0 | G78: =$C78*G128/100 -> 0 | H78: =$C78*H128/100 -> 0 | I78: =$C78*I128/100 -> 0 | J78: =$C78*J128/100 -> 0 | K78: =$C78*K128/100 -> 0 | ... O78: =$C78*O128/100 -> 0 | P78: =SUM(D78:O78) -> 0
A79: =A78-1 -> -77 | B79: Customer moving Load to OATT
A80: =A79-1 -> -78 | B80: Municipal before BUTU | D80: =D74+D73 -> 13755.551 | E80: =E74+E73 -> 12608.719 | F80: =F74+F73 -> 11950.893 | G80: =G74+G73 -> 10797.366 | H80: =H74+H73 -> 0 | I80: =I74+I73 -> 0 | J80: =J74+J73 -> 0 | K80: =K74+K73 -> 0 | ... O80: =O74+O73 -> 0 | P80: =SUM(D80:O80) -> 49112.529
A81: =A80-1 -> -79 | B81: Gen. Repl. / Load Following. | C81: -0.02712367 | D81: =$C81*D131/100 -> -252.562 | E81: =$C81*E131/100 -> -249.02392 | F81: =$C81*F131/100 -> -80.708108 | G81: =$C81*G131/100 -> 106.05925 | H81: =$C81*H131/100 -> 0 | I81: =$C81*I131/100 -> 0 | J81: =$C81*J131/100 -> 0 | K81: =$C81*K131/100 -> 0 | ... O81: =$C81*O131/100 -> 0 | P81: =SUM(D81:O81) -> -476.23478
A82: =A81-1 -> -80 | B82: 1P-RTP | C82: 0.00957085 | D82: =$C82*D132/100 -> 51.0062 | E82: =$C82*E132/100 -> 42.949611 | F82: =$C82*F132/100 -> 10.995655 | G82: =$C82*G132/100 -> 56.609664 | H82: =$C82*H132/100 -> 0 | I82: =$C82*I132/100 -> 0 | J82: =$C82*J132/100 -> 0 | K82: =$C82*K132/100 -> 0 | ... O82: =$C82*O132/100 -> 0 | P82: =SUM(D82:O82) -> 161.56113
A83: =A82-1 -> -81 | B83: Shore Power | C83: 0.10213302 | D83: =$C83*D133/100 -> 0 | E83: =$C83*E133/100 -> 0 | F83: =$C83*F133/100 -> 0.017362613 | G83: =$C83*G133/100 -> -0.017362613 | H83: =$C83*H133/100 -> 0 | I83: =$C83*I133/100 -> 0 | J83: =$C83*J133/100 -> 0 | K83: =$C83*K133/100 -> 0 | ... O83: =$C83*O133/100 -> 0 | P83: =SUM(D83:O83) -> 0
A84: =A83-1 -> -82
A85: =A84-1 -> -83 | B85: Total | D85: =SUM(D63:D71,D80:D83) -> 7637596 | E85: =SUM(E63:E71,E80:E83) -> 6765888.9 | F85: =SUM(F63:F71,F80:F83) -> 6655213.3 | G85: =SUM(G63:G71,G80:G83) -> 5580147.5 | H85: =SUM(H63:H71,H80:H83) -> 0 | I85: =SUM(I63:I71,I80:I83) -> 0 | J85: =SUM(J63:J71,J80:J83) -> 0 | K85: =SUM(K63:K71,K80:K83) -> 0 | ... P85: =SUM(P63:P71,P80:P83) -> 26638846
A86: =A85-1 -> -84
A87: =A86-1 -> -85 | B87: 4 Months Actual collection at 2025 DCRR (Jan to Apr 2026 (PCR+BA) | C87: Rate and Monthly Payments | D87: =D9 -> 46023 | E87: =E9 -> 46054 | F87: =F9 -> 46082 | G87: =G9 -> 46113 | H87: =H9 -> 46143 | I87: =I9 -> 46174 | J87: =J9 -> 46204 | K87: =K9 -> 46235 | ... O87: =O9 -> 46357 | P87: Total
A88: =A87-1 -> -86 | B88: Residential | C88: 0.633 | D88: =$C88*D113/100 -> 4424025.4 | E88: =$C88*E113/100 -> 4028422.5 | F88: =$C88*F113/100 -> 3708510.6 | G88: =$C88*G113/100 -> 2882841.6 | H88: =$C88*H113/100 -> 0 | I88: =$C88*I113/100 -> 0 | J88: =$C88*J113/100 -> 0 | K88: =$C88*K113/100 -> 0 | ... O88: =$C88*O113/100 -> 0 | P88: =SUM(D88:O88) -> 15043800
A89: =A88-1 -> -87 | B89: Small General | C89: 0.753 | D89: =$C89*D114/100 -> 357472.1 | E89: =$C89*E114/100 -> 353824.06 | F89: =$C89*F114/100 -> 392215.79 | G89: =$C89*G114/100 -> 282914.03 | H89: =$C89*H114/100 -> 0 | I89: =$C89*I114/100 -> 0 | J89: =$C89*J114/100 -> 0 | K89: =$C89*K114/100 -> 0 | ... O89: =$C89*O114/100 -> 0 | P89: =SUM(D89:O89) -> 1386426
A90: =A89-1 -> -88 | B90: General Demand | C90: 0.645 | D90: =$C90*D115/100 -> 1620592 | E90: =$C90*E115/100 -> 1336159.7 | F90: =$C90*F115/100 -> 1445127 | G90: =$C90*G115/100 -> 1319014 | H90: =$C90*H115/100 -> 0 | I90: =$C90*I115/100 -> 0 | J90: =$C90*J115/100 -> 0 | K90: =$C90*K115/100 -> 0 | ... O90: =$C90*O115/100 -> 0 | P90: =SUM(D90:O90) -> 5720892.6
A91: =A90-1 -> -89 | B91: Large General | C91: 0.79 | D91: =$C91*D116/100 -> 258444.89 | E91: =$C91*E116/100 -> 226432.56 | F91: =$C91*F116/100 -> 234879.14 | G91: =$C91*G116/100 -> 223280.58 | H91: =$C91*H116/100 -> 0 | I91: =$C91*I116/100 -> 0 | J91: =$C91*J116/100 -> 0 | K91: =$C91*K116/100 -> 0 | ... O91: =$C91*O116/100 -> 0 | P91: =SUM(D91:O91) -> 943037.18
A92: =A91-1 -> -90 | B92: Small Industrial | C92: 0.753 | D92: =$C92*D117/100 -> 212524.21 | E92: =$C92*E117/100 -> 149784.8 | F92: =$C92*F117/100 -> 163549.27 | G92: =$C92*G117/100 -> 172594.76 | H92: =$C92*H117/100 -> 0 | I92: =$C92*I117/100 -> 0 | J92: =$C92*J117/100 -> 0 | K92: =$C92*K117/100 -> 0 | ... O92: =$C92*O117/100 -> 0 | P92: =SUM(D92:O92) -> 698453.04
A93: =A92-1 -> -91 | B93: Medium Industrial | C93: 0.314 | D93: =$C93*D118/100 -> 139780.88 | E93: =$C93*E118/100 -> 113860.89 | F93: =$C93*F118/100 -> 125292.75 | G93: =$C93*G118/100 -> 139277.82 | H93: =$C93*H118/100 -> 0 | I93: =$C93*I118/100 -> 0 | J93: =$C93*J118/100 -> 0 | K93: =$C93*K118/100 -> 0 | ... O93: =$C93*O118/100 -> 0 | P93: =SUM(D93:O93) -> 518212.34
A94: =A93-1 -> -92 | B94: Large Industrial | C94: 0.431 | D94: =$C94*D119/100 -> 222581.85 | E94: =$C94*E119/100 -> 204902.35 | F94: =$C94*F119/100 -> 218975.99 | G94: =$C94*G119/100 -> 220429.27 | H94: =$C94*H119/100 -> 0 | I94: =$C94*I119/100 -> 0 | J94: =$C94*J119/100 -> 0 | K94: =$C94*K119/100 -> 0 | ... O94: =$C94*O119/100 -> 0 | P94: =SUM(D94:O94) -> 866889.45
A95: =A94-1 -> -93 | B95: Unmetered | C95: 0.357 | D95: =$C95*D120/100 -> 23832.374 | E95: =$C95*E120/100 -> 23987.306 | F95: =$C95*F120/100 -> 20348.201 | G95: =$C95*G120/100 -> 21442.151 | H95: =$C95*H120/100 -> 0 | I95: =$C95*I120/100 -> 0 | J95: =$C95*J120/100 -> 0 | K95: =$C95*K120/100 -> 0 | ... O95: =$C95*O120/100 -> 0 | P95: =SUM(D95:O95) -> 89610.031
A96: =A95-1 -> -94 | B96: BUTU | D96: =C96 -> 0 | E96: =D96 -> 0 | F96: =E96 -> 0 | G96: =F96 -> 0 | H96: =G96 -> 0 | I96: =H96 -> 0 | J96: =I96 -> 0 | K96: =J96 -> 0 | ... O96: =N96 -> 0 | P96: =SUM(D96:O96) -> 0
A97: =A96-1 -> -95 | B97: Municipal Class
A98: =A97-1 -> -96 | B98: Municipal Bundle Service Subtotal | C98: 0.627 | D98: =$C98*D123/100 -> 32503.755 | E98: =$C98*E123/100 -> 29793.842 | F98: =$C98*F123/100 -> 28239.428 | G98: =$C98*G123/100 -> 25513.696 | H98: =$C98*H123/100 -> 0 | I98: =$C98*I123/100 -> 0 | J98: =$C98*J123/100 -> 0 | K98: =$C98*K123/100 -> 0 | ... O98: =$C98*O123/100 -> 0 | P98: =SUM(D98:O98) -> 116050.72
A99: =A98-1 -> -97 | B99: Municipal Unbundle Service Subtotal* | D99: =SUM(D100:D103) -> 0 | E99: =SUM(E100:E103) -> 0 | F99: =SUM(F100:F103) -> 0 | G99: =SUM(G100:G103) -> 0 | H99: =SUM(H100:H103) -> 0 | I99: =SUM(I100:I103) -> 0 | J99: =SUM(J100:J103) -> 0 | K99: =SUM(K100:K103) -> 0 | ... O99: =SUM(O100:O103) -> 0 | P99: =SUM(D99:O99) -> 0
A100: =A99-1 -> -98 | B100: Antigonish | D100: =$C100 -> 0 | E100: =$C100 -> 0 | F100: =$C100 -> 0 | G100: =$C100 -> 0 | H100: =$C100 -> 0 | I100: =$C100 -> 0 | J100: =$C100 -> 0 | K100: =$C100 -> 0 | ... O100: =$C100 -> 0 | P100: =SUM(D100:O100) -> 0
...

Sheet Table 3 (BA+Int)(Jan-Apr2026)
A1: COLUMN | B1: A | D1: B | E1: C | F1: D | G1: E | H1: F | I1: G | J1: H | K1: I | L1: J | M1: K | N1: L | O1: M | P1: N
A2: Line # | B2: Table 3: 2027 DSM BA1 - Interest Calculations on Jan-Apr 2026 Variance
A3: -1
A4: =A3-1 -> -2 | B4: Interest Rate through March 31, 2026 | F4: 0.0665 | G4: (NSPI WACC)
A5: =A4-1 -> -3 | B5: Interest Rate changed in April 2026 | F5: 0.0659 | G5: (NSPI WACC)
A6: =A5-1 -> -4
A7: =A6-1 -> -5
A8: =A7-1 -> -6
A9: =A8-1 -> -7 | B9: Monthly Interest on Variance | D9: 46023 | E9: =EDATE(D9,1) -> 46054 | F9: =EDATE(E9,1) -> 46082 | G9: =EDATE(F9,1) -> 46113 | H9: =EDATE(G9,1) -> 46143 | I9: =EDATE(H9,1) -> 46174 | J9: =EDATE(I9,1) -> 46204 | K9: =EDATE(J9,1) -> 46235 | L9: =EDATE(K9,1) -> 46266 | ... O9: =EDATE(N9,1) -> 46357 | P9: Total
A10: =A9-1 -> -8 | B10: Residential | D10: =(SUM($D36:D36))*$F$4/12 -> 586.01173 | E10: =(SUM($D36:E36))*$F$4/12 -> 1119.6214 | F10: =(SUM($D36:F36))*$F$4/12 -> 1610.8552 | G10: =(SUM($D36:G36))*$F$5/12 -> 1974.7404 | H10: =(SUM($D36:H36))*$F$5/12 -> 1974.7404 | I10: =(SUM($D36:I36))*$F$5/12 -> 1974.7404 | J10: =(SUM($D36:J36))*$F$5/12 -> 1974.7404 | K10: =(SUM($D36:K36))*$F$5/12 -> 1974.7404 | L10: =(SUM($D36:L36))*$F$5/12 -> 1974.7404 | M10: =(SUM($D36:M36))*$F$5/12 -> 1974.7404 | N10: =(SUM($D36:N36))*$F$5/12 -> 1974.7404 | O10: =(SUM($D36:O36))*$F$5/12 -> 1974.7404 | P10: =SUM(D10:O10) -> 21089.152
A11: =A10-1 -> -9 | B11: Small General | D11: =(SUM($D37:D37))*$F$4/12 -> -62.27279 | E11: =(SUM($D37:E37))*$F$4/12 -> -123.91008 | F11: =(SUM($D37:F37))*$F$4/12 -> -192.23533 | G11: =(SUM($D37:G37))*$F$5/12 -> -239.34074 | H11: =(SUM($D37:H37))*$F$5/12 -> -239.34074 | I11: =(SUM($D37:I37))*$F$5/12 -> -239.34074 | J11: =(SUM($D37:J37))*$F$5/12 -> -239.34074 | K11: =(SUM($D37:K37))*$F$5/12 -> -239.34074 | L11: =(SUM($D37:L37))*$F$5/12 -> -239.34074 | M11: =(SUM($D37:M37))*$F$5/12 -> -239.34074 | N11: =(SUM($D37:N37))*$F$5/12 -> -239.34074 | O11: =(SUM($D37:O37))*$F$5/12 -> -239.34074 | P11: =SUM(D11:O11) -> -2532.4849
A12: =A11-1 -> -10 | B12: General Demand | D12: =(SUM($D38:D38))*$F$4/12 -> 1453.7351 | E12: =(SUM($D38:E38))*$F$4/12 -> 2652.3232 | F12: =(SUM($D38:F38))*$F$4/12 -> 3948.6593 | G12: =(SUM($D38:G38))*$F$5/12 -> 5085.5644 | H12: =(SUM($D38:H38))*$F$5/12 -> 5085.5644 | I12: =(SUM($D38:I38))*$F$5/12 -> 5085.5644 | J12: =(SUM($D38:J38))*$F$5/12 -> 5085.5644 | K12: =(SUM($D38:K38))*$F$5/12 -> 5085.5644 | L12: =(SUM($D38:L38))*$F$5/12 -> 5085.5644 | M12: =(SUM($D38:M38))*$F$5/12 -> 5085.5644 | N12: =(SUM($D38:N38))*$F$5/12 -> 5085.5644 | O12: =(SUM($D38:O38))*$F$5/12 -> 5085.5644 | P12: =SUM(D12:O12) -> 53824.798
A13: =A12-1 -> -11 | B13: Large General | D13: =(SUM($D39:D39))*$F$4/12 -> -602.70796 | E13: =(SUM($D39:E39))*$F$4/12 -> -1130.7614 | F13: =(SUM($D39:F39))*$F$4/12 -> -1678.5127 | G13: =(SUM($D39:G39))*$F$5/12 -> -2179.3729 | H13: =(SUM($D39:H39))*$F$5/12 -> -2179.3729 | I13: =(SUM($D39:I39))*$F$5/12 -> -2179.3729 | J13: =(SUM($D39:J39))*$F$5/12 -> -2179.3729 | K13: =(SUM($D39:K39))*$F$5/12 -> -2179.3729 | L13: =(SUM($D39:L39))*$F$5/12 -> -2179.3729 | M13: =(SUM($D39:M39))*$F$5/12 -> -2179.3729 | N13: =(SUM($D39:N39))*$F$5/12 -> -2179.3729 | O13: =(SUM($D39:O39))*$F$5/12 -> -2179.3729 | P13: =SUM(D13:O13) -> -23026.338
A14: =A13-1 -> -12 | B14: Small Industrial | D14: =(SUM($D40:D40))*$F$4/12 -> -309.10272 | E14: =(SUM($D40:E40))*$F$4/12 -> -526.95503 | F14: =(SUM($D40:F40))*$F$4/12 -> -764.82687 | G14: =(SUM($D40:G40))*$F$5/12 -> -1006.6892 | H14: =(SUM($D40:H40))*$F$5/12 -> -1006.6892 | I14: =(SUM($D40:I40))*$F$5/12 -> -1006.6892 | J14: =(SUM($D40:J40))*$F$5/12 -> -1006.6892 | K14: =(SUM($D40:K40))*$F$5/12 -> -1006.6892 | L14: =(SUM($D40:L40))*$F$5/12 -> -1006.6892 | M14: =(SUM($D40:M40))*$F$5/12 -> -1006.6892 | N14: =(SUM($D40:N40))*$F$5/12 -> -1006.6892 | O14: =(SUM($D40:O40))*$F$5/12 -> -1006.6892 | P14: =SUM(D14:O14) -> -10661.087
A15: =A14-1 -> -13 | B15: Medium Industrial | D15: =(SUM($D41:D41))*$F$4/12 -> 405.90355 | E15: =(SUM($D41:E41))*$F$4/12 -> 736.5392 | F15: =(SUM($D41:F41))*$F$4/12 -> 1100.3713 | G15: =(SUM($D41:G41))*$F$5/12 -> 1491.2368 | H15: =(SUM($D41:H41))*$F$5/12 -> 1491.2368 | I15: =(SUM($D41:I41))*$F$5/12 -> 1491.2368 | J15: =(SUM($D41:J41))*$F$5/12 -> 1491.2368 | K15: =(SUM($D41:K41))*$F$5/12 -> 1491.2368 | L15: =(SUM($D41:L41))*$F$5/12 -> 1491.2368 | M15: =(SUM($D41:M41))*$F$5/12 -> 1491.2368 | N15: =(SUM($D41:N41))*$F$5/12 -> 1491.2368 | O15: =(SUM($D41:O41))*$F$5/12 -> 1491.2368 | P15: =SUM(D15:O15) -> 15663.945
A16: =A15-1 -> -14 | B16: Large Industrial | D16: =(SUM($D42:D42))*$F$4/12 -> 663.86682 | E16: =(SUM($D42:E42))*$F$4/12 -> 1275.0032 | F16: =(SUM($D42:F42))*$F$4/12 -> 1928.1153 | G16: =(SUM($D42:G42))*$F$5/12 -> 2562.2335 | H16: =(SUM($D42:H42))*$F$5/12 -> 2562.2335 | I16: =(SUM($D42:I42))*$F$5/12 -> 2562.2335 | J16: =(SUM($D42:J42))*$F$5/12 -> 2562.2335 | K16: =(SUM($D42:K42))*$F$5/12 -> 2562.2335 | L16: =(SUM($D42:L42))*$F$5/12 -> 2562.2335 | M16: =(SUM($D42:M42))*$F$5/12 -> 2562.2335 | N16: =(SUM($D42:N42))*$F$5/12 -> 2562.2335 | O16: =(SUM($D42:O42))*$F$5/12 -> 2562.2335 | P16: =SUM(D16:O16) -> 26927.087
A17: =A16-1 -> -15 | B17: Unmetered | D17: =(SUM($D43:D43))*$F$4/12 -> -113.89852 | E17: =(SUM($D43:E43))*$F$4/12 -> -228.53748 | F17: =(SUM($D43:F43))*$F$4/12 -> -325.78461 | G17: =(SUM($D43:G43))*$F$5/12 -> -424.3959 | H17: =(SUM($D43:H43))*$F$5/12 -> -424.3959 | I17: =(SUM($D43:I43))*$F$5/12 -> -424.3959 | J17: =(SUM($D43:J43))*$F$5/12 -> -424.3959 | K17: =(SUM($D43:K43))*$F$5/12 -> -424.3959 | L17: =(SUM($D43:L43))*$F$5/12 -> -424.3959 | M17: =(SUM($D43:M43))*$F$5/12 -> -424.3959 | N17: =(SUM($D43:N43))*$F$5/12 -> -424.3959 | O17: =(SUM($D43:O43))*$F$5/12 -> -424.3959 | P17: =SUM(D17:O17) -> -4487.7837
A18: =A17-1 -> -16 | B18: BUTU | D18: =(SUM($D44:D44))*$F$4/12 -> 0 | E18: =(SUM($D44:E44))*$F$4/12 -> 0 | F18: =(SUM($D44:F44))*$F$4/12 -> 0 | G18: =(SUM($D44:G44))*$F$5/12 -> 0 | H18: =(SUM($D44:H44))*$F$5/12 -> 0 | I18: =(SUM($D44:I44))*$F$5/12 -> 0 | J18: =(SUM($D44:J44))*$F$5/12 -> 0 | K18: =(SUM($D44:K44))*$F$5/12 -> 0 | L18: =(SUM($D44:L44))*$F$5/12 -> 0 | M18: =(SUM($D44:M44))*$F$5/12 -> 0 | N18: =(SUM($D44:N44))*$F$5/12 -> 0 | O18: =(SUM($D44:O44))*$F$5/12 -> 0 | P18: =SUM(D18:O18) -> 0
A19: =A18-1 -> -17 | B19: Municipal Class | D19: =(SUM($D45:D45))*$F$4/12 -> 0 | E19: =(SUM($D45:E45))*$F$4/12 -> 0 | F19: =(SUM($D45:F45))*$F$4/12 -> 0 | G19: =(SUM($D45:G45))*$F$5/12 -> 0 | H19: =(SUM($D45:H45))*$F$5/12 -> 0 | I19: =(SUM($D45:I45))*$F$5/12 -> 0 | J19: =(SUM($D45:J45))*$F$5/12 -> 0 | K19: =(SUM($D45:K45))*$F$5/12 -> 0 | L19: =(SUM($D45:L45))*$F$5/12 -> 0 | M19: =(SUM($D45:M45))*$F$5/12 -> 0 | N19: =(SUM($D45:N45))*$F$5/12 -> 0 | O19: =(SUM($D45:O45))*$F$5/12 -> 0 | P19: =SUM(D19:O19) -> 0
A20: =A19-1 -> -18 | B20: Municipal Bundle Service Subtotal | D20: =(SUM($D46:D46))*$F$4/12 -> -103.8963 | E20: =(SUM($D46:E46))*$F$4/12 -> -199.13052 | F20: =(SUM($D46:F46))*$F$4/12 -> -289.39615 | G20: =(SUM($D46:G46))*$F$5/12 -> -367.60224 | H20: =(SUM($D46:H46))*$F$5/12 -> -367.60224 | I20: =(SUM($D46:I46))*$F$5/12 -> -367.60224 | J20: =(SUM($D46:J46))*$F$5/12 -> -367.60224 | K20: =(SUM($D46:K46))*$F$5/12 -> -367.60224 | L20: =(SUM($D46:L46))*$F$5/12 -> -367.60224 | M20: =(SUM($D46:M46))*$F$5/12 -> -367.60224 | N20: =(SUM($D46:N46))*$F$5/12 -> -367.60224 | O20: =(SUM($D46:O46))*$F$5/12 -> -367.60224 | P20: =SUM(D20:O20) -> -3900.8431
A21: =A20-1 -> -19 | B21: Municipal Unbundle Service Subtotal* | D21: =SUM(D22:D25) -> 0 | E21: =SUM(E22:E25) -> 0 | F21: =SUM(F22:F25) -> 0 | G21: =(SUM($D47:G47))*$F$5/12 -> 0 | H21: =(SUM($D47:H47))*$F$5/12 -> 0 | I21: =(SUM($D47:I47))*$F$5/12 -> 0 | J21: =(SUM($D47:J47))*$F$5/12 -> 0 | K21: =(SUM($D47:K47))*$F$5/12 -> 0 | L21: =(SUM($D47:L47))*$F$5/12 -> 0 | M21: =(SUM($D47:M47))*$F$5/12 -> 0 | N21: =(SUM($D47:N47))*$F$5/12 -> 0 | O21: =(SUM($D47:O47))*$F$5/12 -> 0 | P21: =SUM(D21:O21) -> 0
A22: =A21-1 -> -20 | B22: Antigonish | D22: =(SUM($D48:D48))*$F$4/12 -> 0 | E22: =(SUM($D48:E48))*$F$4/12 -> 0 | F22: =(SUM($D48:F48))*$F$4/12 -> 0 | G22: =(SUM($D48:G48))*$F$5/12 -> 0 | H22: =(SUM($D48:H48))*$F$5/12 -> 0 | I22: =(SUM($D48:I48))*$F$5/12 -> 0 | J22: =(SUM($D48:J48))*$F$5/12 -> 0 | K22: =(SUM($D48:K48))*$F$5/12 -> 0 | L22: =(SUM($D48:L48))*$F$5/12 -> 0 | M22: =(SUM($D48:M48))*$F$5/12 -> 0 | N22: =(SUM($D48:N48))*$F$5/12 -> 0 | O22: =(SUM($D48:O48))*$F$5/12 -> 0 | P22: =SUM(D22:O22) -> 0
A23: =A22-1 -> -21 | B23: Berwick | D23: =(SUM($D49:D49))*$F$4/12 -> 0 | E23: =(SUM($D49:E49))*$F$4/12 -> 0 | F23: =(SUM($D49:F49))*$F$4/12 -> 0 | G23: =(SUM($D49:G49))*$F$5/12 -> 0 | H23: =(SUM($D49:H49))*$F$5/12 -> 0 | I23: =(SUM($D49:I49))*$F$5/12 -> 0 | J23: =(SUM($D49:J49))*$F$5/12 -> 0 | K23: =(SUM($D49:K49))*$F$5/12 -> 0 | L23: =(SUM($D49:L49))*$F$5/12 -> 0 | M23: =(SUM($D49:M49))*$F$5/12 -> 0 | N23: =(SUM($D49:N49))*$F$5/12 -> 0 | O23: =(SUM($D49:O49))*$F$5/12 -> 0 | P23: =SUM(D23:O23) -> 0
A24: =A23-1 -> -22 | B24: Mahone Bay | D24: =(SUM($D50:D50))*$F$4/12 -> 0 | E24: =(SUM($D50:E50))*$F$4/12 -> 0 | F24: =(SUM($D50:F50))*$F$4/12 -> 0 | G24: =(SUM($D50:G50))*$F$5/12 -> 0 | H24: =(SUM($D50:H50))*$F$5/12 -> 0 | I24: =(SUM($D50:I50))*$F$5/12 -> 0 | J24: =(SUM($D50:J50))*$F$5/12 -> 0 | K24: =(SUM($D50:K50))*$F$5/12 -> 0 | L24: =(SUM($D50:L50))*$F$5/12 -> 0 | M24: =(SUM($D50:M50))*$F$5/12 -> 0 | N24: =(SUM($D50:N50))*$F$5/12 -> 0 | O24: =(SUM($D50:O50))*$F$5/12 -> 0 | P24: =SUM(D24:O24) -> 0
A25: =A24-1 -> -23 | B25: Riverport | D25: =(SUM($D51:D51))*$F$4/12 -> 0 | E25: =(SUM($D51:E51))*$F$4/12 -> 0 | F25: =(SUM($D51:F51))*$F$4/12 -> 0 | G25: =(SUM($D51:G51))*$F$5/12 -> 0 | H25: =(SUM($D51:H51))*$F$5/12 -> 0 | I25: =(SUM($D51:I51))*$F$5/12 -> 0 | J25: =(SUM($D51:J51))*$F$5/12 -> 0 | K25: =(SUM($D51:K51))*$F$5/12 -> 0 | L25: =(SUM($D51:L51))*$F$5/12 -> 0 | M25: =(SUM($D51:M51))*$F$5/12 -> 0 | N25: =(SUM($D51:N51))*$F$5/12 -> 0 | O25: =(SUM($D51:O51))*$F$5/12 -> 0 | P25: =SUM(D25:O25) -> 0
A26: =A25-1 -> -24 | B26: Customer moving Load to OATT | G26: =(SUM($D52:G52))*$F$5/12 -> 0 | H26: =(SUM($D52:H52))*$F$5/12 -> 0 | I26: =(SUM($D52:I52))*$F$5/12 -> 0 | J26: =(SUM($D52:J52))*$F$5/12 -> 0 | K26: =(SUM($D52:K52))*$F$5/12 -> 0 | L26: =(SUM($D52:L52))*$F$5/12 -> 0 | M26: =(SUM($D52:M52))*$F$5/12 -> 0 | N26: =(SUM($D52:N52))*$F$5/12 -> 0 | O26: =(SUM($D52:O52))*$F$5/12 -> 0 | P26: =SUM(D26:O26) -> 0
A27: =A26-1 -> -25 | B27: Municipal before BUTU | D27: =D21+D20 -> -103.8963 | E27: =E21+E20 -> -199.13052 | F27: =F21+F20 -> -289.39615 | G27: =(SUM($D53:G53))*$F$5/12 -> -367.60224 | H27: =(SUM($D53:H53))*$F$5/12 -> -367.60224 | I27: =(SUM($D53:I53))*$F$5/12 -> -367.60224 | J27: =(SUM($D53:J53))*$F$5/12 -> -367.60224 | K27: =(SUM($D53:K53))*$F$5/12 -> -367.60224 | L27: =(SUM($D53:L53))*$F$5/12 -> -367.60224 | M27: =(SUM($D53:M53))*$F$5/12 -> -367.60224 | N27: =(SUM($D53:N53))*$F$5/12 -> -367.60224 | O27: =(SUM($D53:O53))*$F$5/12 -> -367.60224 | P27: =SUM(D27:O27) -> -3900.8431
A28: =A27-1 -> -26 | B28: Gen. Repl. / Load Following. | D28: =(SUM($D54:D54))*$F$4/12 -> -3.5152644 | E28: =(SUM($D54:E54))*$F$4/12 -> -6.9812842 | F28: =(SUM($D54:F54))*$F$4/12 -> -8.1046136 | G28: =(SUM($D54:G54))*$F$5/12 -> -6.5686309 | H28: =(SUM($D54:H54))*$F$5/12 -> -6.5686309 | I28: =(SUM($D54:I54))*$F$5/12 -> -6.5686309 | J28: =(SUM($D54:J54))*$F$5/12 -> -6.5686309 | K28: =(SUM($D54:K54))*$F$5/12 -> -6.5686309 | L28: =(SUM($D54:L54))*$F$5/12 -> -6.5686309 | M28: =(SUM($D54:M54))*$F$5/12 -> -6.5686309 | N28: =(SUM($D54:N54))*$F$5/12 -> -6.5686309 | O28: =(SUM($D54:O54))*$F$5/12 -> -6.5686309 | P28: =SUM(D28:O28) -> -77.71884
A29: =A28-1 -> -27 | B29: 1P-RTP | D29: =(SUM($D55:D55))*$F$4/12 -> -2.4048764 | E29: =(SUM($D55:E55))*$F$4/12 -> -4.429895 | F29: =(SUM($D55:F55))*$F$4/12 -> -4.948326 | G29: =(SUM($D55:G55))*$F$5/12 -> -7.54867 | H29: =(SUM($D55:H55))*$F$5/12 -> -7.54867 | I29: =(SUM($D55:I55))*$F$5/12 -> -7.54867 | J29: =(SUM($D55:J55))*$F$5/12 -> -7.54867 | K29: =(SUM($D55:K55))*$F$5/12 -> -7.54867 | L29: =(SUM($D55:L55))*$F$5/12 -> -7.54867 | M29: =(SUM($D55:M55))*$F$5/12 -> -7.54867 | N29: =(SUM($D55:N55))*$F$5/12 -> -7.54867 | O29: =(SUM($D55:O55))*$F$5/12 -> -7.54867 | P29: =SUM(D29:O29) -> -79.721128
A30: =A29-1 -> -28 | B30: Shore Power | D30: =(SUM($D56:D56))*$F$4/12 -> 0 | E30: =(SUM($D56:E56))*$F$4/12 -> 0 | F30: =(SUM($D56:F56))*$F$4/12 -> -4.8863017e-05 | G30: =(SUM($D56:G56))*$F$5/12 -> 0 | H30: =(SUM($D56:H56))*$F$5/12 -> 0 | I30: =(SUM($D56:I56))*$F$5/12 -> 0 | J30: =(SUM($D56:J56))*$F$5/12 -> 0 | K30: =(SUM($D56:K56))*$F$5/12 -> 0 | L30: =(SUM($D56:L56))*$F$5/12 -> 0 | M30: =(SUM($D56:M56))*$F$5/12 -> 0 | N30: =(SUM($D56:N56))*$F$5/12 -> 0 | O30: =(SUM($D56:O56))*$F$5/12 -> 0 | P30: =SUM(D30:O30) -> -4.8863017e-05
A31: =A30-1 -> -29
A32: =A31-1 -> -30 | B32: Total | D32: =SUM(D10:D18,D27:D31) -> 1911.7188 | E32: =SUM(E10:E18,E27:E31) -> 3562.7814 | F32: =SUM(F10:F18,F27:F31) -> 5324.1925 | G32: =SUM(G10:G18,G27:G31) -> 6882.2568 | H32: =SUM(H10:H18,H27:H31) -> 6882.2568 | I32: =SUM(I10:I18,I27:I31) -> 6882.2568 | J32: =SUM(J10:J18,J27:J31) -> 6882.2568 | K32: =SUM(K10:K18,K27:K31) -> 6882.2568 | ... O32: =SUM(O10:O18,O27:O31) -> 6882.2568 | P32: =SUM(D32:O32) -> 72739.004
A33: =A32-1 -> -31
A34: =A33-1 -> -32
A35: =A34-1 -> -33 | B35: Variance | D35: =+D9 -> 46023 | E35: =+E9 -> 46054 | F35: =+F9 -> 46082 | G35: =+G9 -> 46113 | H35: =+H9 -> 46143 | I35: =+I9 -> 46174 | J35: =+J9 -> 46204 | K35: =+K9 -> 46235 | ... O35: =+O9 -> 46357 | P35: Total
A36: =A35-1 -> -34 | B36: Residential | D36: =D63-D88 -> 105746.48 | E36: =E63-E88 -> 96290.47 | F36: =F63-F88 -> 88643.687 | G36: =G63-G88 -> 68907.909 | H36: =H63-H88 -> 0 | I36: =I63-I88 -> 0 | J36: =J63-J88 -> 0 | K36: =K63-K88 -> 0 | ... O36: =O63-O88 -> 0 | P36: =SUM(D36:O36) -> 359588.54
A37: =A36-1 -> -35 | B37: Small General | D37: =D64-D89 -> -11237.195 | E37: =E64-E89 -> -11122.519 | F37: =F64-F89 -> -12329.369 | G37: =G64-G89 -> -8893.4499 | H37: =H64-H89 -> 0 | I37: =I64-I89 -> 0 | J37: =J64-J89 -> 0 | K37: =K64-K89 -> 0 | ... O37: =O64-O89 -> 0 | P37: =SUM(D37:O37) -> -43582.533
A38: =A37-1 -> -36 | B38: General Demand | D38: =D65-D90 -> 262328.14 | E38: =E65-E90 -> 216286.57 | F38: =F65-F90 -> 233925.31 | G38: =G65-G90 -> 213511.16 | H38: =H65-H90 -> 0 | I38: =I65-I90 -> 0 | J38: =J65-J90 -> 0 | K38: =K65-K90 -> 0 | ... O38: =O65-O90 -> 0 | P38: =SUM(D38:O38) -> 926051.19
A39: =A38-1 -> -37 | B39: Large General | D39: =D66-D91 -> -108759.33 | E39: =E66-E91 -> -95287.832 | F39: =F66-F91 -> -98842.34 | G39: =G66-G91 -> -93961.41 | H39: =H66-H91 -> 0 | I39: =I66-I91 -> 0 | J39: =J66-J91 -> 0 | K39: =K66-K91 -> 0 | ... O39: =O66-O91 -> 0 | P39: =SUM(D39:O39) -> -396850.91
A40: =A39-1 -> -38 | B40: Small Industrial | D40: =D67-D92 -> -55777.935 | E40: =E67-E92 -> -39311.694 | F40: =F67-F92 -> -42924.242 | G40: =G67-G92 -> -45298.27 | H40: =H67-H92 -> 0 | I40: =I67-I92 -> 0 | J40: =J67-J92 -> 0 | K40: =K67-K92 -> 0 | ... O40: =O67-O92 -> 0 | P40: =SUM(D40:O40) -> -183312.14
A41: =A40-1 -> -39 | B41: Medium Industrial | D41: =D68-D93 -> 73245.753 | E41: =E68-E93 -> 59663.576 | F41: =F68-F93 -> 65653.913 | G41: =G68-G93 -> 72982.15 | H41: =H68-H93 -> 0 | I41: =I68-I93 -> 0 | J41: =J68-J93 -> 0 | K41: =K68-K93 -> 0 | ... O41: =O68-O93 -> 0 | P41: =SUM(D41:O41) -> 271545.39
A42: =A41-1 -> -40 | B42: Large Industrial | D42: =D69-D94 -> 119795.52 | E42: =E69-E94 -> 110280.25 | F42: =F69-F94 -> 117854.81 | G42: =G69-G94 -> 118636.98 | H42: =H69-H94 -> 0 | I42: =I69-I94 -> 0 | J42: =J69-J94 -> 0 | K42: =K69-K94 -> 0 | ... O42: =O69-O94 -> 0 | P42: =SUM(D42:O42) -> 466567.56
A43: =A42-1 -> -41 | B43: Unmetered | D43: =D70-D95 -> -20553.116 | E43: =E70-E95 -> -20686.73 | F43: =F70-F95 -> -17548.354 | G43: =G70-G95 -> -18491.78 | H43: =H70-H95 -> 0 | I43: =I70-I95 -> 0 | J43: =J70-J95 -> 0 | K43: =K70-K95 -> 0 | ... O43: =O70-O95 -> 0 | P43: =SUM(D43:O43) -> -77279.981
A44: =A43-1 -> -42 | B44: BUTU | D44: =D71-D96 -> 0 | E44: =E71-E96 -> 0 | F44: =F71-F96 -> 0 | G44: =G71-G96 -> 0 | H44: =H71-H96 -> 0 | I44: =I71-I96 -> 0 | J44: =J71-J96 -> 0 | K44: =K71-K96 -> 0 | ... O44: =O71-O96 -> 0 | P44: =SUM(D44:O44) -> 0
A45: =A44-1 -> -43 | B45: Municipal Class
A46: =A45-1 -> -44 | B46: Municipal Bundle Service Subtotal | D46: =D73-D98 -> -18748.204 | E46: =E73-E98 -> -17185.123 | F46: =F73-F98 -> -16288.535 | G46: =G73-G98 -> -14716.33 | H46: =H73-H98 -> 0 | I46: =I73-I98 -> 0 | J46: =J73-J98 -> 0 | K46: =K73-K98 -> 0 | ... O46: =O73-O98 -> 0 | P46: =SUM(D46:O46) -> -66938.192
A47: =A46-1 -> -45 | B47: Municipal Unbundle Service Subtotal* | D47: =D74-D99 -> 0 | E47: =SUM(E48:E51) -> 0 | F47: =SUM(F48:F51) -> 0 | G47: =SUM(G48:G51) -> 0 | H47: =SUM(H48:H51) -> 0 | I47: =SUM(I48:I51) -> 0 | J47: =SUM(J48:J51) -> 0 | K47: =SUM(K48:K51) -> 0 | L47: =SUM(L48:L51) -> 0 | ... P47: =SUM(P48:P51) -> 0
A48: =A47-1 -> -46 | B48: Antigonish | D48: =D75-D100 -> 0 | E48: =E75-E100 -> 0 | F48: =F75-F100 -> 0 | G48: =G75-G100 -> 0 | H48: =H75-H100 -> 0 | I48: =I75-I100 -> 0 | J48: =J75-J100 -> 0 | K48: =K75-K100 -> 0 | ... O48: =O75-O100 -> 0 | P48: =SUM(D48:O48) -> 0
A49: =A48-1 -> -47 | B49: Berwick | D49: =D76-D101 -> 0 | E49: =E76-E101 -> 0 | F49: =F76-F101 -> 0 | G49: =G76-G101 -> 0 | H49: =H76-H101 -> 0 | I49: =I76-I101 -> 0 | J49: =J76-J101 -> 0 | K49: =K76-K101 -> 0 | ... O49: =O76-O101 -> 0 | P49: =SUM(D49:O49) -> 0
A50: =A49-1 -> -48 | B50: Mahone Bay | D50: =D77-D102 -> 0 | E50: =E77-E102 -> 0 | F50: =F77-F102 -> 0 | G50: =G77-G102 -> 0 | H50: =H77-H102 -> 0 | I50: =I77-I102 -> 0 | J50: =J77-J102 -> 0 | K50: =K77-K102 -> 0 | ... O50: =O77-O102 -> 0 | P50: =SUM(D50:O50) -> 0
A51: =A50-1 -> -49 | B51: Riverport | D51: =D78-D103 -> 0 | E51: =E78-E103 -> 0 | F51: =F78-F103 -> 0 | G51: =G78-G103 -> 0 | H51: =H78-H103 -> 0 | I51: =I78-I103 -> 0 | J51: =J78-J103 -> 0 | K51: =K78-K103 -> 0 | ... O51: =O78-O103 -> 0 | P51: =SUM(D51:O51) -> 0
A52: =A51-1 -> -50 | B52: Customer moving Load to OATT
A53: =A52-1 -> -51 | B53: Municipal before BUTU | D53: =D80-D105 -> -18748.204 | E53: =E47+E46 -> -17185.123 | F53: =F47+F46 -> -16288.535 | G53: =G47+G46 -> -14716.33 | H53: =H47+H46 -> 0 | I53: =I47+I46 -> 0 | J53: =J47+J46 -> 0 | K53: =K47+K46 -> 0 | L53: =L47+L46 -> 0 | ... P53: =P47+P46 -> -66938.192
A54: =A53-1 -> -52 | B54: Gen. Repl. / Load Following. | D54: =D81-D106 -> -634.33342 | E54: =E81-E106 -> -625.44719 | F54: =F81-F106 -> -202.70607 | G54: =G81-G106 -> 266.37786 | H54: =H81-H106 -> 0 | I54: =I81-I106 -> 0 | J54: =J81-J106 -> 0 | K54: =K81-K106 -> 0 | ... O54: =O81-O106 -> 0 | P54: =SUM(D54:O54) -> -1196.1088
A55: =A54-1 -> -53 | B55: 1P-RTP | D55: =D82-D107 -> -433.96266 | E55: =E82-E107 -> -365.4169 | F55: =F82-F107 -> -93.551443 | G55: =G82-G107 -> -481.63714 | H55: =H82-H107 -> 0 | I55: =I82-I107 -> 0 | J55: =J82-J107 -> 0 | K55: =K82-K107 -> 0 | ... O55: =O82-O107 -> 0 | P55: =SUM(D55:O55) -> -1374.5681
A56: =A55-1 -> -54 | B56: Shore Power | D56: =D83-D108 -> 0 | E56: =E83-E108 -> 0 | F56: =F83-F108 -> -0.0088173866 | G56: =G83-G108 -> 0.0088173866 | H56: =H83-H108 -> 0 | I56: =I83-I108 -> 0 | J56: =J83-J108 -> 0 | K56: =K83-K108 -> 0 | ... O56: =O83-O108 -> 0 | P56: =SUM(D56:O56) -> 0
A57: =A56-1 -> -55
A58: =A57-1 -> -56 | B58: Total | D58: =SUM(D36:D44,D53:D56) -> 344971.81 | E58: =SUM(E36:E44,E53:E56) -> 297936.11 | F58: =SUM(F36:F44,F53:F56) -> 317848.61 | G58: =SUM(G36:G44,G53:G56) -> 292461.71 | H58: =SUM(H36:H44,H53:H56) -> 0 | I58: =SUM(I36:I44,I53:I56) -> 0 | J58: =SUM(J36:J44,J53:J56) -> 0 | K58: =SUM(K36:K44,K53:K56) -> 0 | ... P58: =SUM(P36:P44,P53:P56) -> 1253218.2
A59: =A58-1 -> -57
A60: =A59-1 -> -58 | B60: Days | D60: =E61-D61 -> 31 | E60: =F61-E61 -> 28 | F60: =G61-F61 -> 31 | G60: =H61-G61 -> 30 | H60: =I61-H61 -> 31 | I60: =J61-I61 -> 30 | J60: =K61-J61 -> 31 | K60: =L61-K61 -> 31 | ... N60: =O61-N61 -> 30 | O60: 31 | P60: =SUM(D60:O60) -> 365
A61: =A60-1 -> -59 | B61: Required Collection at Approved 2026 DCRR (Jan to Apr 2026 (PCR+BA) | C61: Rate and Monthly Payments | D61: =+D9 -> 46023 | E61: =+E9 -> 46054 | F61: =+F9 -> 46082 | G61: =+G9 -> 46113 | H61: =+H9 -> 46143 | I61: =+I9 -> 46174 | J61: =+J9 -> 46204 | K61: =+K9 -> 46235 | ... O61: =+O9 -> 46357 | P61: Total
A62: =A61-1 -> -60
A63: =A62-1 -> -61 | B63: Residential | C63: 0.64813046 | D63: =$C63*D113/100 -> 4529771.9 | E63: =$C63*E113/100 -> 4124713 | F63: =$C63*F113/100 -> 3797154.2 | G63: =$C63*G113/100 -> 2951749.5 | H63: =$C63*H113/100 -> 0 | I63: =$C63*I113/100 -> 0 | J63: =$C63*J113/100 -> 0 | K63: =$C63*K113/100 -> 0 | ... O63: =$C63*O113/100 -> 0 | P63: =SUM(D63:O63) -> 15403389
A64: =A63-1 -> -62 | B64: Small General | C64: 0.72932932 | D64: =$C64*D114/100 -> 346234.9 | E64: =$C64*E114/100 -> 342701.54 | F64: =$C64*F114/100 -> 379886.42 | G64: =$C64*G114/100 -> 274020.58 | H64: =$C64*H114/100 -> 0 | I64: =$C64*I114/100 -> 0 | J64: =$C64*J114/100 -> 0 | K64: =$C64*K114/100 -> 0 | ... O64: =$C64*O114/100 -> 0 | P64: =SUM(D64:O64) -> 1342843.4
A65: =A64-1 -> -63 | B65: General Demand | C65: 0.74940731 | D65: =$C65*D115/100 -> 1882920.1 | E65: =$C65*E115/100 -> 1552446.3 | F65: =$C65*F115/100 -> 1679052.3 | G65: =$C65*G115/100 -> 1532525.1 | H65: =$C65*H115/100 -> 0 | I65: =$C65*I115/100 -> 0 | J65: =$C65*J115/100 -> 0 | K65: =$C65*K115/100 -> 0 | ... O65: =$C65*O115/100 -> 0 | P65: =SUM(D65:O65) -> 6646943.8
A66: =A65-1 -> -64 | B66: Large General | C66: 0.45755052 | D66: =$C66*D116/100 -> 149685.56 | E66: =$C66*E116/100 -> 131144.73 | F66: =$C66*F116/100 -> 136036.8 | G66: =$C66*G116/100 -> 129319.17 | H66: =$C66*H116/100 -> 0 | I66: =$C66*I116/100 -> 0 | J66: =$C66*J116/100 -> 0 | K66: =$C66*K116/100 -> 0 | ... O66: =$C66*O116/100 -> 0 | P66: =SUM(D66:O66) -> 546186.27
A67: =A66-1 -> -65 | B67: Small Industrial | C67: 0.55537177 | D67: =$C67*D117/100 -> 156746.28 | E67: =$C67*E117/100 -> 110473.11 | F67: =$C67*F117/100 -> 120625.03 | G67: =$C67*G117/100 -> 127296.49 | H67: =$C67*H117/100 -> 0 | I67: =$C67*I117/100 -> 0 | J67: =$C67*J117/100 -> 0 | K67: =$C67*K117/100 -> 0 | ... O67: =$C67*O117/100 -> 0 | P67: =SUM(D67:O67) -> 515140.9
A68: =A67-1 -> -66 | B68: Medium Industrial | C68: 0.47853729 | D68: =$C68*D118/100 -> 213026.63 | E68: =$C68*E118/100 -> 173524.47 | F68: =$C68*F118/100 -> 190946.66 | G68: =$C68*G118/100 -> 212259.97 | H68: =$C68*H118/100 -> 0 | I68: =$C68*I118/100 -> 0 | J68: =$C68*J118/100 -> 0 | K68: =$C68*K118/100 -> 0 | ... O68: =$C68*O118/100 -> 0 | P68: =SUM(D68:O68) -> 789757.73
A69: =A68-1 -> -67 | B69: Large Industrial | C69: 0.66296801 | D69: =$C69*D119/100 -> 342377.37 | E69: =$C69*E119/100 -> 315182.6 | F69: =$C69*F119/100 -> 336830.79 | G69: =$C69*G119/100 -> 339066.24 | H69: =$C69*H119/100 -> 0 | I69: =$C69*I119/100 -> 0 | J69: =$C69*J119/100 -> 0 | K69: =$C69*K119/100 -> 0 | ... O69: =$C69*O119/100 -> 0 | P69: =SUM(D69:O69) -> 1333457
A70: =A69-1 -> -68 | B70: Unmetered | C70: 0.049122044 | D70: =$C70*D120/100 -> 3279.2575 | E70: =$C70*E120/100 -> 3300.5756 | F70: =$C70*F120/100 -> 2799.8465 | G70: =$C70*G120/100 -> 2950.3706 | H70: =$C70*H120/100 -> 0 | I70: =$C70*I120/100 -> 0 | J70: =$C70*J120/100 -> 0 | K70: =$C70*K120/100 -> 0 | ... O70: =$C70*O120/100 -> 0 | P70: =SUM(D70:O70) -> 12330.05
A71: =A70-1 -> -69 | B71: BUTU | D71: =$C71*D121/100 -> 0 | E71: =$C71*E121/100 -> 0 | F71: =$C71*F121/100 -> 0 | G71: =$C71*G121/100 -> 0 | H71: =$C71*H121/100 -> 0 | I71: =$C71*I121/100 -> 0 | J71: =$C71*J121/100 -> 0 | K71: =$C71*K121/100 -> 0 | ... O71: =$C71*O121/100 -> 0 | P71: =SUM(D71:O71) -> 0
A72: =A71-1 -> -70 | B72: Municipal Class
A73: =A72-1 -> -71 | B73: Municipal Bundle Service Subtotal | C73: 0.26534567 | D73: =$C73*D123/100 -> 13755.551 | E73: =$C73*E123/100 -> 12608.719 | F73: =$C73*F123/100 -> 11950.893 | G73: =$C73*G123/100 -> 10797.366 | H73: =$C73*H123/100 -> 0 | I73: =$C73*I123/100 -> 0 | J73: =$C73*J123/100 -> 0 | K73: =$C73*K123/100 -> 0 | ... O73: =$C73*O123/100 -> 0 | P73: =SUM(D73:O73) -> 49112.529
A74: =A73-1 -> -72 | B74: Municipal Unbundle Service Subtotal* | D74: =SUM(D75:D78) -> 0 | E74: =SUM(E75:E78) -> 0 | F74: =SUM(F75:F78) -> 0 | G74: =SUM(G75:G78) -> 0 | H74: =SUM(H75:H78) -> 0 | I74: =SUM(I75:I78) -> 0 | J74: =SUM(J75:J78) -> 0 | K74: =SUM(K75:K78) -> 0 | ... O74: =SUM(O75:O78) -> 0 | P74: =SUM(D74:O74) -> 0
A75: =A74-1 -> -73 | B75: Antigonish | D75: =$C75*D125/100 -> 0 | E75: =$C75*E125/100 -> 0 | F75: =$C75*F125/100 -> 0 | G75: =$C75*G125/100 -> 0 | H75: =$C75*H125/100 -> 0 | I75: =$C75*I125/100 -> 0 | J75: =$C75*J125/100 -> 0 | K75: =$C75*K125/100 -> 0 | ... O75: =$C75*O125/100 -> 0 | P75: =SUM(D75:O75) -> 0
A76: =A75-1 -> -74 | B76: Berwick | D76: =$C76*D126/100 -> 0 | E76: =$C76*E126/100 -> 0 | F76: =$C76*F126/100 -> 0 | G76: =$C76*G126/100 -> 0 | H76: =$C76*H126/100 -> 0 | I76: =$C76*I126/100 -> 0 | J76: =$C76*J126/100 -> 0 | K76: =$C76*K126/100 -> 0 | ... O76: =$C76*O126/100 -> 0 | P76: =SUM(D76:O76) -> 0
A77: =A76-1 -> -75 | B77: Mahone Bay | D77: =$C77*D127/100 -> 0 | E77: =$C77*E127/100 -> 0 | F77: =$C77*F127/100 -> 0 | G77: =$C77*G127/100 -> 0 | H77: =$C77*H127/100 -> 0 | I77: =$C77*I127/100 -> 0 | J77: =$C77*J127/100 -> 0 | K77: =$C77*K127/100 -> 0 | ... O77: =$C77*O127/100 -> 0 | P77: =SUM(D77:O77) -> 0
A78: =A77-1 -> -76 | B78: Riverport | D78: =$C78*D128/100 -> 0 | E78: =$C78*E128/100 -> 0 | F78: =$C78*F128/100 -> 0 | G78: =$C78*G128/100 -> 0 | H78: =$C78*H128/100 -> 0 | I78: =$C78*I128/100 -> 0 | J78: =$C78*J128/100 -> 0 | K78: =$C78*K128/100 -> 0 | ... O78: =$C78*O128/100 -> 0 | P78: =SUM(D78:O78) -> 0
A79: =A78-1 -> -77 | B79: Customer moving Load to OATT
A80: =A79-1 -> -78 | B80: Municipal before BUTU | D80: =D74+D73 -> 13755.551 | E80: =E74+E73 -> 12608.719 | F80: =F74+F73 -> 11950.893 | G80: =G74+G73 -> 10797.366 | H80: =H74+H73 -> 0 | I80: =I74+I73 -> 0 | J80: =J74+J73 -> 0 | K80: =K74+K73 -> 0 | ... O80: =O74+O73 -> 0 | P80: =SUM(D80:O80) -> 49112.529
A81: =A80-1 -> -79 | B81: Gen. Repl. / Load Following. | C81: -0.02712367 | D81: =$C81*D131/100 -> -252.562 | E81: =$C81*E131/100 -> -249.02392 | F81: =$C81*F131/100 -> -80.708108 | G81: =$C81*G131/100 -> 106.05925 | H81: =$C81*H131/100 -> 0 | I81: =$C81*I131/100 -> 0 | J81: =$C81*J131/100 -> 0 | K81: =$C81*K131/100 -> 0 | ... O81: =$C81*O131/100 -> 0 | P81: =SUM(D81:O81) -> -476.23478
A82: =A81-1 -> -80 | B82: 1P-RTP | C82: 0.00957085 | D82: =$C82*D132/100 -> 51.0062 | E82: =$C82*E132/100 -> 42.949611 | F82: =$C82*F132/100 -> 10.995655 | G82: =$C82*G132/100 -> 56.609664 | H82: =$C82*H132/100 -> 0 | I82: =$C82*I132/100 -> 0 | J82: =$C82*J132/100 -> 0 | K82: =$C82*K132/100 -> 0 | ... O82: =$C82*O132/100 -> 0 | P82: =SUM(D82:O82) -> 161.56113
A83: =A82-1 -> -81 | B83: Shore Power | C83: 0.10213302 | D83: =$C83*D133/100 -> 0 | E83: =$C83*E133/100 -> 0 | F83: =$C83*F133/100 -> 0.017362613 | G83: =$C83*G133/100 -> -0.017362613 | H83: =$C83*H133/100 -> 0 | I83: =$C83*I133/100 -> 0 | J83: =$C83*J133/100 -> 0 | K83: =$C83*K133/100 -> 0 | ... O83: =$C83*O133/100 -> 0 | P83: =SUM(D83:O83) -> 0
A84: =A83-1 -> -82
A85: =A84-1 -> -83 | B85: Total | D85: =SUM(D63:D71,D80:D83) -> 7637596 | E85: =SUM(E63:E71,E80:E83) -> 6765888.9 | F85: =SUM(F63:F71,F80:F83) -> 6655213.3 | G85: =SUM(G63:G71,G80:G83) -> 5580147.5 | H85: =SUM(H63:H71,H80:H83) -> 0 | I85: =SUM(I63:I71,I80:I83) -> 0 | J85: =SUM(J63:J71,J80:J83) -> 0 | K85: =SUM(K63:K71,K80:K83) -> 0 | ... P85: =SUM(P63:P71,P80:P83) -> 26638846
A86: =A85-1 -> -84
A87: =A86-1 -> -85 | B87: 4 Months Actual collection at 2025 DCRR (Jan to Apr 2026 (PCR+BA) | C87: Rate and Monthly Payments | D87: =D9 -> 46023 | E87: =E9 -> 46054 | F87: =F9 -> 46082 | G87: =G9 -> 46113 | H87: =H9 -> 46143 | I87: =I9 -> 46174 | J87: =J9 -> 46204 | K87: =K9 -> 46235 | ... O87: =O9 -> 46357 | P87: Total
A88: =A87-1 -> -86 | B88: Residential | C88: 0.633 | D88: =$C88*D113/100 -> 4424025.4 | E88: =$C88*E113/100 -> 4028422.5 | F88: =$C88*F113/100 -> 3708510.6 | G88: =$C88*G113/100 -> 2882841.6 | H88: =$C88*H113/100 -> 0 | I88: =$C88*I113/100 -> 0 | J88: =$C88*J113/100 -> 0 | K88: =$C88*K113/100 -> 0 | ... O88: =$C88*O113/100 -> 0 | P88: =SUM(D88:O88) -> 15043800
A89: =A88-1 -> -87 | B89: Small General | C89: 0.753 | D89: =$C89*D114/100 -> 357472.1 | E89: =$C89*E114/100 -> 353824.06 | F89: =$C89*F114/100 -> 392215.79 | G89: =$C89*G114/100 -> 282914.03 | H89: =$C89*H114/100 -> 0 | I89: =$C89*I114/100 -> 0 | J89: =$C89*J114/100 -> 0 | K89: =$C89*K114/100 -> 0 | ... O89: =$C89*O114/100 -> 0 | P89: =SUM(D89:O89) -> 1386426
A90: =A89-1 -> -88 | B90: General Demand | C90: 0.645 | D90: =$C90*D115/100 -> 1620592 | E90: =$C90*E115/100 -> 1336159.7 | F90: =$C90*F115/100 -> 1445127 | G90: =$C90*G115/100 -> 1319014 | H90: =$C90*H115/100 -> 0 | I90: =$C90*I115/100 -> 0 | J90: =$C90*J115/100 -> 0 | K90: =$C90*K115/100 -> 0 | ... O90: =$C90*O115/100 -> 0 | P90: =SUM(D90:O90) -> 5720892.6
A91: =A90-1 -> -89 | B91: Large General | C91: 0.79 | D91: =$C91*D116/100 -> 258444.89 | E91: =$C91*E116/100 -> 226432.56 | F91: =$C91*F116/100 -> 234879.14 | G91: =$C91*G116/100 -> 223280.58 | H91: =$C91*H116/100 -> 0 | I91: =$C91*I116/100 -> 0 | J91: =$C91*J116/100 -> 0 | K91: =$C91*K116/100 -> 0 | ... O91: =$C91*O116/100 -> 0 | P91: =SUM(D91:O91) -> 943037.18
A92: =A91-1 -> -90 | B92: Small Industrial | C92: 0.753 | D92: =$C92*D117/100 -> 212524.21 | E92: =$C92*E117/100 -> 149784.8 | F92: =$C92*F117/100 -> 163549.27 | G92: =$C92*G117/100 -> 172594.76 | H92: =$C92*H117/100 -> 0 | I92: =$C92*I117/100 -> 0 | J92: =$C92*J117/100 -> 0 | K92: =$C92*K117/100 -> 0 | ... O92: =$C92*O117/100 -> 0 | P92: =SUM(D92:O92) -> 698453.04
A93: =A92-1 -> -91 | B93: Medium Industrial | C93: 0.314 | D93: =$C93*D118/100 -> 139780.88 | E93: =$C93*E118/100 -> 113860.89 | F93: =$C93*F118/100 -> 125292.75 | G93: =$C93*G118/100 -> 139277.82 | H93: =$C93*H118/100 -> 0 | I93: =$C93*I118/100 -> 0 | J93: =$C93*J118/100 -> 0 | K93: =$C93*K118/100 -> 0 | ... O93: =$C93*O118/100 -> 0 | P93: =SUM(D93:O93) -> 518212.34
A94: =A93-1 -> -92 | B94: Large Industrial | C94: 0.431 | D94: =$C94*D119/100 -> 222581.85 | E94: =$C94*E119/100 -> 204902.35 | F94: =$C94*F119/100 -> 218975.99 | G94: =$C94*G119/100 -> 220429.27 | H94: =$C94*H119/100 -> 0 | I94: =$C94*I119/100 -> 0 | J94: =$C94*J119/100 -> 0 | K94: =$C94*K119/100 -> 0 | ... O94: =$C94*O119/100 -> 0 | P94: =SUM(D94:O94) -> 866889.45
A95: =A94-1 -> -93 | B95: Unmetered | C95: 0.357 | D95: =$C95*D120/100 -> 23832.374 | E95: =$C95*E120/100 -> 23987.306 | F95: =$C95*F120/100 -> 20348.201 | G95: =$C95*G120/100 -> 21442.151 | H95: =$C95*H120/100 -> 0 | I95: =$C95*I120/100 -> 0 | J95: =$C95*J120/100 -> 0 | K95: =$C95*K120/100 -> 0 | ... O95: =$C95*O120/100 -> 0 | P95: =SUM(D95:O95) -> 89610.031
A96: =A95-1 -> -94 | B96: BUTU | C96: 0 | D96: =C96 -> 0 | E96: =D96 -> 0 | F96: =E96 -> 0 | G96: =F96 -> 0 | H96: =G96 -> 0 | I96: =H96 -> 0 | J96: =I96 -> 0 | K96: =J96 -> 0 | ... O96: =N96 -> 0 | P96: =SUM(D96:O96) -> 0
A97: =A96-1 -> -95 | B97: Municipal Class
A98: =A97-1 -> -96 | B98: Municipal Bundle Service Subtotal | C98: 0.627 | D98: =$C98*D123/100 -> 32503.755 | E98: =$C98*E123/100 -> 29793.842 | F98: =$C98*F123/100 -> 28239.428 | G98: =$C98*G123/100 -> 25513.696 | H98: =$C98*H123/100 -> 0 | I98: =$C98*I123/100 -> 0 | J98: =$C98*J123/100 -> 0 | K98: =$C98*K123/100 -> 0 | ... O98: =$C98*O123/100 -> 0 | P98: =SUM(D98:O98) -> 116050.72
A99: =A98-1 -> -97 | B99: Municipal Unbundle Service Subtotal* | D99: =SUM(D100:D103) -> 0 | E99: =SUM(E100:E103) -> 0 | F99: =SUM(F100:F103) -> 0 | G99: =SUM(G100:G103) -> 0 | H99: =SUM(H100:H103) -> 0 | I99: =SUM(I100:I103) -> 0 | J99: =SUM(J100:J103) -> 0 | K99: =SUM(K100:K103) -> 0 | ... O99: =SUM(O100:O103) -> 0 | P99: =SUM(D99:O99) -> 0
A100: =A99-1 -> -98 | B100: Antigonish | D100: =$C100 -> 0 | E100: =$C100 -> 0 | F100: =$C100 -> 0 | G100: =$C100 -> 0 | H100: =$C100 -> 0 | I100: =$C100 -> 0 | J100: =$C100 -> 0 | K100: =$C100 -> 0 | ... O100: =$C100 -> 0 | P100: =SUM(D100:O100) -> 0
...
